Workbook
Name datos: #REF!
Name datos: #REF!
Name datos: #REF!
Name datos: #REF!
Name datos: #REF!
Name datos: #REF!
Name datos: #REF!
Name datos: #REF!
Name datos: #REF!
Name datos: #REF!
Name datos: #REF!
Name datos: #REF!
Name datos: #REF!
Name datos: #REF!
Name datos: #REF!
Name datos: #REF!
Name datos: #REF!
Name Imprimir1: #REF!
Name Imprimir1: #REF!
Name Imprimir1: #REF!
Name Imprimir1: #REF!
Name Imprimir1: #REF!
Name Imprimir1: #REF!
Name Imprimir1: #REF!
Name Imprimir1: #REF!
Name Imprimir1: #REF!
Name Imprimir1: #REF!
Name Imprimir1: #REF!
Name Imprimir1: #REF!
Name Imprimir1: #REF!
Name Imprimir1: #REF!
Name Imprimir1: #REF!
Name Imprimir1: #REF!
Name Imprimir1: #REF!
Name Imprimir2: #REF!
Name Imprimir2: #REF!
Name Imprimir2: #REF!
Name Imprimir2: #REF!
Name Imprimir2: #REF!
Name Imprimir2: #REF!
Name Imprimir2: #REF!
Name Imprimir2: #REF!
Name Imprimir2: #REF!
Name Imprimir2: #REF!
Name Imprimir2: #REF!
Name Imprimir2: #REF!
Name Imprimir2: #REF!
Name Imprimir2: #REF!
Name Imprimir2: #REF!
Name Imprimir2: #REF!
Name Imprimir2: #REF!
Name PartsList: '[1]Price List'!$A$2:$A$2849

Sheet tablas y demases
L1: solo efecto cálculo
A2: RESUMEN INVERSIÓN INICIAL FASE 1 Y 2. | J2: =J4+J14+J20+J23+J27+J30+J33+J36+J39+J42+J45+J48 -> 11860336 | K2: =L2 -> 11850000 | L2: =11850000 -> 11850000
J3: SUBTOTALES | K3: SUBTOTALES (c/ factor ajuste)
A4: 1. Comando, Control, Comunicaciones, Computación e Inteligencia | J4: =I5+I8+I13 -> 3554161 | K4: 3550000 | L4: =K4+K14+K20+K23+K27+K30+K33+K36+K39+K42+K45+K48 -> 11850000 | M4: Alternativa única
B5: 1.1 MANDO Y CONTROL | I5: =SUM(H6:H7) -> 1164948 | K5: =1-(K4/J4) -> 0.0011707404 | M5: Adquisición de equipamiento para FF.EE.
C6: 1.1.1. EQUIPAMIENTO PUESTO DE MANDO | H6: =SUM('TABLA GENERAL FASE 1 Y 2'!S5:S15) -> 417551 | K6: =J4-K4 -> 4161 | M6: Año | N6: Valores en USD
C7: 1.1.2. EQUIPAMIENTO SOFTWARE MANDO Y CONTROL | H7: =SUM('TABLA GENERAL FASE 1 Y 2'!S16:S22) -> 747397 | M7: Valor contrato adquisición equipamiento Fuerzas Especiales, financiados por Ley 21.174
B8: 1.2.TELECOMUNICACIONES | I8: =SUM(H9:H12) -> 1538314
C9: 1.2.1. TRANSCEPTOR VHF - UHF | H9: =SUM('TABLA GENERAL FASE 1 Y 2'!S23:S26) -> 877797 | M9: 2021 | N9: 2550000
C10: 1.2.2. VIDEO TÁCTICO | H10: =SUM('TABLA GENERAL FASE 1 Y 2'!S27:S28) -> 63233 | M10: 2022 | N10: 2500000
C11: 1.2.3. TRANSCEPTOR HF | H11: =SUM('TABLA GENERAL FASE 1 Y 2'!S29:S30) -> 409798 | M11: 2023 | N11: 2500000
C12: 1.2.4. SATCOM | H12: =SUM('TABLA GENERAL FASE 1 Y 2'!S31:S33) -> 187486 | M12: 2025 | N12: 4300000
B13: 1.3. INTEGRACIÓN E ILS | I13: =SUM('TABLA GENERAL FASE 1 Y 2'!S34:S38) -> 850899 | M13: Subtotal Ley 21.174 | N13: =SUM(N9:N12) -> 11850000
A14: 2. Equipamiento Militar | J14: =I15+I16+I17 -> 3335223.5 | K14: 3333400 | M14: Mantenimiento de la MOP, financiado por AFL
B15: 2.1. EQUIPAMIENTO INDIVIDUAL FUERZAS ESPECIALES | I15: =SUM('TABLA GENERAL FASE 1 Y 2'!S44:S56) -> 1116128.7 | K15: =1-(K14/J14) -> 0.00054672545 | M15: 2021 | N15: ='CCV TOTAL'!E10 -> 0
B16: 2.2. EQUIPO ESPECIAL FUERZAS ESPECIALES | I16: =SUM('TABLA GENERAL FASE 1 Y 2'!S57:S102) -> 154864.12 | K16: =J14-K14 -> 1823.4515 | M16: 2022 | N16: ='CCV TOTAL'!F10 -> 83186.604
B17: 2.3. EQUIPAMIENTO PARACAIDISMO FUERZAS ESPECIALES | I17: =H18+H19 -> 2064230.6 | M17: 2023 | N17: ='CCV TOTAL'!G10 -> 98014.437
C18: 2.3.1. EQUIPAMIENTO PARAIDISMO LIBRE (H.A.H.O. Y H.A.L.O.) | H18: =SUM('TABLA GENERAL FASE 1 Y 2'!S104:S121) -> 1683929.9 | M18: 2024 | N18: ='CCV TOTAL'!H10 -> 181599.31
C19: 2.3.2. EQUIPAMIENTO PARACAIDISMO BÁSICO MILITAR | H19: =SUM('TABLA GENERAL FASE 1 Y 2'!S122:S131) -> 380300.75 | M19: 2025 | N19: ='CCV TOTAL'!I10 -> 118623.81
A20: 3. Infiltración | J20: =I21+I22 -> 767924.46 | K20: 767000 | M20: 2026 | N20: ='CCV TOTAL'!J10 -> 179622.3
B21: 3.1. EQUIPAMIENTO INDIVIDUAL DE BUCEO | I21: =SUM('TABLA GENERAL FASE 1 Y 2'!S137:S160) -> 647628.46 | K21: =1-(K20/J20) -> 0.0012038444 | M21: 2027 | N21: ='CCV TOTAL'!K10 -> 184460.65
B22: 3.2. EQUIPAMIENTO INSERCIONES ANFIBIA | I22: =SUM('TABLA GENERAL FASE 1 Y 2'!S161:S166) -> 120296 | K22: =J20-K20 -> 924.46154 | M22: 2028 | N22: ='CCV TOTAL'!L10 -> 192338.93
A23: 4. Logística | J23: =I24+I25+I26 -> 2584917.5 | K23: 2584000 | M23: 2029 | N23: ='CCV TOTAL'!M10 -> 184982.04
B24: 4.1. EQUIPAMIENTO TRANSNPORTE TÁCTICO FUERZAS ESPECIALES | I24: =SUM('TABLA GENERAL FASE 1 Y 2'!S172:S179) -> 869189.24 | K24: =1-(K23/J23) -> 0.0003549591 | M24: 2030 | N24: ='CCV TOTAL'!N10 -> 190078.12
B25: 4.2. EQUIPAMIENTO SOPORTE LOGÍSTICO FUERZAS ESPECIALES | I25: =SUM('TABLA GENERAL FASE 1 Y 2'!S180:S191) -> 1482533 | K25: =J23-K23 -> 917.54 | M25: 2031 | N25: ='CCV TOTAL'!O10 -> 195785.23
B26: 4.3. EQUIPAMIENTO SANIDAD FUERZAS ESPECIALES | I26: =SUM('TABLA GENERAL FASE 1 Y 2'!S192:S197) -> 233195.3 | M26: 2032 | N26: ='CCV TOTAL'!P10 -> 183032.69
A27: 5. Obtención de información | J27: =SUM('TABLA GENERAL FASE 1 Y 2'!S202:S211) -> 524362 | K27: 524000 | M27: 2033 | N27: ='CCV TOTAL'!Q10 -> 183979.02
K28: =1-(K27/J27) -> 0.00069036276
K29: =J27-K27 -> 362
A30: 6. Determinación de efectos | J30: =SUM('TABLA GENERAL FASE 1 Y 2'!S216) -> 5000 | K30: 5000 | M30: 2034 | N30: ='CCV TOTAL'!R10 -> 161924.41
K31: =1-(K30/J30) -> 0
K32: =J30-K30 -> 0
A33: 7. Ataque de precisión | J33: =SUM('TABLA GENERAL FASE 1 Y 2'!S221:S231) -> 111245.56 | K33: 111000 | M33: 2035 | N33: ='CCV TOTAL'!S10 -> 197162.49
K34: =1-(K33/J33) -> 0.002207369
K35: =J33-K33 -> 245.56
A36: 8. Operaciones de buceo | J36: =SUM('TABLA GENERAL FASE 1 Y 2'!S237:S239) -> 263522 | K36: 263000 | M36: 2036 | N36: ='CCV TOTAL'!T10 -> 200991.9
K37: =1-(K36/J36) -> 0.0019808593
K38: =J36-K36 -> 522
A39: 9. Operaciones de rebúsqueda | J39: =SUM('TABLA GENERAL FASE 1 Y 2'!S244) -> 172012 | K39: 171000 | M39: 2037 | N39: ='CCV TOTAL'!U10 -> 190572.66
K40: =1-(K39/J39) -> 0.0058833105
K41: =J39-K39 -> 1012
A42: 10. Apoyo de bombardeo y FAN | J42: =SUM('TABLA GENERAL FASE 1 Y 2'!S249) -> 90850 | K42: 90600 | M42: 2038 | N42: ='CCV TOTAL'!V10 -> 192793.87
K43: =1-(K42/J42) -> 0.0027517887
K44: =J42-K42 -> 250
A45: 11. Visita y abordaje de buques | J45: =I46 -> 389449.84 | K45: 389400 | M45: 2039 | N45: ='CCV TOTAL'!W10 -> 169603.08
B46: 11.1. EQUIPAMIENTO INFILTRACIÓN SUBMARINA | I46: =SUM('TABLA GENERAL FASE 1 Y 2'!S254:S257) -> 389449.84 | K46: =1-(K45/J45) -> 0.0001279754 | M46: 2040 | N46: ='CCV TOTAL'!X10 -> 148731.54
K47: =J45-K45 -> 49.84
A48: 12. Apoyo operaciones de contraminado | J48: =SUM('TABLA GENERAL FASE 1 Y 2'!S262:S266) -> 61668 | K48: 61600 | M48: 2041 | N48: ='CCV TOTAL'!Y10 -> 57592.245
J49: TOTAL | K49: =1-(K48/J48) -> 0.0011026789 | L49: =L4 -> 11850000 | M49: 2042 | N49: ='CCV TOTAL'!Z10 -> 22462.996
K50: =J48-K48 -> 68 | M50: 2043 | N50: ='CCV TOTAL'!AA10 -> 27709.196
M51: 2044 | N51: ='CCV TOTAL'!AB10 -> 18230.596
H52: Correción de Ajuste Promedio (-) | K52: =(SUM(K49+K46+K43+K40+K37+K34+K31+K28+K24+K21+K15+K5))/12 -> 0.0015017178 | M52: 2045 | N52: ='CCV TOTAL'!AC10 -> 28185.196
H53: Valor de ajuste Promedio (por sistema) | K53: =(SUM(K50+K47+K44+K41+K38+K35+K32+K29+K25+K22+K16+K6))/12 -> 861.32109 | M53: 2046 | N53: ='CCV TOTAL'!AD10 -> 1405.5
M54: Total AFL Mantenimiento | N54: =SUM(N15:N53) -> 3393068.8
M55: Total Fase Adquisición + mantenimiento | N55: =N13+N54 -> 15243069
K57: MANTENIMIENTO/ COSTO ADQUISICIÓN (EN 20 AÑOS CCV) | N57: =((N54/20)/J2) -> 0.01430427
H59: =1185000/N57 -> 82842398 | L59: Total Fase Adquisición + mantenimiento | N59: =N55 -> 15243069
M65: Alternativa única
M66: Adquisición de equipamiento para FF.EE.
M67: Año | N67: Valores en USD
M68: Valor contrato adquisición equipamiento Fuerzas Especiales, financiados por Ley 21.174
M70: 2021 | N70: 2550000
M71: 2022 | N71: 2500000
M72: 2023 | N72: 2500000
M73: 2025 | N73: 4300000
M74: Subtotal Ley 21.174 | N74: =SUM(N70:N73) -> 11850000
M75: Mantenimiento de la MOP, financiado por AFL ST 22
M76: Año | N76: Valores en USD
M77: 2021 | N77: =N15 -> 0
M78: 2022 | N78: =N16 -> 83186.604
M79: 2023 | N79: =N17 -> 98014.437
M80: 2024 | N80: =N18 -> 181599.31
M81: 2025 | N81: =N19 -> 118623.81
M82: 2026 | N82: =N20 -> 179622.3
M83: 2027 | N83: =N21 -> 184460.65
M84: 2028 | N84: =N22 -> 192338.93
M85: 2029 | N85: =N23 -> 184982.04
M86: 2030 | N86: =N24 -> 190078.12
M87: 2031 | N87: =N25 -> 195785.23
M88: 2032 | N88: =N26 -> 183032.69
M89: 2033 | N89: =N27 -> 183979.02
M90: 2034 | N90: =N30 -> 161924.41
M91: 2035 | N91: =N33 -> 197162.49
M92: 2036 | N92: =N36 -> 200991.9
M93: 2037 | N93: =N39 -> 190572.66
M94: 2038 | N94: =N42 -> 192793.87
M95: 2039 | N95: =N45 -> 169603.08
M96: 2040 | N96: =N46 -> 148731.54
M97: 2041 | N97: =N48 -> 57592.245
M98: 2042 | N98: =N49 -> 22462.996
M99: 2043 | N99: =N50 -> 27709.196
M100: 2044 | N100: =N51 -> 18230.596
M101: 2045 | N101: =N52 -> 28185.196
M102: 2046 | N102: =N53 -> 1405.5
M103: Total AFL Mantenimiento | N103: =SUM(N77:N102) -> 3393068.8
M104: Total Fase Adquisición + mantenimiento | N104: =N74+N103 -> 15243069

Sheet Supuestos
A1: Supuestos y documentación de la estimación
A2: Categoría de costo | D2: Supuesto
A3: Inversión inicial
A4: 2.2.- Adquisición | D4: Considera la adquisición de los equipos pertenecientes a los sistemas del Comando de Fuerzas Especiales.
A5: 2.5.- Otras Inversiones | D5: Considera sólo costos de integración del sistema Comando, Control, Comunicacones y Computación (C4I)
A7: Operación y apoyo
A8: 3.1.- Costo de Personal que Opera la MOP | D8: No se consideran estos costos, ya que el Comando de Fuerzas Especiales, mantendrá su dotación y capacidades de personal sin variaciones posterior a la ejecución del proyecto.
A9: 3.2.- Costos de Operación de la MOP | D9: No habrá variaciones incrementales en los presupuestos operacionales del Comfues, ya que los equipos que llegarían no requieren consumos, e insumos específicos extraordinarios. Sólo en el caso del Subsistema C4I, que habrán gastos específicos de banda ancha satelital. seguros infraestructura TI y licencias y antivirus.
A10: 3.3.- Costos de Mantenimiento | D10: 3.3.1.- Mantenimiento Programado: Se utilizó DATA de las Direcciones Técnicas asociadas a cada equipo, además de la estadística existente en el Comfues relacionada con los grados de actividad anualizados.
A11: 3.4.- Costos de Apoyo Directo | D11: No se consideraron costos de apoyo directo.
A13: Retirada y eliminación
A14: 4.3.- Retiro y Eliminación de Materiales Peligrosos | D14: No se consideraron estos costos en la evaluación económica.

Sheet TABLA GENERAL
A2: CAPACIDAD | B2: EQUIPAMIENTO | C2: BRECHA cantidad | D2: VALOR UNITARIO | E2: VALOR TOTAL (USD) | G2: EN AMARILLO LOS VALORES RFI
A3: Comando, Control C4I | B3: Carpa inflable 42 mt2 (7X5,6mts), faja unión, puerta exclusa, liner interior. | C3: 2 | D3: 35321 | E3: =D3*C3 -> 70642
B4: Redes mimetismo carpa. | C4: 2 | D4: 17579 | E4: =D4*C4 -> 35158
B5: Trailer para carpa y accesorios 3,5 ton. | C5: 2 | D5: 24779 | E5: =D5*C5 -> 49558
B6: Mobiliario para carpas, sillas, piso. | C6: 2 | D6: 22458 | E6: =D6*C6 -> 44916
B7: Sist. Eléctrico, banco baterías, generador 8,5 kva, Iluminación exterior, inst. eléctrica. | C7: 2 | D7: 63048 | E7: =D7*C7 -> 126096
B8: Climatización generador eléctrico 22 kva Trifásico, trayler 1,5 ton. | C8: 2 | D8: 81814 | E8: =D8*C8 -> 163628
B9: Teléfonos IP. | C9: 16 | D9: 141 | E9: =D9*C9 -> 2256
B10: Laptop rugerizado puesto mando. | C10: 16 | D10: 6243 | E10: =D10*C10 -> 99888
B11: Laptop rugerizado unidades pedestres. | C11: 10 | D11: 6877 | E11: =D11*C11 -> 68770
B12: Laptop semi-rugerizado. | C12: 10 | D12: 4929 | E12: =D12*C12 -> 49290
B13: Proyector. | C13: 3 | D13: 3450 | E13: =D13*C13 -> 10350
B14: Impresora. | C14: 2 | D14: 821 | E14: =D14*C14 -> 1642
B15: Televisión 60" con atril. | C15: 3 | D15: 1314 | E15: =D15*C15 -> 3942
... B48: Integración C4I. | C48: 1 | D48: 670956 | E48: =D48*C48 -> 670956
B49: TOTAL C4I | E49: =SUM(E3:E48) -> 8040336
A53: CAPACIDAD | B53: EQUIPAMIENTO | C53: BRECHA cantidad | D53: VALOR UNITARIO | E53: VALOR TOTAL (USD)
A54: Equipamiento Militar | B54: Fusil de asalto calibre 5,56 mm. | C54: 65 | D54: 3150 | E54: =D54*C54 -> 204750
B55: Cargadores de 30 tiros cal 5,56 mm (8 por cada armamento). | C55: 1100 | D55: 36.96 | E55: =D55*C55 -> 40656
B56: Supresor de ruido de fusil de asalto calibre 5,56 (solo para 6 unidades). | C56: 42 | D56: 739 | E56: =D56*C56 -> 31038
B57: Designador IR. | C57: 84 | D57: 2300 | E57: =D57*C57 -> 193200
B58: Mira holográfica híbrida (inc. Mira óptica). | C58: 125 | D58: 1690 | E58: =D58*C58 -> 211250
B59: Visor nocturno binocular. | C59: 140 | D59: 13300 | E59: =D59*C59 -> 1862000
B60: Tenida anti IR Fibro Tex (4 por unidad de FF.EE.). | C60: 42 | D60: 314 | E60: =D60*C60 -> 13188
B61: Brújula militar tipo M1 (4 por Unidad). | C61: 70 | D61: 139.67 | E61: =D61*C61 -> 9776.9
B62: Carpa bipersonal (6 por Unidad de FF.EE. mas PPMM y PALE). | C62: 165 | D62: 315 | E62: =D62*C62 -> 51975
B63: GPS (cuatro por Unidad más 2 x PPMM y 2 x PALE). | C63: 6 | D63: 250 | E63: =D63*C63 -> 1500
B64: Lanza Granadas 40 mm (4 por Unidad de FF.EE.). | C64: 21 | D64: 1495 | E64: =D64*C64 -> 31395
B65: Mortero de 60 mm tipo comando. (1 por Unidad de FF.EE.). | C65: 4 | D65: 18118 | E65: =D65*C65 -> 72472
B66: Porta fajas de 100 tiros cal 5,56. | C66: 4 | D66: 34 | E66: =D66*C66 -> 136
... B78: Balaclava. | C78: 56 | D78: 27.57 | E78: =D78*C78 -> 1543.92
B79: Cuerdas estáticas (50 mts). | C79: 12 | D79: =99647/650 -> 153.30308 | E79: =D79*C79 -> 1839.6369
B80: Cuerdas dinámicas (50 mts). | C80: 8 | D80: =99647/650 -> 153.30308 | E80: =D80*C80 -> 1226.4246
B81: Camilla de rescate de altura. | C81: 4 | D81: 3218 | E81: =D81*C81 -> 12872
B82: Pala para nieve. | C82: 56 | D82: 64.36 | E82: =D82*C82 -> 3604.16
B83: Mosquetones con seguro. | C83: 56 | D83: 21.77 | E83: =D83*C83 -> 1219.12
B84: Mosquetón sin seguro. | C84: 56 | D84: 13.49 | E84: =D84*C84 -> 755.44
B85: Cordín (50 mts). | C85: 320 | D85: =99647/650 -> 153.30308 | E85: =D85*C85 -> 49056.985
B86: Pantalón de abrigo 1ra. Capa. | C86: 56 | D86: 12.99 | E86: =D86*C86 -> 727.44
B87: Camisa manga larga 1ra. Capa. | C87: 56 | D87: 10.47 | E87: =D87*C87 -> 586.32
B88: Chaqueta intermedia 2da. Capa. | C88: 56 | D88: 15.6 | E88: =D88*C88 -> 873.6
B89: Arnés simple. | C89: 28 | D89: 89.6 | E89: =D89*C89 -> 2508.8
B90: Arnés de rescate. | C90: 12 | D90: 353 | E90: =D90*C90 -> 4236
B91: Casco de escalada. | C91: 28 | D91: 126.72 | E91: =D91*C91 -> 3548.16
B92: Botas de doble finalidad. | C92: 28 | D92: 288 | E92: =D92*C92 -> 8064
B93: Placas PIU. | C93: 28 | D93: 14 | E93: =D93*C93 -> 392
B94: Descensor en 8. | C94: 28 | D94: 23.93 | E94: =D94*C94 -> 670.04
B95: Ascendedor. | C95: 28 | D95: 72.76 | E95: =D95*C95 -> 2037.28
B96: Descendedor simple. | C96: 28 | D96: 71.32 | E96: =D96*C96 -> 1996.96
B97: Conjunto Pro Nuts. | C97: 20 | D97: 162 | E97: =D97*C97 -> 3240
... B108: Tornillos para hielo. | C108: 28 | D108: 48.74 | E108: =D108*C108 -> 1364.72
B109: TOTAL EQUIPAMIENTO MILITAR (A) | E109: =SUM(E54:E108) -> 4621734.9
A110: CAPACIDAD | B110: EQUIPAMIENTO | C110: BRECHA cantidad | D110: VALOR UNITARIO | E110: VALOR TOTAL (USD)
A111: Equipamiento Militar | B111: Piolet de hielo. | C111: 28 | D111: 243.21 | E111: =D111*C111 -> 6809.88
B112: Crampones para hielo. | C112: 28 | D112: 183.74 | E112: =D112*C112 -> 5144.72
B113: Cocinillas. | C113: 28 | D113: 144.34 | E113: =D113*C113 -> 4041.52
B114: Camilla de rescate personal (dos por Unidad). | C114: 4 | D114: 3218 | E114: =D114*C114 -> 12872
B115: Dispositivo de búsqueda. | C115: 28 | D115: 608.75 | E115: =D115*C115 -> 17045
B116: Ski para travesía. | C116: 28 | D116: 954.84 | E116: =D116*C116 -> 26735.52
B117: Fijación para ski de travesía. | C117: 28 | D117: 789.12 | E117: =D117*C117 -> 22095.36
B118: Bastón para ski. | C118: 28 | D118: 77.3 | E118: =D118*C118 -> 2164.4
B119: Pieles de randonee. | C119: 28 | D119: 192.94 | E119: =D119*C119 -> 5402.32
B120: Buzo térmico. | C120: 28 | D120: 550 | E120: =D120*C120 -> 15400
B121: Consola de oxígeno colectivo para 8 pd. | C121: 4 | D121: 15700 | E121: =D121*C121 -> 62800
B122: Sistema de carga botellas oxígeno personales. | C122: 4 | D122: 45800 | E122: =D122*C122 -> 183200
B123: Sistema de oxígeno personal. | C123: 28 | D123: 4090 | E123: =D123*C123 -> 114520
... B126: Paracaídas principal TW9 (capacidad 225 kg.). | C126: 84 | D126: 20800 | E126: =D126*C126 -> 1747200
B127: Paracaídas de reserva TW9-R (capacidad 225 Kg.). | C127: 84
B128: Bolsa de transporte y almacenamiento de paracaídas. | C128: 88
B129: Corta líneas. | C129: 91 | D129: 30 | E129: =D129*C129 -> 2730
B130: Altímetro. | C130: 98 | D130: 2150 | E130: =D130*C130 -> 210700
B131: Gafas de salto. | C131: 96 | D131: 70.21 | E131: =D131*C131 -> 6740.16
B132: Arnés de carga SG7-100. | C132: 84 | D132: 3700 | E132: =D132*C132 -> 310800
B133: Funda protectora de armamento (Tipo M-1950). | C133: 126 | D133: 568 | E133: =D133*C133 -> 71568
B134: Cascos de protección para salto de paracaidismo. | C134: 81 | D134: 103 | E134: =D134*C134 -> 8343
B135: Conjunto de marcación nocturna (linternas led). | C135: 9 | D135: 200 | E135: =D135*C135 -> 1800
B136: Estación meteorológica de bolsillo. | C136: 9 | D136: 485 | E136: =D136*C136 -> 4365
B137: Aperturas automáticas Cypres 2 militar. | C137: 83 | D137: 3800 | E137: =D137*C137 -> 315400
B138: Bolso empacador c/accesorios (large rigger kit). | C138: 7 | D138: 1246 | E138: =D138*C138 -> 8722
B139: Strober IR paracaidismo. | C139: 126 | D139: 65 | E139: =D139*C139 -> 8190
B140: Conjunto de marcación diurna. | C140: 9 | D140: 46 | E140: =D140*C140 -> 414
B141: Paracaídas principal (capacidad 400 lbs.). | C141: 68 | D141: =(7098+267)*1.15 -> 8469.75 | E141: =D141*C141 -> 575943
B142: Paracaídas de rescate con cuchillo. | C142: 5 | D142: 2770 | E142: =D142*C142 -> 13850
B143: Arnés de carga "H". | C143: 18 | D143: 295 | E143: =D143*C143 -> 5310
B144: Paracaídas de carga G13 (500 Lbs). | C144: 10 | D144: 3800 | E144: =D144*C144 -> 38000
B145: Envase A-21. | C145: 13 | D145: 1100 | E145: =D145*C145 -> 14300
B146: Envase A-22. | C146: 13 | D146: 1600 | E146: =D146*C146 -> 20800
B147: Correas tipo 13. | C147: 50 | D147: 3 | E147: =D147*C147 -> 150
B148: Sistema liberación cúpula Atlas. | C148: 4 | D148: 2450 | E148: =D148*C148 -> 9800
B149: Sistema reabastecimiento automático a gran altura. | C149: 4 | D149: 3250 | E149: =D149*C149 -> 13000
B150: Máquina de coser doble arrastre. | C150: 1 | D150: 1923.07 | E150: =D150*C150 -> 1923.07
B151: Maquina industrial de costura pesada. | C151: 1 | D151: 8000 | E151: =D151*C151 -> 8000
B152: Mesas de empaque de 15 metros. | C152: 1 | D152: 1000 | E152: =D152*C152 -> 1000
B153: TOTAL EQUIPAMIENTO MILITAR (B) | E153: =SUM(E111:E152) -> 4020278.9
B154: TOTAL EQUIPAMIENTO MILITAR (A+B) | E154: =+E153+E109 -> 8642013.8
A158: CAPACIDAD | B158: EQUIPAMIENTO | C158: BRECHA cantidad | D158: VALOR UNITARIO | E158: VALOR TOTAL (USD)
A159: Infiltración | B159: Traje de buceo 4/3 mm. | C159: 118 | D159: 260 | E159: =D159*C159 -> 30680
A160: Infiltración | B160: Máscara de buceo. | C160: 92 | D160: 84 | E160: =D160*C160 -> 7728
A161: Infiltración | B161: Par de guantes de buceo. | C161: 111 | D161: 29 | E161: =D161*C161 -> 3219
A162: Infiltración | B162: Cinturón de buceo. | C162: 120 | D162: 32 | E162: =D162*C162 -> 3840
...

Sheet TABLA GENERAL FASE 1 Y 2
B1: Comando, Control C4I
J2: FASE 1 | P2: FASE 2
J3: FASE 1 | P3: FASE 2 | R3: FASE 1 Y 2
A4: CAPACIDAD | F4: EQUIPAMIENTO | G4: BRECHA cantidad | H4: VALOR UNITARIO | I4: VALOR TOTAL (USD) | J4: 2021 | K4: VALOR TOTAL | L4: 2022 | M4: VALOR TOTAL | N4: 2023 | O4: VALOR TOTAL | P4: 2025 | Q4: VALOR TOTAL | R4: CANTIDADES TOTALES FASE 1 Y 2 | S4: VALORES TOTALES FASE 1 Y 2
A5: Comando, Control C4I | B5: 1. SISTEMA COMANDO, CONTROL, COMUNICACIONES Y COMPUTACIÓN (C4I) | C5: 1.1. MANDO Y CONTROL | D5: 1.1.1. EQUIPAMIENTO PUESTO DE MANDO | E5: 1.1.1.1. | F5: Carpa inflable 42 mt2 (7X5,6mts), faja unión, puerta exclusa, liner interior. | G5: 2 | H5: ='TABLA GENERAL'!D3 -> 35321 | I5: 70642 | J5: 0 | K5: =J5*H5 -> 0 | L5: 1 | M5: =L5*H5 -> 35321 | N5: 0 | O5: =N5*H5 -> 0 | P5: 0 | Q5: =P5*H5 -> 0 | R5: =P5+N5+L5+J5 -> 1 | S5: =Q5+O5+M5+K5 -> 35321
E6: 1.1.1.2. | F6: Redes mimetismo carpa. | G6: 2 | H6: ='TABLA GENERAL'!D4 -> 17579 | I6: 35158 | J6: 0 | K6: =J6*H6 -> 0 | L6: 1 | M6: =L6*H6 -> 17579 | N6: 0 | O6: =N6*H6 -> 0 | P6: 0 | Q6: =P6*H6 -> 0 | R6: =P6+N6+L6+J6 -> 1 | S6: =Q6+O6+M6+K6 -> 17579
E7: 1.1.1.3. | F7: Trailer para carpa y accesorios 3,5 ton. | G7: 2 | H7: ='TABLA GENERAL'!D5 -> 24779 | I7: 49558 | J7: 0 | K7: =J7*H7 -> 0 | L7: 1 | M7: =L7*H7 -> 24779 | N7: 0 | O7: =N7*H7 -> 0 | P7: 0 | Q7: =P7*H7 -> 0 | R7: =P7+N7+L7+J7 -> 1 | S7: =Q7+O7+M7+K7 -> 24779
E8: 1.1.1.4. | F8: Mobiliario para carpas, sillas, piso. | G8: 2 | H8: ='TABLA GENERAL'!D6 -> 22458 | I8: 44916 | J8: 0 | K8: =J8*H8 -> 0 | L8: 1 | M8: =L8*H8 -> 22458 | N8: 0 | O8: =N8*H8 -> 0 | P8: 0 | Q8: =P8*H8 -> 0 | R8: =P8+N8+L8+J8 -> 1 | S8: =Q8+O8+M8+K8 -> 22458
E9: 1.1.1.5. | F9: Sist. Eléctrico, banco baterías, generador 8,5 kva, Iluminación exterior, inst. eléctrica. | G9: 2 | H9: ='TABLA GENERAL'!D7 -> 63048 | I9: 126096 | J9: 0 | K9: =J9*H9 -> 0 | L9: 1 | M9: =L9*H9 -> 63048 | N9: 0 | O9: =N9*H9 -> 0 | P9: 0 | Q9: =P9*H9 -> 0 | R9: =P9+N9+L9+J9 -> 1 | S9: =Q9+O9+M9+K9 -> 63048
E10: 1.1.1.6. | F10: Climatización generador eléctrico 22 kva Trifásico, trayler 1,5 ton. | G10: 2 | H10: ='TABLA GENERAL'!D8 -> 81814 | I10: 163628 | J10: 0 | K10: =J10*H10 -> 0 | L10: 1 | M10: =L10*H10 -> 81814 | N10: 0 | O10: =N10*H10 -> 0 | P10: 0 | Q10: =P10*H10 -> 0 | R10: =P10+N10+L10+J10 -> 1 | S10: =Q10+O10+M10+K10 -> 81814
E11: 1.1.1.7. | F11: Teléfonos IP. | G11: 16 | H11: ='TABLA GENERAL'!D9 -> 141 | I11: 2256 | J11: 10 | K11: =J11*H11 -> 1410 | L11: 0 | M11: =L11*H11 -> 0 | N11: 0 | O11: =N11*H11 -> 0 | P11: 0 | Q11: =P11*H11 -> 0 | R11: =P11+N11+L11+J11 -> 10 | S11: =Q11+O11+M11+K11 -> 1410
E12: 1.1.1.8. | F12: Laptop rugerizado puesto mando. | G12: 16 | H12: ='TABLA GENERAL'!D10 -> 6243 | I12: 99888 | J12: 10 | K12: =J12*H12 -> 62430 | L12: 2 | M12: =L12*H12 -> 12486 | N12: 0 | O12: =N12*H12 -> 0 | P12: 0 | Q12: =P12*H12 -> 0 | R12: =P12+N12+L12+J12 -> 12 | S12: =Q12+O12+M12+K12 -> 74916
E13: 1.1.1.9. | F13: Laptop rugerizado unidades pedestres. | G13: 10 | H13: ='TABLA GENERAL'!D11 -> 6877 | I13: 68770 | J13: 10 | K13: =J13*H13 -> 68770 | L13: 0 | M13: =L13*H13 -> 0 | N13: 0 | O13: =N13*H13 -> 0 | P13: 0 | Q13: =P13*H13 -> 0 | R13: =P13+N13+L13+J13 -> 10 | S13: =Q13+O13+M13+K13 -> 68770
E14: 1.1.1.10. | F14: Sistema VCO. | G14: 2 | H14: ='TABLA GENERAL'!D16 -> 27035 | I14: 54070 | J14: 1 | K14: =J14*H14 -> 27035 | L14: 0 | M14: =L14*H14 -> 0 | N14: 0 | O14: =N14*H14 -> 0 | P14: 0 | Q14: =P14*H14 -> 0 | R14: =P14+N14+L14+J14 -> 1 | S14: =Q14+O14+M14+K14 -> 27035
E15: 1.1.1.11. | F15: Carrete eléctricos 25 mts. | G15: 4 | H15: ='TABLA GENERAL'!D17 -> 421 | I15: 1684 | J15: 1 | K15: =J15*H15 -> 421 | L15: 0 | M15: =L15*H15 -> 0 | N15: 0 | O15: =N15*H15 -> 0 | P15: 0 | Q15: =P15*H15 -> 0 | R15: =P15+N15+L15+J15 -> 1 | S15: =Q15+O15+M15+K15 -> 421
D16: 1.1.2. EQUIPAMIENTO SOFTWARE MANDO Y CONTROL | E16: 1.1.2.1, | F16: M&c nivel operacional (nivel pm). | G16: 2 | H16: ='TABLA GENERAL'!D19 -> 27984 | I16: 55968 | J16: 0 | K16: =J16*H16 -> 0 | L16: 1 | M16: =L16*H16 -> 27984 | N16: 0 | O16: =N16*H16 -> 0 | P16: 0 | Q16: =P16*H16 -> 0 | R16: =P16+N16+L16+J16 -> 1 | S16: =Q16+O16+M16+K16 -> 27984
E17: 1.1.2.2. | F17: M&c nivel táctico (unidades tácticas). | G17: 14 | H17: ='TABLA GENERAL'!D20 -> 1655 | I17: 23170 | J17: 14 | K17: =J17*H17 -> 23170 | L17: 0 | M17: =L17*H17 -> 0 | N17: 0 | O17: =N17*H17 -> 0 | P17: 0 | Q17: =P17*H17 -> 0 | R17: =P17+N17+L17+J17 -> 14 | S17: =Q17+O17+M17+K17 -> 23170
E18: 1.1.2.3. | F18: Caja de integración transportable rugged. | G18: 2 | H18: ='TABLA GENERAL'!D21 -> 11477 | I18: 22954 | J18: 1 | K18: =J18*H18 -> 11477 | L18: 0 | M18: =L18*H18 -> 0 | N18: 0 | O18: =N18*H18 -> 0 | P18: 0 | Q18: =P18*H18 -> 0 | R18: =P18+N18+L18+J18 -> 1 | S18: =Q18+O18+M18+K18 -> 11477
E19: 1.1.2.4. | F19: Software de cálculo de propagación. | G19: 1 | H19: ='TABLA GENERAL'!D22 -> 44356 | I19: 44356 | J19: 0 | K19: =J19*H19 -> 0 | L19: 1 | M19: =L19*H19 -> 44356 | N19: 0 | O19: =N19*H19 -> 0 | P19: 0 | Q19: =P19*H19 -> 0 | R19: =P19+N19+L19+J19 -> 1 | S19: =Q19+O19+M19+K19 -> 44356
E20: 1.1.2.5, | F20: Antivirus. | G20: 36 | H20: ='TABLA GENERAL'!D23 -> 107 | I20: 3852 | J20: 10 | K20: =J20*H20 -> 1070 | L20: 2 | M20: =L20*H20 -> 214 | N20: 0 | O20: =N20*H20 -> 0 | P20: 0 | Q20: =P20*H20 -> 0 | R20: =P20+N20+L20+J20 -> 12 | S20: =Q20+O20+M20+K20 -> 1284
E21: 1.1.2.6. | F21: Software chateo táctico (tacchat). | G21: 13 | H21: ='TABLA GENERAL'!D24 -> 1484 | I21: 19292 | J21: 10 | K21: =J21*H21 -> 14840 | L21: 0 | M21: =L21*H21 -> 0 | N21: 0 | O21: =N21*H21 -> 0 | P21: 0 | Q21: =P21*H21 -> 0 | R21: =P21+N21+L21+J21 -> 10 | S21: =Q21+O21+M21+K21 -> 14840
E22: 1.1.2.6. | F22: Tráiler - cargo con generador. | G22: 2 | H22: ='TABLA GENERAL'!D25 -> 312143 | I22: 624286 | J22: 1 | K22: =J22*H22 -> 312143 | L22: 1 | M22: =L22*H22 -> 312143 | N22: 0 | O22: =N22*H22 -> 0 | P22: 0 | Q22: =P22*H22 -> 0 | R22: =P22+N22+L22+J22 -> 2 | S22: =Q22+O22+M22+K22 -> 624286
C23: 1.2. TELECOMUNICACIONES | D23: 1.2.1. TRANSCEPTOR VHF - UHF | E23: 1.2.1.1. | F23: Trans. VHF-UHF Vehicular 50 w desmontable a portátil, caja rugged. | G23: 1 | H23: ='TABLA GENERAL'!D27 -> 68138 | I23: 68138 | J23: 1 | K23: =J23*H23 -> 68138 | L23: 0 | M23: =L23*H23 -> 0 | N23: 0 | O23: =N23*H23 -> 0 | P23: 0 | Q23: =P23*H23 -> 0 | R23: =P23+N23+L23+J23 -> 1 | S23: =Q23+O23+M23+K23 -> 68138
E24: 1.2.1.2. | F24: Trans. VHF-UHF Vehicular 50 w desmontable a portátil. | G24: 11 | H24: ='TABLA GENERAL'!D28 -> 47779 | I24: 525569 | J24: 2 | K24: =J24*H24 -> 95558 | L24: 7 | M24: =L24*H24 -> 334453 | N24: 0 | O24: =N24*H24 -> 0 | P24: 0 | Q24: =P24*H24 -> 0 | R24: =P24+N24+L24+J24 -> 9 | S24: =Q24+O24+M24+K24 -> 430011
E25: 1.2.1.3. | F25: Trans. VHF-UHF Vehicular 50 w. | G25: 4 | H25: ='TABLA GENERAL'!D29 -> 40845 | I25: 163380 | J25: 0 | K25: =J25*H25 -> 0 | L25: 4 | M25: =L25*H25 -> 163380 | N25: 0 | O25: =N25*H25 -> 0 | P25: 0 | Q25: =P25*H25 -> 0 | R25: =P25+N25+L25+J25 -> 4 | S25: =Q25+O25+M25+K25 -> 163380
E26: 1.2.1.4. | F26: Trans. VHF-UHF Portatil hand held 10 w con capacidad de video. | G26: 152 | H26: ='TABLA GENERAL'!D30 -> 16636 | I26: 2528672 | J26: 13 | K26: =J26*H26 -> 216268 | L26: 0 | M26: =L26*H26 -> 0 | N26: 0 | O26: =N26*H26 -> 0 | P26: 0 | Q26: =P26*H26 -> 0 | R26: =P26+N26+L26+J26 -> 13 | S26: =Q26+O26+M26+K26 -> 216268
D27: 1.2.2. VIDEO TÁCTICO | E27: 1.2.2.1. | F27: Procesador de video táctico con batería x2. | G27: 10 | H27: ='TABLA GENERAL'!D32 -> 5231 | I27: 52310 | J27: 10 | K27: =J27*H27 -> 52310 | L27: 0 | M27: =L27*H27 -> 0 | N27: 0 | O27: =N27*H27 -> 0 | P27: 0 | Q27: =P27*H27 -> 0 | R27: =P27+N27+L27+J27 -> 10 | S27: =Q27+O27+M27+K27 -> 52310
E28: 1.2.2.2. | F28: Software de video táctico. | G28: 13 | H28: ='TABLA GENERAL'!D33 -> 3641 | I28: 47333 | J28: 3 | K28: =J28*H28 -> 10923 | L28: 0 | M28: =L28*H28 -> 0 | N28: 0 | O28: =N28*H28 -> 0 | P28: 0 | Q28: =P28*H28 -> 0 | R28: =P28+N28+L28+J28 -> 3 | S28: =Q28+O28+M28+K28 -> 10923
D29: 1.2.3. TRANSCEPTOR HF | E29: 1.2.3.1. | F29: HF vehicular 150w. | G29: 2 | H29: 123893 | I29: 247786 | J29: 1 | K29: =J29*H29 -> 123893 | L29: 0 | M29: =L29*H29 -> 0 | N29: 0 | O29: =N29*H29 -> 0 | P29: 0 | Q29: =P29*H29 -> 0 | R29: =P29+N29+L29+J29 -> 1 | S29: =Q29+O29+M29+K29 -> 123893
E30: 1.2.3.2. | F30: Hf manpack. | G30: 10 | H30: ='TABLA GENERAL'!D36 -> 57181 | I30: 571810 | J30: 5 | K30: =J30*H30 -> 285905 | L30: 0 | M30: =L30*H30 -> 0 | N30: 0 | O30: =N30*H30 -> 0 | P30: 0 | Q30: =P30*H30 -> 0 | R30: =P30+N30+L30+J30 -> 5 | S30: =Q30+O30+M30+K30 -> 285905
D31: 1.2.4. SATCOM | E31: 1.2.4.1 | F31: Terminal transportable ku/x. | G31: 2 | H31: ='TABLA GENERAL'!D39 -> 29368 | I31: 58736 | J31: 1 | K31: =J31*H31 -> 29368 | L31: 0 | M31: =L31*H31 -> 0 | N31: 0 | O31: =N31*H31 -> 0 | P31: 0 | Q31: =P31*H31 -> 0 | R31: =P31+N31+L31+J31 -> 1 | S31: =Q31+O31+M31+K31 -> 29368
E32: 1.2.4.2 | F32: Terminal portátil ku/x. | G32: 1 | H32: ='TABLA GENERAL'!D40 -> 26082 | I32: 26082 | J32: 1 | K32: =J32*H32 -> 26082 | L32: 0 | M32: =L32*H32 -> 0 | N32: 0 | O32: =N32*H32 -> 0 | P32: 0 | Q32: =P32*H32 -> 0 | R32: =P32+N32+L32+J32 -> 1 | S32: =Q32+O32+M32+K32 -> 26082
E33: 1.2.4.3. | F33: Terminal portátil militar data fonÍa. | G33: 10 | H33: ='TABLA GENERAL'!D41 -> 44012 | I33: 440120 | J33: 1 | K33: =J33*H33 -> 44012 | L33: 2 | M33: =L33*H33 -> 88024 | N33: 0 | O33: =N33*H33 -> 0 | P33: 0 | Q33: =P33*H33 -> 0 | R33: =P33+N33+L33+J33 -> 3 | S33: =Q33+O33+M33+K33 -> 132036
C34: 1.3. INTEGRACIÓN E ILS | E34: 1.3.1. | F34: Servidor raqueable. | G34: 2 | H34: ='TABLA GENERAL'!D42 -> 25629 | I34: 51258 | J34: 0 | K34: =J34*H34 -> 0 | L34: 1 | M34: =L34*H34 -> 25629 | N34: 0 | O34: =N34*H34 -> 0 | P34: 0 | Q34: =P34*H34 -> 0 | R34: =P34+N34+L34+J34 -> 1 | S34: =Q34+O34+M34+K34 -> 25629
E35: 1.3.2. | F35: Splitter gps. | G35: 3 | H35: ='TABLA GENERAL'!D45 -> 2744 | I35: 8232 | J35: 1 | K35: =J35*H35 -> 2744 | L35: 0 | M35: =L35*H35 -> 0 | N35: 0 | O35: =N35*H35 -> 0 | P35: 0 | Q35: =P35*H35 -> 0 | R35: =P35+N35+L35+J35 -> 1 | S35: =Q35+O35+M35+K35 -> 2744
E36: 1.3.3. | F36: Sistema de explotación de audio remoto. | G36: 2 | H36: ='TABLA GENERAL'!D46 -> 71054 | I36: 142108 | J36: 0 | K36: =J36*H36 -> 0 | L36: 1 | M36: =L36*H36 -> 71054 | N36: 0 | O36: =N36*H36 -> 0 | P36: 0 | Q36: =P36*H36 -> 0 | R36: =P36+N36+L36+J36 -> 1 | S36: =Q36+O36+M36+K36 -> 71054
E37: 1.3.4. | F37: Integrador automático redes dos vías y públicas | G37: 2 | H37: ='TABLA GENERAL'!D47 -> 80516 | I37: 161032 | J37: 0 | K37: =J37*H37 -> 0 | L37: 1 | M37: =L37*H37 -> 80516 | N37: 0 | O37: =N37*H37 -> 0 | P37: 0 | Q37: =P37*H37 -> 0 | R37: =P37+N37+L37+J37 -> 1 | S37: =Q37+O37+M37+K37 -> 80516
E38: 1.3.5. | F38: Integración C4I e ILS. | G38: 1 | H38: ='TABLA GENERAL'!D48 -> 670956 | I38: 670956 | J38: =0.25+0.1 -> 0.35 | K38: =J38*H38 -> 234834.6 | L38: 0.3 | M38: =L38*H38 -> 201286.8 | N38: 0.2 | O38: =N38*H38 -> 134191.2 | P38: 0.15 | Q38: =P38*H38 -> 100643.4 | R38: =P38+N38+L38+J38 -> 1 | S38: =Q38+O38+M38+K38 -> 670956
F39: TOTAL C4I | I39: =SUM(I5:I38) -> 7274066 | K39: =SUM(K5:K38) -> 1712801.6 | M39: =SUM(M5:M38) -> 1606524.8 | O39: =SUM(O5:O38) -> 134191.2 | Q39: =SUM(Q5:Q38) -> 100643.4 | S39: =Q39+O39+M39+K39 -> 3554161 | T39: =Q39+O39+M39+K39 -> 3554161
F42: Equipamiento Militar | R42: FASE 1 Y 2
A43: CAPACIDAD | B43: 2.0. Equipamiento Militar | F43: EQUIPAMIENTO | G43: BRECHA cantidad | H43: VALOR UNITARIO | I43: VALOR TOTAL (USD) | J43: 2021 | K43: VALOR TOTAL | L43: 2022 | M43: VALOR TOTAL | N43: 2023 | O43: VALOR TOTAL | P43: 2025 | Q43: VALOR TOTAL | R43: CANTIDADES TOTALES FASE 1 Y 2 | S43: VALORES TOTALES FASE 1 Y 2
C44: 2.1. EQUIPAMIENTO INDIVIDUAL FUERZAS ESPECIALES | E44: 2.1.1. | F44: Supresor de ruido de fusil de asalto calibre 5,56 (solo para 6 unidades). | G44: 42 | H44: ='TABLA GENERAL'!D56 -> 739 | I44: =G44*H44 -> 31038 | J44: 0 | K44: =J44*H44 -> 0 | L44: 0 | M44: =L44*H44 -> 0 | N44: 14 | O44: =N44*H44 -> 10346 | P44: 14 | Q44: =P44*H44 -> 10346 | R44: =P44+N44+L44+J44 -> 28 | S44: =Q44+O44+M44+K44 -> 20692
E45: 2.1.2. | F45: Designador IR. | G45: 84 | H45: ='TABLA GENERAL'!D57 -> 2300 | I45: =G45*H45 -> 193200 | J45: 12 | K45: =J45*H45 -> 27600 | L45: 12 | M45: =L45*H45 -> 27600 | N45: 12 | O45: =N45*H45 -> 27600 | P45: 12 | Q45: =P45*H45 -> 27600 | R45: =P45+N45+L45+J45 -> 48 | S45: =Q45+O45+M45+K45 -> 110400
E46: 2.1.3. | F46: Mira holográfica híbrida (inc. Mira óptica). | G46: 125 | H46: ='TABLA GENERAL'!D58 -> 1690 | I46: =G46*H46 -> 211250 | J46: 14 | K46: =J46*H46 -> 23660 | L46: 12 | M46: =L46*H46 -> 20280 | N46: 12 | O46: =N46*H46 -> 20280 | P46: 10 | Q46: =P46*H46 -> 16900 | R46: =P46+N46+L46+J46 -> 48 | S46: =Q46+O46+M46+K46 -> 81120
E47: 2.1.4. | F47: Visor nocturno binocular. | G47: 140 | H47: ='TABLA GENERAL'!D59 -> 13300 | I47: =G47*H47 -> 1862000 | J47: 12 | K47: =J47*H47 -> 159600 | L47: 12 | M47: =L47*H47 -> 159600 | N47: 12 | O47: =N47*H47 -> 159600 | P47: 24 | Q47: =P47*H47 -> 319200 | R47: =P47+N47+L47+J47 -> 60 | S47: =Q47+O47+M47+K47 -> 798000
E48: 2.1.5. | F48: Tenida anti IR Fibro Tex (4 por unidad de FF.EE.). | G48: 42 | H48: ='TABLA GENERAL'!D60 -> 314 | I48: =G48*H48 -> 13188 | J48: 0 | K48: =J48*H48 -> 0 | L48: 0 | M48: =L48*H48 -> 0 | N48: 0 | O48: =N48*H48 -> 0 | P48: 14 | Q48: =P48*H48 -> 4396 | R48: =P48+N48+L48+J48 -> 14 | S48: =Q48+O48+M48+K48 -> 4396 | U48: 4064000 | V48: TENEMOS
E49: 2.1.6. | F49: Brújula militar tipo M1 (4 por Unidad). | G49: 70 | H49: ='TABLA GENERAL'!D61 -> 139.67 | I49: =G49*H49 -> 9776.9 | J49: 0 | K49: =J49*H49 -> 0 | L49: 0 | M49: =L49*H49 -> 0 | N49: 0 | O49: =N49*H49 -> 0 | P49: 10 | Q49: =P49*H49 -> 1396.7 | R49: =P49+N49+L49+J49 -> 10 | S49: =Q49+O49+M49+K49 -> 1396.7 | U49: 1333000 | V49: GASTADO
E50: 2.1.7. | F50: Carpa bipersonal (6 por Unidad de FF.EE. mas PPMM y PALE). | G50: 165 | H50: ='TABLA GENERAL'!D62 -> 315 | I50: =G50*H50 -> 51975 | J50: 0 | K50: =J50*H50 -> 0 | L50: 0 | M50: =L50*H50 -> 0 | N50: 0 | O50: =N50*H50 -> 0 | P50: 56 | Q50: =P50*H50 -> 17640 | R50: =P50+N50+L50+J50 -> 56 | S50: =Q50+O50+M50+K50 -> 17640 | U50: =+S44+S48+S49+S50+S51+S55+S57+S58+S59+S60+S61+S62+S63+S65+S66+S67+S68+S69+S70+S71+S72+S73+S74+S75+S76+S77+S78+S79+S80+S81+S82+S83+S84+S85+S86+S87+S88+S89+S90+S91+S92+S93+S94+S95+S96+S97+S98+S99+S100+S101+S102 -> 238164.86 | V50: EQ. MIL
E51: 2.1.8. | F51: GPS (cuatro por Unidad más 2 x PPMM y 2 x PALE). | G51: 6 | H51: ='TABLA GENERAL'!D63 -> 250 | I51: =G51*H51 -> 1500 | J51: 0 | K51: =J51*H51 -> 0 | L51: 0 | M51: =L51*H51 -> 0 | N51: 0 | O51: =N51*H51 -> 0 | P51: 6 | Q51: =P51*H51 -> 1500 | R51: =P51+N51+L51+J51 -> 6 | S51: =Q51+O51+M51+K51 -> 1500 | U51: =+SUM(S104:S131) -> 2064230.6 | V51: PARACA
E52: 2.1.9. | F52: Porta fajas de 100 tiros cal 5,56. | G52: 4 | H52: ='TABLA GENERAL'!D66 -> 34 | I52: =G52*H52 -> 136 | J52: 0 | K52: =J52*H52 -> 0 | L52: 0 | M52: =L52*H52 -> 0 | N52: 0 | O52: =N52*H52 -> 0 | P52: 4 | Q52: =P52*H52 -> 136 | R52: =P52+N52+L52+J52 -> 4 | S52: =Q52+O52+M52+K52 -> 136 | U52: 15000 | V52: OBT. INFO
E53: 2.1.10. | F53: Mira óptica 1-6x retículo cal 7,62 mm (1 por Unidad de FF.EE.). | G53: 10 | H53: ='TABLA GENERAL'!D67 -> 2800 | I53: =G53*H53 -> 28000 | J53: 0 | K53: =J53*H53 -> 0 | L53: 0 | M53: =L53*H53 -> 0 | N53: 0 | O53: =N53*H53 -> 0 | P53: 8 | Q53: =P53*H53 -> 22400 | R53: =P53+N53+L53+J53 -> 8 | S53: =Q53+O53+M53+K53 -> 22400 | V53: DET. EFECT
E54: 2.1.11. | F54: kit repuestos ametralladora. | G54: 20 | H54: ='TABLA GENERAL'!D68 -> 2500 | I54: =G54*H54 -> 50000 | J54: 0 | K54: =J54*H54 -> 0 | L54: 0 | M54: =L54*H54 -> 0 | N54: 0 | O54: =N54*H54 -> 0 | P54: 8 | Q54: =P54*H54 -> 20000 | R54: =P54+N54+L54+J54 -> 8 | S54: =Q54+O54+M54+K54 -> 20000 | U54: 300000 | V54: AT. PRECI
E55: 2.1.12. | F55: Kit para simunition ( 4 unidades). | G55: 56 | H55: ='TABLA GENERAL'!D69 -> 712 | I55: =G55*H55 -> 39872 | J55: 12 | K55: =J55*H55 -> 8544 | L55: 0 | M55: =L55*H55 -> 0 | N55: 0 | O55: =N55*H55 -> 0 | P55: 42 | Q55: =P55*H55 -> 29904 | R55: =P55+N55+L55+J55 -> 54 | S55: =Q55+O55+M55+K55 -> 38448 | U55: 150000 | V55: AP.BOM.FAN
E56: 2.1.13. | F56: Visor nocturno 4 tubos (Tipo GPNVG-18) (para 2 unidades). | G56: 28 | H56: ='TABLA GENERAL'!D70 -> 52896 | I56: =G56*H56 -> 1481088 | J56: 0 | K56: =J56*H56 -> 0 | L56: 0 | M56: =L56*H56 -> 0 | N56: 0 | O56: =N56*H56 -> 0 | P56: 0 | Q56: =P56*H56 -> 0 | R56: =P56+N56+L56+J56 -> 0 | S56: =Q56+O56+M56+K56 -> 0 | U56: =SUM(U49:U55) -> 4100395.5
C57: 2.2. EQUIPO ESPECIAL FUERZAS ESPECIALES | E57: 2.2.1. | F57: KIT de brechado mecánico. (para 2 unidades). | G57: 10 | H57: ='TABLA GENERAL'!D71 -> 2156 | I57: =G57*H57 -> 21560 | J57: 0 | K57: =J57*H57 -> 0 | L57: 0 | M57: =L57*H57 -> 0 | N57: 0 | O57: =N57*H57 -> 0 | P57: 2 | Q57: =P57*H57 -> 4312 | R57: =P57+N57+L57+J57 -> 2 | S57: =Q57+O57+M57+K57 -> 4312
E58: 2.2.2. | F58: Raquetas de marcha para nieve talón flexible. | G58: 26 | H58: ='TABLA GENERAL'!D72 -> 340.34 | I58: =G58*H58 -> 8848.84 | J58: 0 | K58: =J58*H58 -> 0 | L58: 0 | M58: =L58*H58 -> 0 | N58: 0 | O58: =N58*H58 -> 0 | P58: 14 | Q58: =P58*H58 -> 4764.76 | R58: =P58+N58+L58+J58 -> 14 | S58: =Q58+O58+M58+K58 -> 4764.76
E59: 2.2.3. | F59: Polainas para marcha. | G59: 56 | H59: ='TABLA GENERAL'!D73 -> 119.36 | I59: =G59*H59 -> 6684.16 | J59: 0 | K59: =J59*H59 -> 0 | L59: 0 | M59: =L59*H59 -> 0 | N59: 0 | O59: =N59*H59 -> 0 | P59: 28 | Q59: =P59*H59 -> 3342.08 | R59: =P59+N59+L59+J59 -> 28 | S59: =Q59+O59+M59+K59 -> 3342.08
E60: 2.2.4. | F60: Guante para clima frío. | G60: 8 | H60: ='TABLA GENERAL'!D74 -> 35.51 | I60: =G60*H60 -> 284.08 | J60: 0 | K60: =J60*H60 -> 0 | L60: 0 | M60: =L60*H60 -> 0 | N60: 0 | O60: =N60*H60 -> 0 | P60: 8 | Q60: =P60*H60 -> 284.08 | R60: =P60+N60+L60+J60 -> 8 | S60: =Q60+O60+M60+K60 -> 284.08
E61: 2.2.5. | F61: Bota de marcha para clima frío. | G61: 24 | H61: ='TABLA GENERAL'!D75 -> 313 | I61: =G61*H61 -> 7512 | J61: 0 | K61: =J61*H61 -> 0 | L61: 0 | M61: =L61*H61 -> 0 | N61: 0 | O61: =N61*H61 -> 0 | P61: 14 | Q61: =P61*H61 -> 4382 | R61: =P61+N61+L61+J61 -> 14 | S61: =Q61+O61+M61+K61 -> 4382
E62: 2.2.6. | F62: Parka y pantalón Gore-Tex. | G62: 24 | H62: ='TABLA GENERAL'!D76 -> 198.21 | I62: =G62*H62 -> 4757.04 | J62: 0 | K62: =J62*H62 -> 0 | L62: 0 | M62: =L62*H62 -> 0 | N62: 0 | O62: =N62*H62 -> 0 | P62: 14 | Q62: =P62*H62 -> 2774.94 | R62: =P62+N62+L62+J62 -> 14 | S62: =Q62+O62+M62+K62 -> 2774.94
E63: 2.2.7. | F63: Carpa alta montaña. (para dos personas) | G63: 28 | H63: ='TABLA GENERAL'!D77 -> 660.47 | I63: =G63*H63 -> 18493.16 | J63: 0 | K63: =J63*H63 -> 0 | L63: 0 | M63: =L63*H63 -> 0 | N63: 0 | O63: =N63*H63 -> 0 | P63: 14 | Q63: =P63*H63 -> 9246.58 | R63: =P63+N63+L63+J63 -> 14 | S63: =Q63+O63+M63+K63 -> 9246.58
E64: 2.2.8. | F64: Balaclava. | G64: 56 | H64: ='TABLA GENERAL'!D78 -> 27.57 | I64: =G64*H64 -> 1543.92 | J64: 0 | K64: =J64*H64 -> 0 | L64: 0 | M64: =L64*H64 -> 0 | N64: 0 | O64: =N64*H64 -> 0 | P64: 28 | Q64: =P64*H64 -> 771.96 | R64: =P64+N64+L64+J64 -> 28 | S64: =Q64+O64+M64+K64 -> 771.96
E65: 2.2.9. | F65: Cuerdas estáticas (50 mts). | G65: 12 | H65: ='TABLA GENERAL'!D79 -> 153.30308 | I65: =G65*H65 -> 1839.6369 | J65: 0 | K65: =J65*H65 -> 0 | L65: 0 | M65: =L65*H65 -> 0 | N65: 0 | O65: =N65*H65 -> 0 | P65: 10 | Q65: =P65*H65 -> 1533.0308 | R65: =P65+N65+L65+J65 -> 10 | S65: =Q65+O65+M65+K65 -> 1533.0308
E66: 2.2.10. | F66: Cuerdas dinámicas (50 mts). | G66: 8 | H66: ='TABLA GENERAL'!D80 -> 153.30308 | I66: =G66*H66 -> 1226.4246 | J66: 0 | K66: =J66*H66 -> 0 | L66: 0 | M66: =L66*H66 -> 0 | N66: 0 | O66: =N66*H66 -> 0 | P66: 8 | Q66: =P66*H66 -> 1226.4246 | R66: =P66+N66+L66+J66 -> 8 | S66: =Q66+O66+M66+K66 -> 1226.4246
E67: 2.2.11. | F67: Camilla de rescate de altura. | G67: 4 | H67: ='TABLA GENERAL'!D81 -> 3218 | I67: =G67*H67 -> 12872 | J67: 0 | K67: =J67*H67 -> 0 | L67: 0 | M67: =L67*H67 -> 0 | N67: 0 | O67: =N67*H67 -> 0 | P67: 2 | Q67: =P67*H67 -> 6436 | R67: =P67+N67+L67+J67 -> 2 | S67: =Q67+O67+M67+K67 -> 6436
E68: 2.2.12. | F68: Pala para nieve. | G68: 56 | H68: ='TABLA GENERAL'!D82 -> 64.36 | I68: =G68*H68 -> 3604.16 | J68: 0 | K68: =J68*H68 -> 0 | L68: 0 | M68: =L68*H68 -> 0 | N68: 0 | O68: =N68*H68 -> 0 | P68: 28 | Q68: =P68*H68 -> 1802.08 | R68: =P68+N68+L68+J68 -> 28 | S68: =Q68+O68+M68+K68 -> 1802.08
E69: 2.2.13. | F69: Cordín (50 mts). | G69: 320 | H69: ='TABLA GENERAL'!D85 -> 153.30308 | I69: =G69*H69 -> 49056.985 | J69: 0 | K69: =J69*H69 -> 0 | L69: 0 | M69: =L69*H69 -> 0 | N69: 0 | O69: =N69*H69 -> 0 | P69: 28 | Q69: =P69*H69 -> 4292.4862 | R69: =P69+N69+L69+J69 -> 28 | S69: =Q69+O69+M69+K69 -> 4292.4862
E70: 2.2.14. | F70: Pantalón de abrigo 1ra. Capa. | G70: 56 | H70: ='TABLA GENERAL'!D86 -> 12.99 | I70: =G70*H70 -> 727.44 | J70: 0 | K70: =J70*H70 -> 0 | L70: 0 | M70: =L70*H70 -> 0 | N70: 0 | O70: =N70*H70 -> 0 | P70: 28 | Q70: =P70*H70 -> 363.72 | R70: =P70+N70+L70+J70 -> 28 | S70: =Q70+O70+M70+K70 -> 363.72
E71: 2.2.15. | F71: Camisa manga larga 1ra. Capa. | G71: 56 | H71: ='TABLA GENERAL'!D87 -> 10.47 | I71: =G71*H71 -> 586.32 | J71: 0 | K71: =J71*H71 -> 0 | L71: 0 | M71: =L71*H71 -> 0 | N71: 0 | O71: =N71*H71 -> 0 | P71: 28 | Q71: =P71*H71 -> 293.16 | R71: =P71+N71+L71+J71 -> 28 | S71: =Q71+O71+M71+K71 -> 293.16
E72: 2.2.16. | F72: Chaqueta intermedia 2da. Capa. | G72: 56 | H72: ='TABLA GENERAL'!D87 -> 10.47 | I72: =G72*H72 -> 586.32 | J72: 0 | K72: =J72*H72 -> 0 | L72: 0 | M72: =L72*H72 -> 0 | N72: 0 | O72: =N72*H72 -> 0 | P72: 28 | Q72: =P72*H72 -> 293.16 | R72: =P72+N72+L72+J72 -> 28 | S72: =Q72+O72+M72+K72 -> 293.16
E73: 2.2.17. | F73: Arnés simple. | G73: 28 | H73: ='TABLA GENERAL'!D89 -> 89.6 | I73: =G73*H73 -> 2508.8 | J73: 0 | K73: =J73*H73 -> 0 | L73: 0 | M73: =L73*H73 -> 0 | N73: 0 | O73: =N73*H73 -> 0 | P73: 28 | Q73: =P73*H73 -> 2508.8 | R73: =P73+N73+L73+J73 -> 28 | S73: =Q73+O73+M73+K73 -> 2508.8
E74: 2.2.18. | F74: Arnés de rescate. | G74: 12 | H74: ='TABLA GENERAL'!D89 -> 89.6 | I74: =G74*H74 -> 1075.2 | J74: 0 | K74: =J74*H74 -> 0 | L74: 0 | M74: =L74*H74 -> 0 | N74: 0 | O74: =N74*H74 -> 0 | P74: 28 | Q74: =P74*H74 -> 2508.8 | R74: =P74+N74+L74+J74 -> 28 | S74: =Q74+O74+M74+K74 -> 2508.8
E75: 2.2.19. | F75: Casco de escalada. | G75: 28 | H75: ='TABLA GENERAL'!D91 -> 126.72 | I75: =G75*H75 -> 3548.16 | J75: 0 | K75: =J75*H75 -> 0 | L75: 0 | M75: =L75*H75 -> 0 | N75: 0 | O75: =N75*H75 -> 0 | P75: 28 | Q75: =P75*H75 -> 3548.16 | R75: =P75+N75+L75+J75 -> 28 | S75: =Q75+O75+M75+K75 -> 3548.16
E76: 2.2.20. | F76: Botas de doble finalidad. | G76: 28 | H76: ='TABLA GENERAL'!D92 -> 288 | I76: =G76*H76 -> 8064 | J76: 0 | K76: =J76*H76 -> 0 | L76: 0 | M76: =L76*H76 -> 0 | N76: 0 | O76: =N76*H76 -> 0 | P76: 28 | Q76: =P76*H76 -> 8064 | R76: =P76+N76+L76+J76 -> 28 | S76: =Q76+O76+M76+K76 -> 8064
E77: 2.2.21. | F77: Placas PIU. | G77: 28 | H77: ='TABLA GENERAL'!D93 -> 14 | I77: =G77*H77 -> 392 | J77: 0 | K77: =J77*H77 -> 0 | L77: 0 | M77: =L77*H77 -> 0 | N77: 0 | O77: =N77*H77 -> 0 | P77: 28 | Q77: =P77*H77 -> 392 | R77: =P77+N77+L77+J77 -> 28 | S77: =Q77+O77+M77+K77 -> 392
E78: 2.2.22. | F78: Descensor en 8. | G78: 28 | H78: ='TABLA GENERAL'!D94 -> 23.93 | I78: =G78*H78 -> 670.04 | J78: 0 | K78: =J78*H78 -> 0 | L78: 0 | M78: =L78*H78 -> 0 | N78: 0 | O78: =N78*H78 -> 0 | P78: 28 | Q78: =P78*H78 -> 670.04 | R78: =P78+N78+L78+J78 -> 28 | S78: =Q78+O78+M78+K78 -> 670.04
E79: 2.2.23. | F79: Ascendedor. | G79: 28 | H79: ='TABLA GENERAL'!D95 -> 72.76 | I79: =G79*H79 -> 2037.28 | J79: 0 | K79: =J79*H79 -> 0 | L79: 0 | M79: =L79*H79 -> 0 | N79: 0 | O79: =N79*H79 -> 0 | P79: 28 | Q79: =P79*H79 -> 2037.28 | R79: =P79+N79+L79+J79 -> 28 | S79: =Q79+O79+M79+K79 -> 2037.28
E80: 2.2.24. | F80: Descendedor simple. | G80: 28 | H80: ='TABLA GENERAL'!D96 -> 71.32 | I80: =G80*H80 -> 1996.96 | J80: 0 | K80: =J80*H80 -> 0 | L80: 0 | M80: =L80*H80 -> 0 | N80: 0 | O80: =N80*H80 -> 0 | P80: 28 | Q80: =P80*H80 -> 1996.96 | R80: =P80+N80+L80+J80 -> 28 | S80: =Q80+O80+M80+K80 -> 1996.96
E81: 2.2.25. | F81: Conjunto Pro Nuts. | G81: 20 | H81: ='TABLA GENERAL'!D97 -> 162 | I81: =G81*H81 -> 3240 | J81: 0 | K81: =J81*H81 -> 0 | L81: 0 | M81: =L81*H81 -> 0 | N81: 0 | O81: =N81*H81 -> 0 | P81: 10 | Q81: =P81*H81 -> 1620 | R81: =P81+N81+L81+J81 -> 10 | S81: =Q81+O81+M81+K81 -> 1620
E82: 2.2.26. | F82: Pack 5 Orbit. | G82: 28 | H82: ='TABLA GENERAL'!D98 -> 94 | I82: =G82*H82 -> 2632 | J82: 0 | K82: =J82*H82 -> 0 | L82: 0 | M82: =L82*H82 -> 0 | N82: 0 | O82: =N82*H82 -> 0 | P82: 28 | Q82: =P82*H82 -> 2632 | R82: =P82+N82+L82+J82 -> 28 | S82: =Q82+O82+M82+K82 -> 2632
E83: 2.2.27. | F83: Mosquetones con seguro. | G83: 112 | H83: ='TABLA GENERAL'!D99 -> 9 | I83: =G83*H83 -> 1008 | J83: 0 | K83: =J83*H83 -> 0 | L83: 0 | M83: =L83*H83 -> 0 | N83: 0 | O83: =N83*H83 -> 0 | P83: 28 | Q83: =P83*H83 -> 252 | R83: =P83+N83+L83+J83 -> 28 | S83: =Q83+O83+M83+K83 -> 252
E84: 2.2.28. | F84: Mosquetón sin seguro. | G84: 85 | H84: ='TABLA GENERAL'!D100 -> 13.49 | I84: =G84*H84 -> 1146.65 | J84: 0 | K84: =J84*H84 -> 0 | L84: 0 | M84: =L84*H84 -> 0 | N84: 0 | O84: =N84*H84 -> 0 | P84: 14 | Q84: =P84*H84 -> 188.86 | R84: =P84+N84+L84+J84 -> 14 | S84: =Q84+O84+M84+K84 -> 188.86
E85: 2.2.29. | F85: Poleas TAMDEM. | G85: 20 | H85: ='TABLA GENERAL'!D101 -> 60.12 | I85: =G85*H85 -> 1202.4 | J85: 0 | K85: =J85*H85 -> 0 | L85: 0 | M85: =L85*H85 -> 0 | N85: 0 | O85: =N85*H85 -> 0 | P85: 14 | Q85: =P85*H85 -> 841.68 | R85: =P85+N85+L85+J85 -> 14 | S85: =Q85+O85+M85+K85 -> 841.68
E86: 2.2.30. | F86: Estribos. | G86: 20 | H86: ='TABLA GENERAL'!D102 -> 43.2 | I86: =G86*H86 -> 864 | J86: 0 | K86: =J86*H86 -> 0 | L86: 0 | M86: =L86*H86 -> 0 | N86: 0 | O86: =N86*H86 -> 0 | P86: 14 | Q86: =P86*H86 -> 604.8 | R86: =P86+N86+L86+J86 -> 14 | S86: =Q86+O86+M86+K86 -> 604.8
... E92: 2.2.36. | F92: Tornillos para hielo. | G92: 28 | H92: ='TABLA GENERAL'!D108 -> 48.74 | I92: =G92*H92 -> 1364.72 | J92: 0 | K92: =J92*H92 -> 0 | L92: 0 | M92: =L92*H92 -> 0 | N92: 0 | O92: =N92*H92 -> 0 | P92: 14 | Q92: =P92*H92 -> 682.36 | R92: =P92+N92+L92+J92 -> 14 | S92: =Q92+O92+M92+K92 -> 682.36
A93: Equipamiento Militar | E93: 2.2.37. | F93: Piolet de hielo. | G93: 28 | H93: ='TABLA GENERAL'!D111 -> 243.21 | I93: =G93*H93 -> 6809.88 | J93: 0 | K93: =J93*H93 -> 0 | L93: 0 | M93: =L93*H93 -> 0 | N93: 0 | O93: =N93*H93 -> 0 | P93: 14 | Q93: =P93*H93 -> 3404.94 | R93: =P93+N93+L93+J93 -> 14 | S93: =Q93+O93+M93+K93 -> 3404.94
E94: 2.2.38. | F94: Crampones para hielo. | G94: 28 | H94: ='TABLA GENERAL'!D112 -> 183.74 | I94: =G94*H94 -> 5144.72 | J94: 0 | K94: =J94*H94 -> 0 | L94: 0 | M94: =L94*H94 -> 0 | N94: 0 | O94: =N94*H94 -> 0 | P94: 14 | Q94: =P94*H94 -> 2572.36 | R94: =P94+N94+L94+J94 -> 14 | S94: =Q94+O94+M94+K94 -> 2572.36
E95: 2.2.39. | F95: Cocinillas. | G95: 28 | H95: ='TABLA GENERAL'!D113 -> 144.34 | I95: =G95*H95 -> 4041.52 | J95: 0 | K95: =J95*H95 -> 0 | L95: 0 | M95: =L95*H95 -> 0 | N95: 0 | O95: =N95*H95 -> 0 | P95: 14 | Q95: =P95*H95 -> 2020.76 | R95: =P95+N95+L95+J95 -> 14 | S95: =Q95+O95+M95+K95 -> 2020.76
E96: 2.2.40. | F96: Camilla de rescate personal (dos por Unidad). | G96: 4 | H96: ='TABLA GENERAL'!D114 -> 3218 | I96: =G96*H96 -> 12872 | J96: 0 | K96: =J96*H96 -> 0 | L96: 0 | M96: =L96*H96 -> 0 | N96: 0 | O96: =N96*H96 -> 0 | P96: 4 | Q96: =P96*H96 -> 12872 | R96: =P96+N96+L96+J96 -> 4 | S96: =Q96+O96+M96+K96 -> 12872
E97: 2.2.41. | F97: Dispositivo de búsqueda. | G97: 28 | H97: ='TABLA GENERAL'!D115 -> 608.75 | I97: =G97*H97 -> 17045 | J97: 0 | K97: =J97*H97 -> 0 | L97: 0 | M97: =L97*H97 -> 0 | N97: 0 | O97: =N97*H97 -> 0 | P97: 14 | Q97: =P97*H97 -> 8522.5 | R97: =P97+N97+L97+J97 -> 14 | S97: =Q97+O97+M97+K97 -> 8522.5
E98: 2.2.42. | F98: Ski para travesía. | G98: 28 | H98: ='TABLA GENERAL'!D116 -> 954.84 | I98: =G98*H98 -> 26735.52 | J98: 0 | K98: =J98*H98 -> 0 | L98: 0 | M98: =L98*H98 -> 0 | N98: 0 | O98: =N98*H98 -> 0 | P98: 14 | Q98: =P98*H98 -> 13367.76 | R98: =P98+N98+L98+J98 -> 14 | S98: =Q98+O98+M98+K98 -> 13367.76
E99: 2.2.43. | F99: Fijación para ski de travesía. | G99: 28 | H99: ='TABLA GENERAL'!D117 -> 789.12 | I99: =G99*H99 -> 22095.36 | J99: 0 | K99: =J99*H99 -> 0 | L99: 0 | M99: =L99*H99 -> 0 | N99: 0 | O99: =N99*H99 -> 0 | P99: 14 | Q99: =P99*H99 -> 11047.68 | R99: =P99+N99+L99+J99 -> 14 | S99: =Q99+O99+M99+K99 -> 11047.68
E100: 2.2.44. | F100: Bastón para ski. | G100: 28 | H100: ='TABLA GENERAL'!D118 -> 77.3 | I100: =G100*H100 -> 2164.4 | J100: 0 | K100: =J100*H100 -> 0 | L100: 0 | M100: =L100*H100 -> 0 | N100: 0 | O100: =N100*H100 -> 0 | P100: 14 | Q100: =P100*H100 -> 1082.2 | R100: =P100+N100+L100+J100 -> 14 | S100: =Q100+O100+M100+K100 -> 1082.2
E101: 2.2.45. | F101: Pieles de randonee. | G101: 28 | H101: ='TABLA GENERAL'!D119 -> 192.94 | I101: =G101*H101 -> 5402.32 | J101: 0 | K101: =J101*H101 -> 0 | L101: 0 | M101: =L101*H101 -> 0 | N101: 0 | O101: =N101*H101 -> 0 | P101: 14 | Q101: =P101*H101 -> 2701.16 | R101: =P101+N101+L101+J101 -> 14 | S101: =Q101+O101+M101+K101 -> 2701.16
E102: 2.2.46. | F102: Buzo térmico. | G102: 28 | H102: ='TABLA GENERAL'!D120 -> 550 | I102: =G102*H102 -> 15400 | J102: 0 | K102: =J102*H102 -> 0 | L102: 0 | M102: =L102*H102 -> 0 | N102: 0 | O102: =N102*H102 -> 0 | P102: 14 | Q102: =P102*H102 -> 7700 | R102: =P102+N102+L102+J102 -> 14 | S102: =Q102+O102+M102+K102 -> 7700
B103: 2.0. Equipamiento Militar (continuación) | F103: EQUIPAMIENTO | G103: BRECHA cantidad | H103: VALOR UNITARIO | I103: VALOR TOTAL (USD) | J103: 2021 | K103: VALOR TOTAL | L103: 2022 | M103: VALOR TOTAL | N103: 2023 | O103: VALOR TOTAL | P103: 2025 | Q103: VALOR TOTAL | R103: CANTIDADES TOTALES FASE 1 Y 2 | S103: VALORES TOTALES FASE 1 Y 2
C104: 2.3. EQUIPAMIENTO PARACAIDISMO FUERZAS ESPECIALES | D104: 2.3.1. EQUIPAMIENTO PARAIDISMO LIBRE (H.A.H.O. Y H.A.L.O.) | E104: 2.3.1. | F104: Consola de oxígeno colectivo para 8 pd. | G104: 4 | H104: ='TABLA GENERAL'!D121 -> 15700 | I104: =G104*H104 -> 62800 | J104: 0 | K104: =J104*H104 -> 0 | L104: 0 | M104: =L104*H104 -> 0 | N104: 1 | O104: =N104*H104 -> 15700 | P104: 3 | Q104: =P104*H104 -> 47100 | R104: =P104+N104+L104+J104 -> 4 | S104: =Q104+O104+M104+K104 -> 62800
E105: 2.3.2. | F105: Sistema de carga botellas oxígeno personales. | G105: 4 | H105: ='TABLA GENERAL'!D122 -> 45800 | I105: =G105*H105 -> 183200 | J105: 0 | K105: =J105*H105 -> 0 | L105: 0 | M105: =L105*H105 -> 0 | N105: 1 | O105: =N105*H105 -> 45800 | P105: 1 | Q105: =P105*H105 -> 45800 | R105: =P105+N105+L105+J105 -> 2 | S105: =Q105+O105+M105+K105 -> 91600
E106: 2.3.3. | F106: Sistema de oxígeno personal. | G106: 28 | H106: ='TABLA GENERAL'!D123 -> 4090 | I106: =G106*H106 -> 114520 | J106: 0 | K106: =J106*H106 -> 0 | L106: 0 | M106: =L106*H106 -> 0 | N106: 9 | O106: =N106*H106 -> 36810 | P106: 10 | Q106: =P106*H106 -> 40900 | R106: =P106+N106+L106+J106 -> 19 | S106: =Q106+O106+M106+K106 -> 77710
E107: 2.2.4. | F107: Sistema conexión de máscara a casco balístico. | G107: 28 | H107: ='TABLA GENERAL'!D124 -> 3650 | I107: =G107*H107 -> 102200 | J107: 0 | K107: =J107*H107 -> 0 | L107: 0 | M107: =L107*H107 -> 0 | N107: 9 | O107: =N107*H107 -> 32850 | P107: 10 | Q107: =P107*H107 -> 36500 | R107: =P107+N107+L107+J107 -> 19 | S107: =Q107+O107+M107+K107 -> 69350
...

Sheet ESTIMACIÓN VALOR DE COSTOS
L1: solo efecto cálculo
A2: RESUMEN INVERSIÓN INICIAL FASE 1 Y 2. | K2: =J4+J14+J20+J23+J27+J28+J29+J30+J31+J32+J33+J35 -> 11860336 | L2: =11850000 -> 11850000
J3: SUBTOTALES
A4: 1. COMANDO, CONTROL, COMUNICACIONES Y COMPUTACIÓN | J4: =I5+I8+I13 -> 3554161 | M4: Alternativa única
B5: 1.1 MANDO Y CONTROL | I5: =SUM(H6:H7) -> 1164948 | M5: Adquisición de equipamiento para FF.EE.
C6: 1.1.1. EQUIPAMIENTO PUESTO DE MANDO | H6: =SUM('TABLA GENERAL FASE 1 Y 2'!S5:S15) -> 417551 | M6: Año | N6: Valores en USD
C7: 1.1.2. EQUIPAMIENTO SOFTWARE MANDO Y CONTROL | H7: =SUM('TABLA GENERAL FASE 1 Y 2'!S16:S22) -> 747397 | M7: Valor contrato adquisición equipamiento Fuerzas Especiales, financiados por Ley 21.174
B8: 1.2.TELECOMUNICACIONES | I8: =SUM(H9:H12) -> 1538314
C9: 1.2.1. TRANSCEPTOR VHF - UHF | H9: =SUM('TABLA GENERAL FASE 1 Y 2'!S23:S26) -> 877797 | M9: 2021 | N9: 2550000
C10: 1.2.2. VIDEO TÁCTICO | H10: =SUM('TABLA GENERAL FASE 1 Y 2'!S27:S28) -> 63233 | M10: 2022 | N10: 2500000
C11: 1.2.3. TRANSCEPTOR HF | H11: =SUM('TABLA GENERAL FASE 1 Y 2'!S29:S30) -> 409798 | M11: 2023 | N11: 2500000
C12: 1.2.4. SATCOM | H12: =SUM('TABLA GENERAL FASE 1 Y 2'!S31:S33) -> 187486 | M12: 2025 | N12: 4300000
B13: 1.3. INTEGRACIÓN E ILS | I13: =SUM('TABLA GENERAL FASE 1 Y 2'!S34:S38) -> 850899 | M13: Subtotal Ley 21.174 | N13: =SUM(N9:N12) -> 11850000
A14: 2.0. Equipamiento Militar | J14: =I15+I16+I17 -> 3335223.5 | M14: Mantenimiento de la MOP, financiado por AFL
B15: 2.1. EQUIPAMIENTO INDIVIDUAL FUERZAS ESPECIALES | I15: =SUM('TABLA GENERAL FASE 1 Y 2'!S44:S56) -> 1116128.7 | M15: 2021 | N15: ='CCV TOTAL'!E10 -> 0
B16: 2.2. EQUIPO ESPECIAL FUERZAS ESPECIALES | I16: =SUM('TABLA GENERAL FASE 1 Y 2'!S57:S102) -> 154864.12 | M16: 2022 | N16: ='CCV TOTAL'!F10 -> 83186.604
B17: 2.3. EQUIPAMIENTO PARACAIDISMO FUERZAS ESPECIALES | I17: =H18+H19 -> 2064230.6 | M17: 2023 | N17: ='CCV TOTAL'!G10 -> 98014.437
C18: 2.3.1. EQUIPAMIENTO PARAIDISMO LIBRE (H.A.H.O. Y H.A.L.O.) | H18: =SUM('TABLA GENERAL FASE 1 Y 2'!S104:S121) -> 1683929.9 | M18: 2024 | N18: ='CCV TOTAL'!H10 -> 181599.31
C19: 2.3.2. EQUIPAMIENTO PARACAIDISMO BÁSICO MILITAR | H19: =SUM('TABLA GENERAL FASE 1 Y 2'!S122:S131) -> 380300.75 | M19: 2025 | N19: ='CCV TOTAL'!I10 -> 118623.81
A20: 3.0. INFILTRACIÓN | J20: =I21+I22 -> 767924.46 | M20: 2026 | N20: ='CCV TOTAL'!J10 -> 179622.3
B21: 3.1. EQUIPAMIENTO INDIVIDUAL DE BUCEO | I21: =SUM('TABLA GENERAL FASE 1 Y 2'!S137:S160) -> 647628.46 | M21: 2027 | N21: ='CCV TOTAL'!K10 -> 184460.65
B22: 3.2. EQUIPAMIENTO INSERCIONES ANFIBIA | I22: =SUM('TABLA GENERAL FASE 1 Y 2'!S161:S166) -> 120296 | M22: 2028 | N22: ='CCV TOTAL'!L10 -> 192338.93
A23: 4.0. LOGÍSTICA | J23: =I24+I25+I26 -> 2584917.5 | M23: 2029 | N23: ='CCV TOTAL'!M10 -> 184982.04
B24: 4.1. EQUIPAMIENTO TRANSNPORTE TÁCTICO FUERZAS ESPECIALES | I24: =SUM('TABLA GENERAL FASE 1 Y 2'!S172:S179) -> 869189.24 | M24: 2030 | N24: ='CCV TOTAL'!N10 -> 190078.12
B25: 4.2. EQUIPAMIENTO SOPORTE LOGÍSTICO FUERZAS ESPECIALES | I25: =SUM('TABLA GENERAL FASE 1 Y 2'!S180:S191) -> 1482533 | M25: 2031 | N25: ='CCV TOTAL'!O10 -> 195785.23
B26: 4.3. EQUIPAMIENTO SANIDAD FUERZAS ESPECIALES | I26: =SUM('TABLA GENERAL FASE 1 Y 2'!S192:S197) -> 233195.3 | M26: 2032 | N26: ='CCV TOTAL'!P10 -> 183032.69
A27: 5.0. OBTENCIÓN DE INFORMACIÓN | J27: =SUM('TABLA GENERAL FASE 1 Y 2'!S202:S211) -> 524362 | M27: 2033 | N27: ='CCV TOTAL'!Q10 -> 183979.02
A28: 6.0. DETERMINACIÓN DE EFECTOS | J28: =SUM('TABLA GENERAL FASE 1 Y 2'!S216) -> 5000 | M28: 2034 | N28: ='CCV TOTAL'!R10 -> 161924.41
A29: 7.0. ATAQUE DE PRECISIÓN | J29: =SUM('TABLA GENERAL FASE 1 Y 2'!S221:S231) -> 111245.56 | M29: 2035 | N29: ='CCV TOTAL'!S10 -> 197162.49
A30: 8.0.OPERACIONES DE BUCEO | J30: =SUM('TABLA GENERAL FASE 1 Y 2'!S237:S239) -> 263522 | M30: 2036 | N30: ='CCV TOTAL'!T10 -> 200991.9
A31: 9.0. OPERACIONES DE REBÚSQUEDA | J31: =SUM('TABLA GENERAL FASE 1 Y 2'!S244) -> 172012 | M31: 2037 | N31: ='CCV TOTAL'!U10 -> 190572.66
A32: 10.0. APOYO DE BOMBARDEO Y FAN | J32: =SUM('TABLA GENERAL FASE 1 Y 2'!S249) -> 90850 | M32: 2038 | N32: ='CCV TOTAL'!V10 -> 192793.87
A33: 11.0. VISITA Y ABORDAJE BUQUES | J33: =I34 -> 389449.84 | M33: 2039 | N33: ='CCV TOTAL'!W10 -> 169603.08
B34: 11.1. EQUIPAMIENTO INFILTRACIÓN SUBMARINA | I34: =SUM('TABLA GENERAL FASE 1 Y 2'!S254:S257) -> 389449.84 | M34: 2040 | N34: ='CCV TOTAL'!X10 -> 148731.54
A35: 12.0. APOYO OPERACIONES DE CONTRAMINADO | J35: =SUM('TABLA GENERAL FASE 1 Y 2'!S262:S266) -> 61668 | M35: 2041 | N35: ='CCV TOTAL'!Y10 -> 57592.245
M36: 2042 | N36: ='CCV TOTAL'!Z10 -> 22462.996
K37: =+J32+J28+J29+J27+J14 -> 4066681 | M37: 2043 | N37: ='CCV TOTAL'!AA10 -> 27709.196
M38: 2044 | N38: ='CCV TOTAL'!AB10 -> 18230.596
M39: 2045 | N39: ='CCV TOTAL'!AC10 -> 28185.196
M40: 2046 | N40: ='CCV TOTAL'!AD10 -> 1405.5
M41: Total AFL Mantenimiento | N41: =SUM(N15:N40) -> 3393068.8
M42: Total Fase Adquisición + mantenimiento | N42: =N13+N41 -> 15243069
K44: MANTENIMIENTO/ COSTO ADQUISICIÓN (EN 20 AÑOS CCV) | N44: =((N41/20)/K2) -> 0.01430427
K46: promedio | N46: =AVERAGE(N15:N40) -> 130502.65
M52: Alternativa única
M53: Adquisición de equipamiento para FF.EE.
M54: Año | N54: Valores en USD
M55: Valor contrato adquisición equipamiento Fuerzas Especiales, financiados por Ley 21.174
M57: 2021 | N57: 2550000
M58: 2022 | N58: 2500000
M59: 2023 | N59: 2500000
M60: 2025 | N60: 4300000
M61: Subtotal Ley 21.174 | N61: =SUM(N57:N60) -> 11850000
M62: Mantenimiento de la MOP, financiado por AFL ST 22
M63: Año | N63: Valores en USD
M64: 2021 | N64: =N15 -> 0
M65: 2022 | N65: =N16 -> 83186.604
M66: 2023 | N66: =N17 -> 98014.437
M67: 2024 | N67: =N18 -> 181599.31
M68: 2025 | N68: =N19 -> 118623.81
M69: 2026 | N69: =N20 -> 179622.3
M70: 2027 | N70: =N21 -> 184460.65
M71: 2028 | N71: =N22 -> 192338.93
M72: 2029 | N72: =N23 -> 184982.04
M73: 2030 | N73: =N24 -> 190078.12
M74: 2031 | N74: =N25 -> 195785.23
M75: 2032 | N75: =N26 -> 183032.69
... M89: 2046 | N89: =N40 -> 1405.5
M90: Total AFL Mantenimiento | N90: =SUM(N64:N89) -> 3393068.8
M91: Total Fase Adquisición + mantenimiento | N91: =N61+N90 -> 15243069
M94: promedio | N94: =AVERAGE(N64:N89) -> 130502.65

Sheet CCV TOTAL
A1: Planilla de Costo de Ciclo de Vida Proyecto DECAPFE Alternativa única de solución.- ADQUIRIR EQUIPAMIENTO PARA LAS FFEE Valores en USD, del año 2021.
E2: AÑO 0 | F2: AÑO 1 | G2: AÑO 2 | H2: AÑO 3 | I2: AÑO 4 | J2: AÑO 5 | K2: AÑO 6 | L2: AÑO 7 | M2: AÑO 8 | N2: AÑO 9 | O2: AÑO 10 | P2: AÑO 11 | Q2: AÑO 12 | R2: AÑO 13 | S2: AÑO 14 | T2: AÑO 15 | U2: AÑO 16 | V2: AÑO 17 | W2: AÑO 18 | X2: AÑO 19 | Y2: AÑO 20 | Z2: AÑO 21 | AA2: AÑO 22 | AB2: AÑO 23 | AC2: AÑO 24 | AD2: AÑO 25
A3: ITEM | B3: PARÁMETRO | C3: Fuente recursos | D3: VAC | E3: Año 2021 | F3: Año 2022 | G3: Año 2023 | H3: Año 2024 | I3: Año 2025 | J3: Año 2026 | K3: Año 2027 | L3: Año 2028 | M3: Año 2029 | N3: Año 2030 | O3: Año 2031 | P3: Año 2032 | Q3: Año 2033 | R3: Año 2034 | S3: Año 2035 | T3: Año 2036 | U3: Año 2037 | V3: Año 2038 | W3: Año 2039 | X3: Año 2040 | Y3: Año 2041 | Z3: Año 2042 | AA3: Año 2043 | AB3: Año 2044 | AC3: Año 2045 | AD3: Año 2046
A5: TOTAL ANUAL | D5: =SUM(E5:AD5) -> 15253405 | E5: =E6+E7+E10+E17 -> 2559960.6 | F5: =F6+F7+F10+F17 -> 2667841.5 | G5: =G6+G7+G10+G17 -> 2609639.6 | H5: =H6+H7+H10+H17 -> 181599.31 | I5: =I6+I7+I10+I17 -> 4322719 | J5: =J6+J7+J10+J17 -> 179622.3 | K5: =K6+K7+K10+K17 -> 184460.65 | L5: =L6+L7+L10+L17 -> 192338.93 | ... AD5: =AD6+AD7+AD10+AD17 -> 1405.5
A6: 1.- INVESTIGACIÓN Y DESARROLLO
A7: 2.- INVERSIÓN INICIAL | D7: =SUM(E7:AD7) -> 11860336 | E7: =E8+E9 -> 2559960.6 | F7: =F8+F9 -> 2584654.9 | G7: =G8+G9 -> 2511625.2 | H7: =H8+H9 -> 0 | I7: =I8+I9 -> 4204095.2 | J7: =J8+J9 -> 0 | K7: =K8+K9 -> 0 | L7: =L8+L9 -> 0 | ... AD7: =AD8+AD9 -> 0 | AE7: =SUM(E7:AD7) -> 11860336
A8: 2.1.- Producción | B8: No Corresponden | D8: =SUM(F8:AD8) -> 0
A9: 2.2.- Adquisición | B9: Adquisición de sistemas y equipamientos DECAPFE | C9: Ley 21.174 | D9: =SUM(E9:AD9) -> 11860336 | E9: ='TABLA GENERAL FASE 1 Y 2'!K273 -> 2559960.6 | F9: ='TABLA GENERAL FASE 1 Y 2'!M273 -> 2584654.9 | G9: ='TABLA GENERAL FASE 1 Y 2'!O273 -> 2511625.2 | H9: ='TABLA GENERAL FASE 1 Y 2'!N273 -> 0 | I9: ='TABLA GENERAL FASE 1 Y 2'!Q273 -> 4204095.2 | J9: 0 | K9: 0 | L9: 0 | M9: 0 | N9: 0 | O9: 0 | P9: 0 | Q9: 0 | R9: 0 | S9: 0 | T9: 0 | U9: 0 | V9: 0 | W9: 0 | X9: 0 | Y9: 0 | Z9: 0 | AA9: 0 | AB9: 0 | AC9: 0 | AD9: 0
A10: 3.- OPERACIÓN Y APOYO | D10: =SUM(E10:AD10) -> 3393068.8 | F10: =F11+F12+F13 -> 83186.604 | G10: =G11+G12+G13 -> 98014.437 | H10: =H11+H12+H13 -> 181599.31 | I10: =I11+I12+I13 -> 118623.81 | J10: =J11+J12+J13 -> 179622.3 | K10: =K11+K12+K13 -> 184460.65 | L10: =L11+L12+L13 -> 192338.93 | M10: =M11+M12+M13 -> 184982.04 | ... AD10: =AD11+AD12+AD13 -> 1405.5
A11: 3.1.- Costo de Personal que Opera la MOP | B11: No existen variaciones refente al ST21 COMFUES | C11: AFL Ppto. Armada | D11: =SUM(F11:AD11) -> 0 | E11: =SUM(G11:AD11) -> 0 | F11: =SUM(H11:AE11) -> 0 | G11: =SUM(I11:AF11) -> 0 | H11: =SUM(J11:AG11) -> 0 | I11: =SUM(K11:AH11) -> 0 | J11: =SUM(L11:AI11) -> 0 | K11: =SUM(M11:AJ11) -> 0 | L11: =SUM(N11:AK11) -> 0 | ... AC11: =SUM(AE11:BB11) -> 0 | AD11: =SUM(AE11:BC11) -> 0
A12: 3.2.- Costos de Operación de la MOP | B12: Sólo gastos relacionados al sistemas C4I, en servicios de banda ancha satelital, seguros infraestructura TI y licencias y antivirus. | C12: AFL Ppto. Armada | D12: =SUM(F12:AD12) -> 826344.97 | F12: ='(1) CCV C41'!C7 -> 32900 | G12: ='(1) CCV C41'!D7 -> 33887 | H12: ='(1) CCV C41'!E7 -> 34903.61 | I12: ='(1) CCV C41'!F7 -> 35950.718 | J12: ='(1) CCV C41'!G7 -> 37029.24 | K12: ='(1) CCV C41'!H7 -> 38140.117 | L12: ='(1) CCV C41'!I7 -> 39284.321 | M12: ='(1) CCV C41'!J7 -> 40462.85 | ... AD12: ='(1) CCV C41'!AA7 -> 0
A13: 3.3.- Costos de Mantenimiento | B13: Estimación basada en datos Comfues, proveedores y respectivas DDTT. | C13: AFL Ppto. Armada | D13: =SUM(E13:AD13) -> 2566723.9 | E13: =E14+E15+E16 -> 0 | F13: =F14+F15+F16 -> 50286.604 | G13: =G14+G15+G16 -> 64127.437 | H13: =H14+H15+H16 -> 146695.7 | I13: =I14+I15+I16 -> 82673.09 | J13: =J14+J15+J16 -> 142593.06 | K13: =K14+K15+K16 -> 146320.53 | L13: =L14+L15+L16 -> 153054.61 | ... X13: =X14+X15+X16 -> 92721.495 | Y13: =(X13+Z13)/2 -> 57592.245 | Z13: =Z14+Z15+Z16 -> 22462.996 | AA13: =AA14+AA15+AA16 -> 27709.196 | AB13: =AB14+AB15+AB16 -> 18230.596 | AC13: =AC14+AC15+AC16 -> 28185.196 | AD13: =AD14+AD15+AD16 -> 1405.5
A14: 3.3.1.- Mantenimiento Programado | B14: mantenimiento equipos de acuerdo a datos del proveedor y estadística existente | C14: AFL Ppto. Armada | D14: =SUM(E14:AD14) -> 2566723.9 | F14: ='(1) CCV C41'!D10+'(2) CCV Equip. Militar'!D23+'(2) CCV Equip. Militar'!D53+'(3) CCV Infiltración'!D32+'(4) CCV Logística'!D53+'(4) CCV Logística'!E28+'(4) CCV Logística'!E83+'(4) CCV Logística'!E112+'(5) CCV Obt. Info.'!E25+'(6) CCV Det. Efect.'!E15+'(7) CCV At. Precis.'!E28+'(8)CCV OPER. DE BUCEO'!E24+'(9) CCV OPER. REBÚSQUEDA'!E16+'(10) CCV AP. BOMB. Y FAN'!E16+'(11) CCV VIS. Y ABORDAJE'!E24+'(12) CCV AP. OPER. CONTAMINADO'!E34 -> 50286.604 | G14: ='(1) CCV C41'!E10+'(2) CCV Equip. Militar'!E23+'(2) CCV Equip. Militar'!E53+'(3) CCV Infiltración'!E32+'(4) CCV Logística'!E53+'(4) CCV Logística'!F28+'(4) CCV Logística'!F83+'(4) CCV Logística'!F112+'(5) CCV Obt. Info.'!F25+'(6) CCV Det. Efect.'!F15+'(7) CCV At. Precis.'!F28+'(8)CCV OPER. DE BUCEO'!F24+'(9) CCV OPER. REBÚSQUEDA'!F16+'(10) CCV AP. BOMB. Y FAN'!F16+'(11) CCV VIS. Y ABORDAJE'!F24+'(12) CCV AP. OPER. CONTAMINADO'!F34 -> 64127.437 | H14: ='(1) CCV C41'!F10+'(2) CCV Equip. Militar'!F23+'(2) CCV Equip. Militar'!F53+'(3) CCV Infiltración'!F32+'(4) CCV Logística'!F53+'(4) CCV Logística'!G28+'(4) CCV Logística'!G83+'(4) CCV Logística'!G112+'(5) CCV Obt. Info.'!G25+'(6) CCV Det. Efect.'!G15+'(7) CCV At. Precis.'!G28+'(8)CCV OPER. DE BUCEO'!G24+'(9) CCV OPER. REBÚSQUEDA'!G16+'(10) CCV AP. BOMB. Y FAN'!G16+'(11) CCV VIS. Y ABORDAJE'!G24+'(12) CCV AP. OPER. CONTAMINADO'!G34 -> 146695.7 | I14: ='(1) CCV C41'!G10+'(2) CCV Equip. Militar'!G23+'(2) CCV Equip. Militar'!G53+'(3) CCV Infiltración'!G32+'(4) CCV Logística'!G53+'(4) CCV Logística'!H28+'(4) CCV Logística'!H83+'(4) CCV Logística'!H112+'(5) CCV Obt. Info.'!H25+'(6) CCV Det. Efect.'!H15+'(7) CCV At. Precis.'!H28+'(8)CCV OPER. DE BUCEO'!H24+'(9) CCV OPER. REBÚSQUEDA'!H16+'(10) CCV AP. BOMB. Y FAN'!H16+'(11) CCV VIS. Y ABORDAJE'!H24+'(12) CCV AP. OPER. CONTAMINADO'!H34 -> 82673.09 | J14: ='(1) CCV C41'!H10+'(2) CCV Equip. Militar'!H23+'(2) CCV Equip. Militar'!H53+'(3) CCV Infiltración'!H32+'(4) CCV Logística'!H53+'(4) CCV Logística'!I28+'(4) CCV Logística'!I83+'(4) CCV Logística'!I112+'(5) CCV Obt. Info.'!I25+'(6) CCV Det. Efect.'!I15+'(7) CCV At. Precis.'!I28+'(8)CCV OPER. DE BUCEO'!I24+'(9) CCV OPER. REBÚSQUEDA'!I16+'(10) CCV AP. BOMB. Y FAN'!I16+'(11) CCV VIS. Y ABORDAJE'!I24+'(12) CCV AP. OPER. CONTAMINADO'!I34 -> 142593.06 | K14: ='(1) CCV C41'!I10+'(2) CCV Equip. Militar'!I23+'(2) CCV Equip. Militar'!I53+'(3) CCV Infiltración'!I32+'(4) CCV Logística'!I53+'(4) CCV Logística'!J28+'(4) CCV Logística'!J83+'(4) CCV Logística'!J112+'(5) CCV Obt. Info.'!J25+'(6) CCV Det. Efect.'!J15+'(7) CCV At. Precis.'!J28+'(8)CCV OPER. DE BUCEO'!J24+'(9) CCV OPER. REBÚSQUEDA'!J16+'(10) CCV AP. BOMB. Y FAN'!J16+'(11) CCV VIS. Y ABORDAJE'!J24+'(12) CCV AP. OPER. CONTAMINADO'!J34 -> 146320.53 | L14: ='(1) CCV C41'!J10+'(2) CCV Equip. Militar'!J23+'(2) CCV Equip. Militar'!J53+'(3) CCV Infiltración'!J32+'(4) CCV Logística'!J53+'(4) CCV Logística'!K28+'(4) CCV Logística'!K83+'(4) CCV Logística'!K112+'(5) CCV Obt. Info.'!K25+'(6) CCV Det. Efect.'!K15+'(7) CCV At. Precis.'!K28+'(8)CCV OPER. DE BUCEO'!K24+'(9) CCV OPER. REBÚSQUEDA'!K16+'(10) CCV AP. BOMB. Y FAN'!K16+'(11) CCV VIS. Y ABORDAJE'!K24+'(12) CCV AP. OPER. CONTAMINADO'!K34 -> 153054.61 | M14: ='(1) CCV C41'!K10+'(2) CCV Equip. Militar'!K23+'(2) CCV Equip. Militar'!K53+'(3) CCV Infiltración'!K32+'(4) CCV Logística'!K53+'(4) CCV Logística'!L28+'(4) CCV Logística'!L83+'(4) CCV Logística'!L112+'(5) CCV Obt. Info.'!L25+'(6) CCV Det. Efect.'!L15+'(7) CCV At. Precis.'!L28+'(8)CCV OPER. DE BUCEO'!L24+'(9) CCV OPER. REBÚSQUEDA'!L16+'(10) CCV AP. BOMB. Y FAN'!L16+'(11) CCV VIS. Y ABORDAJE'!L24+'(12) CCV AP. OPER. CONTAMINADO'!L34 -> 144519.18 | ... X14: ='(1) CCV C41'!V10+'(2) CCV Equip. Militar'!V23+'(2) CCV Equip. Militar'!V53+'(3) CCV Infiltración'!V32+'(4) CCV Logística'!V53+'(4) CCV Logística'!W28+'(4) CCV Logística'!W83+'(4) CCV Logística'!W112+'(5) CCV Obt. Info.'!W25+'(6) CCV Det. Efect.'!W15+'(7) CCV At. Precis.'!W28+'(8)CCV OPER. DE BUCEO'!W24+'(9) CCV OPER. REBÚSQUEDA'!W16+'(10) CCV AP. BOMB. Y FAN'!W16+'(11) CCV VIS. Y ABORDAJE'!W24+'(12) CCV AP. OPER. CONTAMINADO'!W34 -> 92721.495 | Y14: =(X14+Z14)/2 -> 57592.245 | Z14: ='(1) CCV C41'!X10+'(2) CCV Equip. Militar'!X23+'(2) CCV Equip. Militar'!X53+'(3) CCV Infiltración'!X32+'(4) CCV Logística'!X53+'(4) CCV Logística'!Y28+'(4) CCV Logística'!Y83+'(4) CCV Logística'!Y112+'(5) CCV Obt. Info.'!Y25+'(6) CCV Det. Efect.'!Y15+'(7) CCV At. Precis.'!Y28+'(8)CCV OPER. DE BUCEO'!Y24+'(9) CCV OPER. REBÚSQUEDA'!Y16+'(10) CCV AP. BOMB. Y FAN'!Y18+'(11) CCV VIS. Y ABORDAJE'!Y26+'(12) CCV AP. OPER. CONTAMINADO'!Y34 -> 22462.996 | AA14: ='(1) CCV C41'!Y10+'(2) CCV Equip. Militar'!Y23+'(2) CCV Equip. Militar'!Y53+'(3) CCV Infiltración'!Y32+'(4) CCV Logística'!Y53+'(4) CCV Logística'!Z28+'(4) CCV Logística'!Z83+'(4) CCV Logística'!Z112+'(5) CCV Obt. Info.'!Z25+'(6) CCV Det. Efect.'!Z15+'(7) CCV At. Precis.'!Z28+'(8)CCV OPER. DE BUCEO'!Z24+'(9) CCV OPER. REBÚSQUEDA'!Z16+'(10) CCV AP. BOMB. Y FAN'!Z16+'(11) CCV VIS. Y ABORDAJE'!Z24+'(12) CCV AP. OPER. CONTAMINADO'!Z34 -> 27709.196 | AB14: ='(1) CCV C41'!Z10+'(2) CCV Equip. Militar'!Z23+'(2) CCV Equip. Militar'!Z53+'(3) CCV Infiltración'!Z32+'(4) CCV Logística'!Z53+'(4) CCV Logística'!AA28+'(4) CCV Logística'!AA83+'(4) CCV Logística'!AA112+'(5) CCV Obt. Info.'!AA25+'(6) CCV Det. Efect.'!AA15+'(7) CCV At. Precis.'!AA28+'(8)CCV OPER. DE BUCEO'!AA24+'(9) CCV OPER. REBÚSQUEDA'!AA16+'(10) CCV AP. BOMB. Y FAN'!AA16+'(11) CCV VIS. Y ABORDAJE'!AA24+'(12) CCV AP. OPER. CONTAMINADO'!AA34 -> 18230.596 | AC14: ='(1) CCV C41'!AA10+'(2) CCV Equip. Militar'!AA23+'(2) CCV Equip. Militar'!AA53+'(3) CCV Infiltración'!AA32+'(4) CCV Logística'!AA53+'(4) CCV Logística'!AB28+'(4) CCV Logística'!AB83+'(4) CCV Logística'!AB112+'(5) CCV Obt. Info.'!AB25+'(6) CCV Det. Efect.'!AB15+'(7) CCV At. Precis.'!AB28+'(8)CCV OPER. DE BUCEO'!AB24+'(9) CCV OPER. REBÚSQUEDA'!AB16+'(10) CCV AP. BOMB. Y FAN'!AB16+'(11) CCV VIS. Y ABORDAJE'!AB24+'(12) CCV AP. OPER. CONTAMINADO'!AB34 -> 28185.196 | AD14: ='(1) CCV C41'!AB10+'(2) CCV Equip. Militar'!AB23+'(2) CCV Equip. Militar'!AB53+'(3) CCV Infiltración'!AB32+'(4) CCV Logística'!AB53+'(4) CCV Logística'!AC28+'(4) CCV Logística'!AC83+'(4) CCV Logística'!AC112+'(5) CCV Obt. Info.'!AC25+'(6) CCV Det. Efect.'!AC15+'(7) CCV At. Precis.'!AC28+'(8)CCV OPER. DE BUCEO'!AC24+'(9) CCV OPER. REBÚSQUEDA'!AC16+'(10) CCV AP. BOMB. Y FAN'!AC16+'(11) CCV VIS. Y ABORDAJE'!AC24+'(12) CCV AP. OPER. CONTAMINADO'!AC34 -> 1405.5
A15: 3.3.2.-Mantenimiento No Programado | B15: No apreciable y asumidos por respectivas DDTT, de acuerdo a su estadística de los sistemas. | C15: AFL Ppto. Armada u otros provenientes de FFG o PDM en el caso corresponda | D15: =SUM(F15:AD15) -> 0
A16: 3.3.4.- Otro Mantenimiento | C16: Por definir, en caso corresponda | D16: =SUM(F16:AD16) -> 0
A17: 4.- RETIRO | D17: =SUM(F17:AD17) -> 0 | F17: 0 | G17: 0 | H17: 0 | I17: 0 | J17: 0 | K17: 0 | L17: 0 | M17: 0 | N17: 0 | O17: 0 | P17: 0 | Q17: 0 | R17: 0 | S17: 0 | T17: 0 | U17: 0 | V17: 0 | W17: 0 | X17: 0 | Y17: 0 | Z17: 0 | AA17: 0 | AB17: 0 | AC17: 0 | AD17: 0
C18: VAC | D18: =D5 -> 15253405
C19: CAE | D19: =PMT(6%,25,-D18) -> 1193223.8

Sheet (1) CCV C41
L2: 2000000
A3: Costos recurentes | B3: Año 1 | C3: Año 2 | D3: Años 3 | E3: Año 3 | F3: Año 5 | G3: Años 6 | H3: Año 7 | I3: Año 8 | J3: Años 9 | K3: Año 10 | L3: Año 11 | M3: Años 12 | N3: Año 13 | O3: Año 14 | P3: Años 15 | Q3: Año 16 | R3: Año 17 | S3: Año 18 | T3: Año 19 | U3: Año 20
A4: Licencias - antivirus | B4: Cubierto por el proyecto | C4: 3500 | D4: =C4*1.03 -> 3605 | E4: =D4*1.03 -> 3713.15 | F4: =E4*1.03 -> 3824.5445 | G4: =F4*1.03 -> 3939.2808 | H4: =G4*1.03 -> 4057.4593 | I4: =H4*1.03 -> 4179.183 | J4: =I4*1.03 -> 4304.5585 | K4: =J4*1.03 -> 4433.6953 | ... U4: =T4*1.03 -> 5958.5157
A5: Seguros infraestructura TI | C5: 4200 | D5: =C5*1.03 -> 4326 | E5: =D5*1.03 -> 4455.78 | F5: =E5*1.03 -> 4589.4534 | G5: =F5*1.03 -> 4727.137 | H5: =G5*1.03 -> 4868.9511 | I5: =H5*1.03 -> 5015.0196 | J5: =I5*1.03 -> 5165.4702 | K5: =J5*1.03 -> 5320.4343 | ... U5: =T5*1.03 -> 7150.2189
A6: Bande Ancha Satelital | C6: =2100*12 -> 25200 | D6: =C6*1.03 -> 25956 | E6: =D6*1.03 -> 26734.68 | F6: =E6*1.03 -> 27536.72 | G6: =F6*1.03 -> 28362.822 | H6: =G6*1.03 -> 29213.707 | I6: =H6*1.03 -> 30090.118 | J6: =I6*1.03 -> 30992.821 | K6: =J6*1.03 -> 31922.606 | ... U6: =T6*1.03 -> 42901.313
C7: =SUM(C4:C6) -> 32900 | D7: =SUM(D4:D6) -> 33887 | E7: =SUM(E4:E6) -> 34903.61 | F7: =SUM(F4:F6) -> 35950.718 | G7: =SUM(G4:G6) -> 37029.24 | H7: =SUM(H4:H6) -> 38140.117 | I7: =SUM(I4:I6) -> 39284.321 | J7: =SUM(J4:J6) -> 40462.85 | ... U7: =SUM(U4:U6) -> 56010.048
A9: Costos ILS | B9: Año 1 | C9: Año 2 | D9: Años 3 | E9: Año 3 | F9: Año 5 | G9: Años 6 | H9: Año 7 | I9: Año 8 | J9: Años 9 | K9: Año 10 | L9: Año 11 | M9: Años 12 | N9: Año 13 | O9: Año 14 | P9: Años 15 | Q9: Año 16 | R9: Año 17 | S9: Año 18 | T9: Año 19 | U9: Año 20
A10: Manteniemiento, repuestos, soporte on-site, capacitación y entrenamiento | B10: Cubierto por el proyecto | C10: =L2*2% -> 40000 | D10: =L2*0.023 -> 46000 | E10: =L2*0.025 -> 50000 | F10: =L2*0.06 -> 120000 | G10: =L2*0.025 -> 50000 | H10: =L2*0.028 -> 56000 | I10: =L2*0.029 -> 58000 | J10: =L2*0.03 -> 60000 | K10: =L2*0.04 -> 80000 | L10: =$L$2*0.025 -> 50000 | M10: =$L$2*0.025 -> 50000 | N10: =$L$2*0.025 -> 50000 | O10: =$L$2*0.025 -> 50000 | P10: =$L$2*0.025 -> 50000 | Q10: =$L$2*0.025 -> 50000 | R10: =$L$2*0.025 -> 50000 | S10: =$L$2*0.025 -> 50000 | ... U10: =$L$2*0.025 -> 50000

Sheet (2) CCV Equip. Militar
C2: EQUIPAMIENTO | D2: VALOR UNITARIO O FACTORES DE CÁLCULO RELACIONADOS | E2: CANTIDAD 2021 | F2: VALOR TOTAL | G2: CANTIDAD 2022 | H2: VALOR TOTAL | I2: CANTIDAD 2023 | J2: VALOR TOTAL | K2: CANTIDAD 2025 | L2: VALOR TOTAL | M2: CANTIDADES TOTALES FASE 1 Y 2 | N2: VALORES TOTALES FASE 1 Y 2
B3: 2.1.3. | C3: Mira holográfica híbrida (inc. Mira óptica). | D3: ='TABLA GENERAL FASE 1 Y 2'!H46 -> 1690 | E3: ='TABLA GENERAL FASE 1 Y 2'!J46 -> 14 | F3: 14400 | G3: ='TABLA GENERAL FASE 1 Y 2'!L46 -> 12 | H3: 14400 | I3: ='TABLA GENERAL FASE 1 Y 2'!N46 -> 12 | J3: 14400 | K3: ='TABLA GENERAL FASE 1 Y 2'!P46 -> 10 | L3: 14400 | M3: 48 | N3: 57600
C4: Costo anual de Insumos para mantenimiento preventivo (OLM) | D4: 0.001 | F4: =$D$4*E3*$D$3 -> 23.66 | H4: =$D$4*G3*$D$3 -> 20.28 | J4: =$D$4*I3*$D$3 -> 20.28 | L4: =$D$4*K3*$D$3 -> 16.9 | N4: =$D$4*M3*$D$3 -> 81.12
C5: Kit anual de repuestos (OLM) | D5: 0.001 | F5: =$D$5*E3*$D$3 -> 23.66 | H5: =$D$5*G3*$D$3 -> 20.28 | J5: =$D$5*I3*$D$3 -> 20.28 | L5: =$D$5*K3*$D$3 -> 16.9 | N5: =$D$5*M3*$D$3 -> 81.12
C6: costos mantenimiento 5 años | D6: 0.03 | F6: =$D$6*E3*$D$3 -> 709.8 | H6: =$D$6*G3*$D$3 -> 608.4 | J6: =$D$6*I3*$D$3 -> 608.4 | L6: =$D$6*K3*$D$3 -> 507 | N6: =$D$6*M3*$D$3 -> 2433.6
B7: 2.1.4. | C7: Visor nocturno binocular. | D7: ='TABLA GENERAL FASE 1 Y 2'!H47 -> 13300 | E7: ='TABLA GENERAL FASE 1 Y 2'!J47 -> 12 | F7: 159600 | G7: ='TABLA GENERAL FASE 1 Y 2'!L47 -> 12 | H7: 159600 | I7: ='TABLA GENERAL FASE 1 Y 2'!N47 -> 12 | J7: 159600 | K7: ='TABLA GENERAL FASE 1 Y 2'!P47 -> 24 | L7: 478800 | M7: 72 | N7: 957600
C8: Costo anual de Insumos para mantenimiento preventivo (OLM) | D8: 0.001 | F8: =$D$9*E7*$D$7 -> 159.6 | H8: =$D$9*G7*$D$7 -> 159.6 | J8: =$D$9*I7*$D$7 -> 159.6 | L8: =$D$9*K7*$D$7 -> 319.2 | N8: =$D$9*M7*$D$7 -> 957.6
C9: Kit anual de repuestos (OLM) | D9: 0.001 | F9: =$D$9*E7*$D$7 -> 159.6 | H9: =$D$9*G7*$D$7 -> 159.6 | J9: =$D$9*I7*$D$7 -> 159.6 | L9: =$D$9*K7*$D$7 -> 319.2 | N9: =$D$9*M7*$D$7 -> 957.6
C10: costos mantenimiento 5 años | D10: 0.02 | F10: =$D$10*E7*$D$7 -> 3192 | H10: =$D$10*G7*$D$7 -> 3192 | J10: =$D$10*I7*$D$7 -> 3192 | L10: =$D$10*K7*$D$7 -> 6384 | N10: =$D$10*M7*$D$7 -> 19152
B11: 2.1.13. | C11: Visor nocturno 4 tubos (Tipo GPNVG-18) (para 2 unidades). | D11: ='TABLA GENERAL FASE 1 Y 2'!H56 -> 52896 | E11: ='TABLA GENERAL FASE 1 Y 2'!J56 -> 0 | F11: 0 | G11: ='TABLA GENERAL FASE 1 Y 2'!L56 -> 0 | H11: 105792 | I11: ='TABLA GENERAL FASE 1 Y 2'!N56 -> 0 | J11: 317376 | K11: ='TABLA GENERAL FASE 1 Y 2'!P56 -> 0 | L11: 211584 | M11: 12 | N11: 634752
C12: Costo anual de Insumos para mantenimiento preventivo (OLM) | D12: 0.001 | F12: =$D$12*E11*$D$11 -> 0 | H12: =$D$12*G11*$D$11 -> 0 | J12: =$D$12*I11*$D$11 -> 0 | L12: =$D$12*K11*$D$11 -> 0 | N12: =$D$12*M11*$D$11 -> 634.752
C13: Kit anual de repuestos (OLM) | D13: 0.001 | F13: =$D$13*E11*$D$11 -> 0 | H13: =$D$13*G11*$D$11 -> 0 | J13: =$D$13*I11*$D$11 -> 0 | L13: =$D$13*K11*$D$11 -> 0 | N13: =$D$13*M11*$D$11 -> 634.752
C14: costos mantenimiento 5 años | D14: 0.02 | F14: =$D$14*E11*$D$11 -> 0 | H14: =$D$14*G11*$D$11 -> 0 | J14: =$D$14*I11*$D$11 -> 0 | L14: =$D$14*K11*$D$11 -> 0 | N14: =$D$14*M11*$D$11 -> 12695.04
D15: 2021 | E15: 1 | F15: =F13+F12+F9+F8+F5+F4 -> 366.52 | G15: 2022 | H15: =H13+H12+H9+H8+H5+H4 -> 359.76 | I15: 2023 | J15: =J13+J12+J9+J8+J5+J4 -> 359.76 | K15: 2025 | L15: =L13+L12+L9+L8+L5+L4 -> 672.2 | N15: =N13+N12+N9+N8+N5+N4 -> 3346.944
E16: 2 | F16: =F14+F10+F6 -> 3901.8 | H16: =H14+H10+H6 -> 3800.4 | J16: =J14+J10+J6 -> 3800.4 | L16: =L14+L10+L6 -> 6891 | N16: =N14+N10+N6 -> 34280.64
C19: 2021 | D19: 2022 | E19: 2023 | F19: 2024 | G19: 2025 | H19: 2026 | I19: 2027 | J19: 2028 | K19: 2029 | L19: 2030 | M19: 2031 | N19: 2032 | O19: 2033 | P19: 2034 | Q19: 2035 | R19: 2036 | S19: 2037 | T19: 2038 | U19: 2039 | V19: 2040 | W19: 2041 | X19: 2042 | Y19: 2043 | Z19: 2044 | AA19: 2045
B20: Costos ILS | C20: Año 0 | D20: Año 1 | E20: Año 2 | F20: Años 3 | G20: Año 4 | H20: Año 5 | I20: Años 6 | J20: Año 7 | K20: Año 8 | L20: Años 9 | M20: Año 10 | N20: Año 11 | O20: Año 12 | P20: Años 13 | Q20: Año 14 | R20: Año 15 | S20: Años 16 | T20: Año 17 | U20: Año 18 | V20: Años 19 | W20: Año 20 | X20: Año 21 | Y20: Año 22 | Z20: Años 23 | AA20: Año 24
B21: mantenimiento programados anualizados | D21: =$F$15 -> 366.52 | E21: =$F$15+$H$15 -> 726.28 | F21: =$F$15+$H$15+$J$15 -> 1086.04 | G21: =$F$15+$H$15+$J$15 -> 1086.04 | H21: =$F$15+$H$15+$J$15+$L$15 -> 1758.24 | I21: =$F$15+$H$15+$J$15+$L$15 -> 1758.24 | J21: =$F$15+$H$15+$J$15+$L$15 -> 1758.24 | K21: =$F$15+$H$15+$J$15+$L$15 -> 1758.24 | L21: =$F$15+$H$15+$J$15+$L$15 -> 1758.24 | M21: =$F$15+$H$15+$J$15+$L$15 -> 1758.24 | N21: =$F$15+$H$15+$J$15+$L$15 -> 1758.24 | O21: =$F$15+$H$15+$J$15+$L$15 -> 1758.24 | ... AA21: =$F$15+$H$15+$J$15+$L$15 -> 1758.24
B22: Manteniemiento cada 5 años, en fábrica autorizada (Famae) | H22: =$F$16 -> 3901.8 | I22: =$H$16 -> 3800.4 | J22: =$J$16 -> 3800.4 | L22: =$L$16 -> 6891 | M22: =$H$22 -> 3901.8 | N22: =$I$22 -> 3800.4 | O22: =$J$22 -> 3800.4 | Q22: =$L$16 -> 6891 | R22: =$M$22 -> 3901.8 | S22: =$N$22 -> 3800.4 | T22: =$O$22 -> 3800.4 | V22: =$L$16 -> 6891 | W22: =$R$22 -> 3901.8 | X22: =$S$22 -> 3800.4 | Y22: =$T$22 -> 3800.4 | AA22: =$L$16 -> 6891
B23: totales | C23: =SUM(C21:C22) -> 0 | D23: =SUM(D21:D22) -> 366.52 | E23: =SUM(E21:E22) -> 726.28 | F23: =SUM(F21:F22) -> 1086.04 | G23: =SUM(G21:G22) -> 1086.04 | H23: =SUM(H21:H22) -> 5660.04 | I23: =SUM(I21:I22) -> 5558.64 | J23: =SUM(J21:J22) -> 5558.64 | ... AA23: =SUM(AA21:AA22) -> 8649.24
C25: EQUIPAMIENTO | D25: VALOR UNITARIO O FACTORES DE CÁLCULO RELACIONADOS | E25: CANTIDAD 2021 | F25: VALOR TOTAL | G25: CANTIDAD 2022 | H25: VALOR TOTAL | I25: CANTIDAD 2023 | J25: VALOR TOTAL | K25: CANTIDAD 2025 | L25: VALOR TOTAL | M25: CANTIDADES TOTALES FASE 1 Y 2 | N25: VALORES TOTALES FASE 1 Y 2
B26: 2.3.1. | C26: Consola de oxígeno colectivo para 8 pd. | D26: ='TABLA GENERAL FASE 1 Y 2'!H104 -> 15700 | E26: ='TABLA GENERAL FASE 1 Y 2'!J104 -> 0 | F26: 0 | G26: ='TABLA GENERAL FASE 1 Y 2'!L104 -> 0 | H26: 0 | I26: ='TABLA GENERAL FASE 1 Y 2'!N104 -> 1 | J26: 22179 | K26: ='TABLA GENERAL FASE 1 Y 2'!P104 -> 3 | L26: 66537 | M26: 4 | N26: 88716
B27: a | C27: Costo anual de Insumos para mantenimiento preventivo (OLM) | D27: 0.005 | J27: =$D$27*$D$26*I26 -> 78.5 | L27: =$D$27*$D$26*K26 -> 235.5
B28: b | C28: Kit anual de repuestos (OLM) | D28: 0.01 | J28: =$D$28*$D$26*I26 -> 157 | L28: =$D$28*$D$26*K26 -> 471
B29: c | C29: Mantenimiento Programado (cada 5 años) | D29: 0.02 | J29: =$D$29*$D$26*I26 -> 314 | L29: =$D$29*$D$26*K26 -> 942
B30: 2.3.2. | C30: Sistema de carga botellas oxígeno personales. | D30: ='TABLA GENERAL FASE 1 Y 2'!H105 -> 45800 | E30: ='TABLA GENERAL FASE 1 Y 2'!J105 -> 0 | F30: 0 | G30: ='TABLA GENERAL FASE 1 Y 2'!L105 -> 0 | H30: 0 | I30: ='TABLA GENERAL FASE 1 Y 2'!N105 -> 1 | J30: 30419 | K30: ='TABLA GENERAL FASE 1 Y 2'!P105 -> 1 | L30: 30419 | M30: 2 | N30: 60838
B31: a | C31: Costo anual de Insumos para mantenimiento preventivo (OLM) | D31: 0.005 | J31: =$D$31*$D$30*I30 -> 229 | L31: =$D$31*$D$30*K30 -> 229
B32: b | C32: Kit anual de repuestos (OLM) | D32: 0.01 | J32: =$D$32*$D$30*I30 -> 458 | L32: =$D$32*$D$30*K30 -> 458
B33: c | C33: Mantenimiento Programado (cada 5 años) | D33: 0.02 | J33: =$D$33*$D$30*I30 -> 916 | L33: =$E$31*$D$30*K30 -> 0
B34: 2.3.3. | C34: Sistema de oxígeno personal. | D34: ='TABLA GENERAL FASE 1 Y 2'!H106 -> 4090 | E34: ='TABLA GENERAL FASE 1 Y 2'!J106 -> 0 | F34: 0 | G34: ='TABLA GENERAL FASE 1 Y 2'!L106 -> 0 | H34: 0 | I34: ='TABLA GENERAL FASE 1 Y 2'!N106 -> 9 | J34: 26262 | K34: ='TABLA GENERAL FASE 1 Y 2'!P106 -> 10 | L34: 29180 | M34: 19 | N34: 55442
B35: a | C35: Costo anual de Insumos para mantenimiento preventivo (OLM) | D35: 0.005 | J35: =$D$35*$D$34*I34 -> 184.05 | L35: =$D$35*$D$34*K34 -> 204.5
B36: b | C36: Kit anual de repuestos (OLM) | D36: 0.01 | J36: =$D$36*$D$34*I34 -> 368.1 | L36: =$D$36*$D$34*K34 -> 409
B37: c | C37: Mantenimiento Programado (cada 5 años) | D37: 0.02 | J37: =$D$37*$D$34*I34 -> 736.2 | L37: =$D$37*$D$34*K34 -> 818
B38: 2.3.16. | C38: Aperturas automáticas Cypres 2 militar. | D38: ='TABLA GENERAL FASE 1 Y 2'!H119 -> 3800 | E38: ='TABLA GENERAL FASE 1 Y 2'!J119 -> 0 | F38: 0 | G38: ='TABLA GENERAL FASE 1 Y 2'!L119 -> 14 | H38: 31080 | I38: ='TABLA GENERAL FASE 1 Y 2'!N119 -> 28 | J38: 62160 | K38: ='TABLA GENERAL FASE 1 Y 2'!P119 -> 14 | L38: 31080 | M38: 56 | N38: 124320
B39: a | C39: Costo anual de Insumos para mantenimiento preventivo (OLM) | D39: 0.005 | H39: =$D$39*$D$38*G38 -> 266 | J39: =$D$39*$D$38*I38 -> 532 | L39: =$D$39*$D$38*K38 -> 266
B40: b | C40: Kit anual de repuestos (OLM) | D40: 0.01 | H40: =$D$40*$D$38*G38 -> 532 | J40: =$D$40*$D$38*I38 -> 1064 | L40: =$D$40*$D$38*K38 -> 532
B41: c | C41: Mantenimiento Programado (cada 8 años) | D41: 0.02 | H41: =$D$41*$D$38*G38 -> 1064 | J41: =$D$41*$D$38*I38 -> 2128 | L41: =$D$41*$D$38*K38 -> 1064
B42: 2.3.2.10. | C42: Sistema reabastecimiento automático a gran altura. | D42: ='TABLA GENERAL FASE 1 Y 2'!H131 -> 3250 | E42: ='TABLA GENERAL FASE 1 Y 2'!J131 -> 0 | F42: 0 | G42: ='TABLA GENERAL FASE 1 Y 2'!L131 -> 1 | H42: 3250 | I42: ='TABLA GENERAL FASE 1 Y 2'!N131 -> 0 | J42: 0 | K42: ='TABLA GENERAL FASE 1 Y 2'!P131 -> 1 | L42: 3250 | M42: 2 | N42: 6500
B43: a | C43: Costo anual de Insumos para mantenimiento preventivo (OLM) | D43: 0.01 | H43: =$D$43*$D$42*G42 -> 32.5 | L43: =$D$43*$D$42*K42 -> 32.5
B44: b | C44: Kit anual de repuestos (OLM) | D44: 0.01 | H44: =$D$44*$D$42*G42 -> 32.5 | L44: =$D$44*$D$42*K42 -> 32.5
C49: 2021 | D49: 2022 | E49: 2023 | F49: 2024 | G49: 2025 | H49: 2026 | I49: 2027 | J49: 2028 | K49: 2029 | L49: 2030 | M49: 2031 | N49: 2032 | O49: 2033 | P49: 2034 | Q49: 2035 | R49: 2036 | S49: 2037 | T49: 2038 | U49: 2039 | V49: 2040 | W49: 2041 | X49: 2042 | Y49: 2043 | Z49: 2044 | AA49: 2045
B50: Costos ILS | C50: Año 0 | D50: Año 1 | E50: Año 2 | F50: Años 3 | G50: Año 4 | H50: Año 5 | I50: Años 6 | J50: Año 7 | K50: Año 8 | L50: Años 9 | M50: Año 10 | N50: Año 11 | O50: Año 12 | P50: Años 13 | Q50: Año 14 | R50: Año 15 | S50: Años 16 | T50: Año 17 | U50: Año 18 | V50: Años 19 | W50: Año 20 | X50: Año 21 | Y50: Año 22 | Z50: Años 23 | AA50: Año 24
B51: mantenimiento programados | J51: =$J$29+$J$41+$J$37+$J$33 -> 4094.2 | L51: =L29+H41+L33+L37 -> 2824 | M51: =J41 -> 2128 | O51: =J51 -> 4094.2 | Q51: =L51 -> 2824 | T51: =J51+H41 -> 5158.2 | U51: =J41 -> 2128 | V51: =Q51 -> 2824 | Y51: =J51 -> 4094.2 | AA51: =V51 -> 2824
B52: Manteniemiento básico, repuestos,. | C52: =(F31+F32) -> 0 | D52: 0 | E52: =H39+H40+H43+H44 -> 863 | F52: =J27+J28+J31+J32+J35+J36+J39+J40+E52 -> 3933.65 | G52: =F52+E52 -> 4796.65 | H52: =L27+L28+L31+L32+L35+L36+L39+L40+L43+L44 -> 2870 | I52: =$H$52+$G$52+$F$52 -> 11600.3 | J52: =$H$52+$G$52+$F$52 -> 11600.3 | K52: =$H$52+$G$52+$F$52 -> 11600.3 | L52: =$H$52+$G$52+$F$52 -> 11600.3 | M52: =$H$52+$G$52+$F$52 -> 11600.3 | N52: =$H$52+$G$52+$F$52 -> 11600.3 | O52: =$H$52+$G$52+$F$52 -> 11600.3 | P52: =$H$52+$G$52+$F$52 -> 11600.3 | ... AA52: =$H$52+$G$52+$F$52 -> 11600.3
B53: totales | C53: =SUM(C51:C52) -> 0 | D53: =SUM(D51:D52) -> 0 | E53: =SUM(E51:E52) -> 863 | F53: =SUM(F51:F52) -> 3933.65 | G53: =SUM(G51:G52) -> 4796.65 | H53: =SUM(H51:H52)+G52 -> 7666.65 | I53: =SUM(I51:I52) -> 11600.3 | J53: =SUM(J51:J52) -> 15694.5 | K53: =SUM(K51:K52) -> 11600.3 | L53: =SUM(L51:L52) -> 14424.3 | M53: =SUM(M51:M52) -> 13728.3 | N53: =SUM(N51:N52) -> 11600.3 | O53: =SUM(O51:O52) -> 15694.5 | P53: =SUM(P51:P52) -> 11600.3 | ... AA53: =SUM(AA51:AA52) -> 14424.3

Sheet (3) CCV Infiltración
C3: EQUIPAMIENTO INDIVIDUAL DE BUCEO | D3: VALOR UNITARIO O FACTORES DE CÁLCULO RELACIONADOS | E3: CANTIDAD 2021 | F3: VALOR TOTAL | G3: CANTIDAD 2022 | H3: VALOR TOTAL | I3: CANTIDAD 2023 | J3: VALOR TOTAL | K3: CANTIDAD 2025 | L3: VALOR TOTAL | M3: CANTIDADES TOTALES FASE 1 Y 2 | N3: VALORES TOTALES FASE 1 Y 2
B4: 3.1.9. | C4: Mochilas estancas con sistema de compensación para 4 unidades. | D4: ='TABLA GENERAL FASE 1 Y 2'!H145 -> 3202 | E4: ='TABLA GENERAL FASE 1 Y 2'!J145 -> 14 | F4: =E4*D4 -> 44828 | G4: ='TABLA GENERAL FASE 1 Y 2'!L145 -> 14 | H4: =G4*D4 -> 44828 | I4: ='TABLA GENERAL FASE 1 Y 2'!N145 -> 14 | J4: =I4*D4 -> 44828 | K4: ='TABLA GENERAL FASE 1 Y 2'!P145 -> 14 | L4: =K4*D4 -> 44828 | M4: =K4+I4+G4+E4 -> 56 | N4: =L4+J4+H4+F4 -> 179312
B5: a | C5: Costo anual de Insumos para mantenimiento preventivo (OLM) | D5: 0.004 | F5: =$D$5*$D$4*E4 -> 179.312 | H5: =$D$5*$D$4*G4 -> 179.312 | J5: =$D$5*$D$4*I4 -> 179.312 | L5: =$D$5*$D$4*K4 -> 179.312 | N5: |
B6: b | C6: Kit anual de repuestos (OLM) | D6: 0.004 | F6: =$D$6*$D$4*E4 -> 179.312 | H6: =$D$6*$D$4*G4 -> 179.312 | J6: =$D$6*$D$4*I4 -> 179.312 | L6: =$D$6*$D$4*K4 -> 179.312
B7: 3.1.10. | C7: Equipo de circuito cerrado. | D7: ='TABLA GENERAL FASE 1 Y 2'!H146 -> 12096 | E7: ='TABLA GENERAL FASE 1 Y 2'!J146 -> 0 | F7: =E7*D7 -> 0 | G7: ='TABLA GENERAL FASE 1 Y 2'!L146 -> 0 | H7: =G7*D7 -> 0 | I7: ='TABLA GENERAL FASE 1 Y 2'!N146 -> 0 | J7: =I7*D7 -> 0 | K7: ='TABLA GENERAL FASE 1 Y 2'!P146 -> 5 | L7: =K7*D7 -> 60480 | M7: =K7+I7+G7+E7 -> 5 | N7: =L7+J7+H7+F7 -> 60480
B8: a | C8: Costo anual de Insumos para mantenimiento preventivo (OLM) | D8: 0.004 | F8: =$D$8*$D$7*E7 -> 0 | H8: =$D$8*$D$7*G7 -> 0 | J8: =$D$8*$D$7*I7 -> 0 | L8: =$D$8*$D$7*K7 -> 241.92
B9: b | C9: Kit anual de repuestos (OLM) | D9: 0.004 | F9: =$D$9*$D$7*E7 -> 0 | H9: =$D$9*$D$7*G7 -> 0 | J9: =$D$9*$D$7*I7 -> 0 | L9: =$D$9*$D$7*K7 -> 241.92
B10: c | C10: Mantenimiento Programado (cada 5 años) | D10: 0.02 | F10: =$D$10*$D$7*E7 -> 0 | H10: =$D$10*$D$7*G7 -> 0 | J10: =$D$10*$D$7*I7 -> 0 | L10: =$D$10*$D$7*K7 -> 1209.6
B11: 3.1.11. | C11: Compensador circuito cerrado. | D11: ='TABLA GENERAL FASE 1 Y 2'!H147 -> 3600 | E11: ='TABLA GENERAL FASE 1 Y 2'!J147 -> 18 | F11: =E11*D11 -> 64800 | G11: ='TABLA GENERAL FASE 1 Y 2'!L147 -> 6 | H11: =G11*D11 -> 21600 | I11: ='TABLA GENERAL FASE 1 Y 2'!N147 -> 22 | J11: =I11*D11 -> 79200 | K11: ='TABLA GENERAL FASE 1 Y 2'!P147 -> 10 | L11: =K11*D11 -> 36000 | M11: =K11+I11+G11+E11 -> 56 | N11: =L11+J11+H11+F11 -> 201600
B12: a | C12: Costo anual de Insumos para mantenimiento preventivo (OLM) | D12: 0.004 | F12: =$D$12*$D$11*E11 -> 259.2 | H12: =$D$12*$D$11*G11 -> 86.4 | J12: =$D$12*$D$11*I11 -> 316.8 | L12: =$D$12*$D$11*K11 -> 144
B13: b | C13: Kit anual de repuestos (OLM) | D13: 0.004 | F13: =$D$13*$D$11*E11 -> 259.2 | H13: =$D$13*$D$11*G11 -> 86.4 | J13: =$D$13*$D$11*I11 -> 316.8 | L13: =$D$13*$D$11*K11 -> 144
B14: c | C14: Mantenimiento Programado (cada 5 años) | D14: 0.02 | F14: =$D$14*$D$11*E11 -> 1296 | H14: =$D$14*$D$11*G11 -> 432 | J14: =$D$14*$D$11*I11 -> 1584 | L14: =$D$14*$D$11*K11 -> 720
B15: 3.1.17. | C15: Reguladores con consola y octupus (12 por Unidad). | D15: ='TABLA GENERAL FASE 1 Y 2'!H153 -> 450 | E15: ='TABLA GENERAL FASE 1 Y 2'!J153 -> 0 | F15: =E15*D15 -> 0 | G15: ='TABLA GENERAL FASE 1 Y 2'!L153 -> 0 | H15: =G15*D15 -> 0 | I15: ='TABLA GENERAL FASE 1 Y 2'!N153 -> 0 | J15: =I15*D15 -> 0 | K15: ='TABLA GENERAL FASE 1 Y 2'!P153 -> 14 | L15: =K15*D15 -> 6300 | M15: =K15+I15+G15+E15 -> 14 | N15: =L15+J15+H15+F15 -> 6300
B16: a | C16: Costo anual de Insumos para mantenimiento preventivo (OLM) | D16: 0.004 | F16: =$D$16*$D$15*E15 -> 0 | H16: =$D$16*$D$15*G15 -> 0 | J16: =$D$16*$D$15*I15 -> 0 | L16: =$D$16*$D$15*K15 -> 25.2
B17: b | C17: Kit anual de repuestos (OLM) | D17: 0.005 | F17: =$D$17*$D$15*E15 -> 0 | H17: =$D$17*$D$15*G15 -> 0 | J17: =$D$17*$D$15*I15 -> 0 | L17: =$D$17*$D$15*K15 -> 31.5
B18: 3.1.24. | C18: Compresor de aire portátil para buceo. | D18: ='TABLA GENERAL FASE 1 Y 2'!H160 -> 5572 | E18: ='TABLA GENERAL FASE 1 Y 2'!J160 -> 0 | F18: =E18*D18 -> 0 | G18: ='TABLA GENERAL FASE 1 Y 2'!L160 -> 0 | H18: =G18*D18 -> 0 | I18: ='TABLA GENERAL FASE 1 Y 2'!N160 -> 0 | J18: =I18*D18 -> 0 | K18: ='TABLA GENERAL FASE 1 Y 2'!P160 -> 4 | L18: =K18*D18 -> 22288 | M18: =K18+I18+G18+E18 -> 4 | N18: =L18+J18+H18+F18 -> 22288
B19: a | C19: Costo anual de Insumos para mantenimiento preventivo (OLM) | D19: 0.005 | F19: =$D$19*$D$18*E18 -> 0 | H19: =$D$19*$D$18*G18 -> 0 | J19: =$D$19*$D$18*I18 -> 0 | L19: =$D$19*$D$18*K18 -> 111.44
B20: b | C20: Kit anual de repuestos (OLM) | D20: 0.005 | F20: =$D$20*$D$18*E18 -> 0 | H20: =$D$20*$D$18*G18 -> 0 | J20: =$D$20*$D$18*I18 -> 0 | L20: =$D$20*$D$18*K18 -> 111.44
B21: 3.1.18. | C21: Traje seco de buceo. | D21: ='TABLA GENERAL FASE 1 Y 2'!H154 -> 3305 | E21: ='TABLA GENERAL FASE 1 Y 2'!J154 -> 14 | F21: =E21*D21 -> 46270 | G21: ='TABLA GENERAL FASE 1 Y 2'!L154 -> 0 | H21: =G21*D21 -> 0 | I21: ='TABLA GENERAL FASE 1 Y 2'!N154 -> 12 | J21: =I21*D21 -> 39660 | K21: ='TABLA GENERAL FASE 1 Y 2'!P154 -> 10 | L21: =K21*D21 -> 33050 | M21: =K21+I21+G21+E21 -> 36 | N21: =L21+J21+H21+F21 -> 118980
B22: a | C22: Costo anual de Insumos para mantenimiento preventivo (OLM) | D22: 0.004 | F22: =$D$22*$D$21*E21 -> 185.08 | H22: =$D$22*$D$21*G21 -> 0 | J22: =$D$22*$D$21*I21 -> 158.64 | L22: =$D$22*$D$21*K21 -> 132.2
B23: b | C23: Kit anual de repuestos (OLM) | D23: 0.004 | F23: =$D$23*$D$21*E21 -> 185.08 | H23: =$D$23*$D$21*G21 -> 0 | J23: =$D$23*$D$21*I21 -> 158.64 | L23: =$D$23*$D$21*K21 -> 132.2
D24: 2021 | E24: 1 | F24: =F5+F6+F12+F13+F16+F17+F8+F9+F19+F20+F22+F23 -> 1247.184 | G24: 2022 | H24: =H5+H6+H12+H13+H16+H17+H8+H9+H19+H20+H22+H23 -> 531.424 | I24: 2023 | J24: =J5+J6+J12+J13+J16+J17+J8+J9+J19+J20+J22+J23 -> 1309.504 | K24: 2025 | L24: =L5+L6+L12+L13+L16+L17+L8+L9+L19+L20+L22+L23 -> 1674.444
E25: 2 | F25: =F10+F14 -> 1296 | H25: =H10+H14 -> 432 | J25: =J10+J14 -> 1584 | L25: =L10+L14 -> 1929.6
C28: 2021 | D28: 2022 | E28: 2023 | F28: 2024 | G28: 2025 | H28: 2026 | I28: 2027 | J28: 2028 | K28: 2029 | L28: 2030 | M28: 2031 | N28: 2032 | O28: 2033 | P28: 2034 | Q28: 2035 | R28: 2036 | S28: 2037 | T28: 2038 | U28: 2039 | V28: 2040 | W28: 2041 | X28: 2042 | Y28: 2043 | Z28: 2044 | AA28: 2045 | AB28: 2046
B29: Costos ILS | C29: Año 0 | D29: Año 1 | E29: Año 2 | F29: Años 3 | G29: Año 4 | H29: Año 5 | I29: Años 6 | J29: Año 7 | K29: Año 8 | L29: Años 9 | M29: Año 10 | N29: Año 11 | O29: Año 12 | P29: Años 13 | Q29: Año 14 | R29: Año 15 | S29: Años 16 | T29: Año 17 | U29: Año 18 | V29: Años 19 | W29: Año 20 | X29: Año 21 | Y29: Año 22 | Z29: Años 23 | AA29: Año 24 | AB29: Años 25 | AC29: TOTAL
A30: 1 | B30: Manteniemiento básico, repuestos,. | D30: =F24 -> 1247.184 | E30: =$F$24+$H$24 -> 1778.608 | F30: =$F$24+$H$24+$J$24 -> 3088.112 | G30: =$F$24+$H$24+$J$24 -> 3088.112 | H30: =$F$24+$H$24+$L$24+$J$24 -> 4762.556 | I30: =$F$24+$H$24+$L$24+$J$24 -> 4762.556 | J30: =$F$24+$H$24+$L$24+$J$24 -> 4762.556 | K30: =$F$24+$H$24+$L$24+$J$24 -> 4762.556 | L30: =$F$24+$H$24+$L$24+$J$24 -> 4762.556 | M30: =$F$24+$H$24+$L$24+$J$24 -> 4762.556 | N30: =$F$24+$H$24+$L$24+$J$24 -> 4762.556 | O30: =$F$24+$H$24+$L$24+$J$24 -> 4762.556 | ... AA30: =$F$24+$H$24+$L$24+$J$24 -> 4762.556 | AB30: =Z24+AB24+AF24+AD24 -> 0 | AC30: =SUM(C30:AB30) -> 104453.14
A31: 2 | B31: mantenimiento programado (inspectivo y correctivo) | C31: =(F8+F9) -> 0 | H31: =$F$25 -> 1296 | I31: =$H$25 -> 432 | J31: =$J$25 -> 1584 | M31: =$F$25 -> 1296 | N31: =$H$25 -> 432 | O31: =$J$25 -> 1584 | R31: =$F$25 -> 1296 | S31: =$H$25 -> 432 | T31: =$J$25 -> 1584 | W31: =$F$25 -> 1296 | X31: =$H$25 -> 432 | Y31: =$J$25 -> 1584 | AB31: =$F$25 -> 1296 | AC31: =SUM(C31:AB31) -> 14544
B32: totales | C32: =SUM(C30:C31) -> 0 | D32: =SUM(D30:D31) -> 1247.184 | E32: =SUM(E30:E31) -> 1778.608 | F32: =SUM(F30:F31) -> 3088.112 | G32: =SUM(G30:G31) -> 3088.112 | H32: =SUM(H30:H31) -> 6058.556 | I32: =SUM(I30:I31) -> 5194.556 | J32: =SUM(J30:J31) -> 6346.556 | ... AB32: =SUM(AB30:AB31) -> 1296 | AC32: =SUM(C32:AB32) -> 118997.14
C35: EQUIPAMIENTO PARA INSERCIONES ANFIBIAS | D35: VALOR UNITARIO O FACTORES DE CÁLCULO RELACIONADOS | E35: CANTIDAD 2021 | F35: VALOR TOTAL | G35: CANTIDAD 2022 | H35: VALOR TOTAL | I35: CANTIDAD 2023 | J35: VALOR TOTAL | K35: CANTIDAD 2025 | L35: VALOR TOTAL | M35: CANTIDADES TOTALES FASE 1 Y 2 | N35: VALORES TOTALES FASE 1 Y 2
B36: 3.2.2. | C36: Bote de goma inflable inc. Kit inflado MK5. | D36: ='TABLA GENERAL FASE 1 Y 2'!H162 -> 19274 | E36: ='TABLA GENERAL FASE 1 Y 2'!J162 -> 0 | F36: =E36*D36 -> 0 | G36: ='TABLA GENERAL FASE 1 Y 2'!L162 -> 0 | H36: =G36*D36 -> 0 | I36: ='TABLA GENERAL FASE 1 Y 2'!N162 -> 0 | J36: =I36*D36 -> 0 | K36: ='TABLA GENERAL FASE 1 Y 2'!P162 -> 1 | L36: =K36*D36 -> 19274 | M36: =K36+I36+G36+E36 -> 1 | N36: =L36+J36+H36+F36 -> 19274
C37: Costo anual de Insumos para mantenimiento preventivo (OLM) | D37: 0.015 | F37: =$D$37*$D$36*E36 -> 0 | H37: =$D$37*$D$36*G36 -> 0 | J37: =$D$37*$D$36*I36 -> 0 | L37: =$D$37*$D$36*K36 -> 289.11
C38: Kit anual de repuestos (OLM) | D38: 0.01 | F38: =$D$37*$D$36*E36 -> 0 | H38: =$D$37*$D$36*G36 -> 0 | J38: =$D$37*$D$36*I36 -> 0 | L38: =$D$37*$D$36*K36 -> 289.11
B39: 3.2.3. | C39: Bote de goma inflable inc. Kit inflado FC-470. | D39: ='TABLA GENERAL FASE 1 Y 2'!H163 -> 13144 | E39: ='TABLA GENERAL FASE 1 Y 2'!J163 -> 0 | F39: =E39*D39 -> 0 | G39: ='TABLA GENERAL FASE 1 Y 2'!L163 -> 0 | H39: =G39*D39 -> 0 | I39: ='TABLA GENERAL FASE 1 Y 2'!N163 -> 0 | J39: =I39*D39 -> 0 | K39: ='TABLA GENERAL FASE 1 Y 2'!P163 -> 4 | L39: =K39*D39 -> 52576 | M39: =K39+I39+G39+E39 -> 4 | N39: =L39+J39+H39+F39 -> 52576
C40: Costo anual de Insumos para mantenimiento preventivo (OLM) | D40: 0.015 | F40: =$D$40*$D$39*E39 -> 0 | H40: =$D$40*$D$39*G39 -> 0 | J40: =$D$40*$D$39*I39 -> 0 | L40: =$D$40*$D$39*K39 -> 788.64
C41: Kit anual de repuestos (OLM) | D41: 0.01 | F41: =$D$41*$D$40*E39 -> 0 | H41: =$D$41*$D$40*G39 -> 0 | J41: =$D$41*$D$40*I39 -> 0 | L41: =$D$41*$D$40*K39 -> 0.0006
B42: 3.2.4. | C42: Motor fuera de Borda 40 HP. | D42: ='TABLA GENERAL FASE 1 Y 2'!H164 -> 7500 | E42: ='TABLA GENERAL FASE 1 Y 2'!J164 -> 0 | F42: =E42*D42 -> 0 | G42: ='TABLA GENERAL FASE 1 Y 2'!L164 -> 0 | H42: =G42*D42 -> 0 | I42: ='TABLA GENERAL FASE 1 Y 2'!N164 -> 0 | J42: =I42*D42 -> 0 | K42: ='TABLA GENERAL FASE 1 Y 2'!P164 -> 4 | L42: =K42*D42 -> 30000 | M42: =K42+I42+G42+E42 -> 4 | N42: =L42+J42+H42+F42 -> 30000
C43: Costo anual de Insumos para mantenimiento preventivo (OLM) | D43: 0.02 | F43: =$D$43*$D$42*E42 -> 0 | H43: =$D$43*$D$42*G42 -> 0 | J43: =$D$43*$D$42*I42 -> 0 | L43: =$D$43*$D$42*K42 -> 600
C44: Kit anual de repuestos (OLM) | D44: 0.01 | F44: =$D$44*$D$42*E42 -> 0 | H44: =$D$44*$D$42*G42 -> 0 | J44: =$D$44*$D$42*I42 -> 0 | L44: =$D$44*$D$42*K42 -> 300
B45: 3.2.5. | C45: Motor fuera de borda 55 HP. | D45: ='TABLA GENERAL FASE 1 Y 2'!H165 -> 8750 | E45: ='TABLA GENERAL FASE 1 Y 2'!J165 -> 0 | F45: =E45*D45 -> 0 | G45: ='TABLA GENERAL FASE 1 Y 2'!L165 -> 0 | H45: =G45*D45 -> 0 | I45: ='TABLA GENERAL FASE 1 Y 2'!N165 -> 0 | J45: =I45*D45 -> 0 | K45: ='TABLA GENERAL FASE 1 Y 2'!P165 -> 1 | L45: =K45*D45 -> 8750 | M45: =K45+I45+G45+E45 -> 1 | N45: =L45+J45+H45+F45 -> 8750
C46: Costo anual de Insumos para mantenimiento preventivo (OLM) | D46: 0.02 | F46: =$D$46*$D$45*E45 -> 0 | H46: =$D$46*$D$45*G45 -> 0 | J46: =$D$46*$D$45*I45 -> 0 | L46: =$D$46*$D$45*K45 -> 175
C47: Kit anual de repuestos (OLM) | D47: 0.01 | F47: =$D$47*$D$45*E45 -> 0 | H47: =$D$47*$D$45*G45 -> 0 | J47: =$D$47*$D$45*I45 -> 0 | L47: =$D$47*$D$45*K45 -> 87.5
D48: 2021 | E48: 1 | F48: =F37+F38+F40+F41+F43+F44+F46+F47 -> 0 | G48: 2022 | H48: =I37+I38+I40+I41+I43+I44+I46+I47 -> 0 | I48: 2023 | J48: =K37+K38+K40+K41+K43+K44+K46+K47 -> 0 | K48: 2025 | L48: =L37+L38+L40+L41+L43+L44+L46+L47 -> 2529.3606
E49: 2 | F49: =F34+F38 -> 0 | H49: =I34+I38 -> 0 | J49: =K34+K38 -> 0 | L49: =L34+L38 -> 289.11
C51: 2021 | D51: 2022 | E51: 2023 | F51: 2024 | G51: 2025 | H51: 2026 | I51: 2027 | J51: 2028 | K51: 2029 | L51: 2030 | M51: 2031 | N51: 2032 | O51: 2033 | P51: 2034 | Q51: 2035 | R51: 2036 | S51: 2037 | T51: 2038 | U51: 2039 | V51: 2040 | W51: 2041 | X51: 2042 | Y51: 2043 | Z51: 2044 | AA51: 2045 | AB51: 2046
B52: Costos ILS | C52: Año 0 | D52: Año 1 | E52: Año 2 | F52: Años 3 | G52: Año 4 | H52: Año 5 | I52: Años 6 | J52: Año 7 | K52: Año 8 | L52: Años 9 | M52: Año 10 | N52: Año 11 | O52: Año 12 | P52: Años 13 | Q52: Año 14 | R52: Año 15 | S52: Años 16 | T52: Año 17 | U52: Año 18 | V52: Años 19 | W52: Año 20 | X52: Año 21 | Y52: Año 22 | Z52: Años 23 | AA52: Año 24 | AB52: Años 25
B53: Manteniemiento, repuestos, soporte. | H53: =$L$49+$L$48 -> 2818.4706 | I53: =$L$49+$L$48 -> 2818.4706 | J53: =$L$49+$L$48 -> 2818.4706 | K53: =$L$49+$L$48 -> 2818.4706 | L53: =$L$49+$L$48 -> 2818.4706 | M53: =$L$49+$L$48 -> 2818.4706 | N53: =$L$49+$L$48 -> 2818.4706 | O53: =$L$49+$L$48 -> 2818.4706 | ... AB53: =$L$49+$L$48 -> 2818.4706

Sheet (4) CCV Logística
C4: EQUIPAMIENTO TRANSPORTE TÁCTICO FUERZAS ESPECIALES | D4: VALOR UNITARIO | E4: 2021 | F4: VALOR TOTAL | G4: 2022 | H4: VALOR TOTAL | I4: 2023 | J4: VALOR TOTAL | K4: 2025 | L4: VALOR TOTAL | M4: CANTIDADES TOTALES FASE 1 Y 2 | N4: VALORES TOTALES FASE 1 Y 2
B5: 4.1.2. | C5: Tráiler de remolque para equipo. | D5: ='TABLA GENERAL FASE 1 Y 2'!H173 -> 8540 | E5: ='TABLA GENERAL FASE 1 Y 2'!J173 -> 0 | F5: 0 | G5: ='TABLA GENERAL FASE 1 Y 2'!L173 -> 0 | H5: 0 | I5: ='TABLA GENERAL FASE 1 Y 2'!N173 -> 0 | J5: 0 | K5: ='TABLA GENERAL FASE 1 Y 2'!P173 -> 1 | L5: 8540 | M5: 1 | N5: 8540
B6: a | C6: Costo anual de Insumos para mantenimiento preventivo (OLM) | D6: 0.004 | F6: =$D$6*$D$5*E5 -> 0 | H6: =$D$6*$D$5*G5 -> 0 | J6: =$D$6*$D$5*I5 -> 0 | L6: =$D$6*$D$5*K5 -> 34.16 | N6: |
B7: b | C7: Kit anual de repuestos (OLM) | D7: 0.004 | F7: =$D$7*$D$5*E5 -> 0 | H7: =$D$7*$D$5*G5 -> 0 | J7: =$D$7*$D$5*I5 -> 0 | L7: =$D$7*$D$5*K5 -> 34.16
B8: c | C8: Mantenimiento programado 5 años | D8: 0.01 | F8: =$D$8*$D$5*E5 -> 0 | H8: =$D$8*$D$5*G5 -> 0 | J8: =$D$8*$D$5*I5 -> 0 | L8: =$D$8*$D$5*K5 -> 85.4
B9: 4.1.3. | C9: Vehículo militar todo terreno, para patrullas de FF.EE. de largo alcance, autonomía mínima 800 Km., transporte de 9 hombres con equipo. | D9: ='TABLA GENERAL FASE 1 Y 2'!H174 -> 244998.75 | E9: ='TABLA GENERAL FASE 1 Y 2'!J174 -> 0 | F9: 0 | G9: ='TABLA GENERAL FASE 1 Y 2'!L174 -> 1 | H9: 102286 | I9: ='TABLA GENERAL FASE 1 Y 2'!N174 -> 1 | J9: 102286 | K9: ='TABLA GENERAL FASE 1 Y 2'!P174 -> 0 | L9: 0 | M9: 2 | N9: 204572
B10: a | C10: Costo anual de Insumos para mantenimiento preventivo (OLM) | D10: 0.004 | F10: =$D$10*$D$9*E9 -> 0 | H10: =$D$10*$D$9*G9 -> 979.995 | J10: =$D$10*$D$9*I9 -> 979.995 | L10: =$D$10*$D$9*K9 -> 0 | N10: |
B11: b | C11: Kit anual de repuestos (OLM) | D11: 0.004 | F11: =$D$11*$D$9*E9 -> 0 | H11: =$D$11*$D$9*G9 -> 979.995 | J11: =$D$11*$D$9*I9 -> 979.995 | L11: =$D$11*$D$9*K9 -> 0
B12: c | C12: Mantenimiento programado 5 años | D12: 0.01 | F12: =$D$12*$D$9*E9 -> 0 | H12: =$D$12*$D$9*G9 -> 2449.9875 | J12: =$D$12*$D$9*I9 -> 2449.9875 | L12: =$D$12*$D$9*K9 -> 0
B13: 4.1.4. | C13: Vehículo militar todo terreno de apoyo logístico, para patrullas de FF.EE. de largo alcance. | D13: ='TABLA GENERAL FASE 1 Y 2'!H175 -> 54499 | E13: ='TABLA GENERAL FASE 1 Y 2'!J175 -> 0 | F13: 0 | G13: ='TABLA GENERAL FASE 1 Y 2'!L175 -> 0 | H13: 0 | I13: ='TABLA GENERAL FASE 1 Y 2'!N175 -> 2 | J13: 57062 | K13: ='TABLA GENERAL FASE 1 Y 2'!P175 -> 0 | L13: 0 | M13: 2 | N13: 57062
B14: a | C14: Costo anual de Insumos para mantenimiento preventivo (OLM) | D14: 0.004 | F14: =$D$14*$D$13*E13 -> 0 | H14: =$D$14*$D$13*G13 -> 0 | J14: =$D$14*$D$13*I13 -> 435.992 | L14: =$D$14*$D$13*K13 -> 0 | N14: |
B15: b | C15: Kit anual de repuestos (OLM) | D15: 0.004 | F15: =$D$15*$D$13*E13 -> 0 | H15: =$D$15*$D$13*G13 -> 0 | J15: =$D$15*$D$13*I13 -> 435.992 | L15: =$D$15*$D$13*K13 -> 0
B16: c | C16: Mantenimiento programado 5 años | D16: 0.01 | F16: =$D$16*$D$13*E13 -> 0 | H16: =$D$16*$D$13*G13 -> 0 | J16: =$D$16*$D$13*I13 -> 1089.98 | L16: =$D$16*$D$13*K13 -> 0
B17: 4.1.5. | C17: Vehículo militar todo terreno, para patrullas de FF.EE. de largo alcance, transporte de 4 hombres con equipo. | D17: ='TABLA GENERAL FASE 1 Y 2'!H176 -> 57249 | E17: 0 | F17: 0 | G17: 1 | H17: 61207 | I17: 3 | J17: 183621 | K17: 0 | L17: 0 | M17: 4 | N17: 244828
B18: a | C18: Costo anual de Insumos para mantenimiento preventivo (OLM) | D18: 0.004 | F18: =$D$18*$D$17*E17 -> 0 | H18: =$D$18*$D$17*G17 -> 228.996 | J18: =$D$18*$D$17*I17 -> 686.988 | L18: =$D$18*$D$17*K17 -> 0 | N18: |
B19: b | C19: Kit anual de repuestos (OLM) | D19: 0.004 | F19: =$D$19*$D$17*E17 -> 0 | H19: =$D$19*$D$17*G17 -> 228.996 | J19: =$D$19*$D$17*I17 -> 686.988 | L19: =$D$19*$D$17*K17 -> 0
B20: c | C20: Mantenimiento programado 5 años | D20: 0.01 | F20: =$D$20*$D$17*E17 -> 0 | H20: =$D$20*$D$17*G17 -> 572.49 | J20: =$D$20*$D$17*I17 -> 1717.47 | L20: =$D$20*$D$17*K17 -> 0
D21: 2021 | E21: 1 | F21: =F19+F18+F15+F14+F11+F10+F7+F6 -> 0 | G21: 2022 | H21: =H19+H18+H15+H14+H11+H10+H7+H6 -> 2417.982 | I21: 2023 | J21: =J19+J18+J15+J14+J11+J10+J7+J6 -> 4205.95 | K21: 2025 | L21: =L19+L18+L15+L14+L11+L10+L7+L6 -> 68.32
E22: 2 | F22: =F20+F16+F12+F8 -> 0 | H22: =H20+H16+H12+H8 -> 3022.4775 | J22: =J20+J16+J12+J8 -> 5257.4375 | L22: =L20+L16+L12+L8 -> 85.4
D24: 2021 | E24: 2022 | F24: 2023 | G24: 2024 | H24: 2025 | I24: 2026 | J24: 2027 | K24: 2028 | L24: 2029 | M24: 2030 | N24: 2031 | O24: 2032 | P24: 2033 | Q24: 2034 | R24: 2035 | S24: 2036 | T24: 2037 | U24: 2038 | V24: 2039 | W24: 2040
D25: Año 0 | E25: Año 1 | F25: Año 2 | G25: Años 3 | H25: Año 4 | I25: Año 5 | J25: Años 6 | K25: Año 7 | L25: Año 8 | M25: Años 9 | N25: Año 10 | O25: Año 11 | P25: Año 12 | Q25: Años 13 | R25: Año 14 | S25: Año 15 | T25: Años 16 | U25: Año 17 | V25: Año 18 | W25: Años 19
C26: Mantenimiento anual | F26: =H21 -> 2417.982 | G26: =J21 -> 4205.95 | H26: =G26 -> 4205.95 | I26: =$H$21+$J$21+$L$21 -> 6692.252 | J26: =$H$21+$J$21+$L$21 -> 6692.252 | K26: =$H$21+$J$21+$L$21 -> 6692.252 | L26: =$H$21+$J$21+$L$21 -> 6692.252 | M26: =$H$21+$J$21+$L$21 -> 6692.252 | N26: =$H$21+$J$21+$L$21 -> 6692.252 | O26: =$H$21+$J$21+$L$21 -> 6692.252 | P26: =$H$21+$J$21+$L$21 -> 6692.252 | ... U26: =$H$21+$J$21+$L$21 -> 6692.252 | V26: =U26-H21 -> 4274.27 | W26: =V26-J21 -> 68.32
C27: mantenimiento programado (inspectivo y correctivo) | J27: =H22 -> 3022.4775 | K27: =J22 -> 5257.4375 | L27: =L22 -> 85.4 | O27: =H22 -> 3022.4775 | P27: =J22 -> 5257.4375 | Q27: =L22 -> 85.4 | T27: =H22 -> 3022.4775 | U27: =J22 -> 5257.4375 | V27: =L22 -> 85.4 | X27: TOTAL
C28: totales | F28: =F26+F27 -> 2417.982 | G28: =G26+G27 -> 4205.95 | H28: =H26+H27 -> 4205.95 | I28: =I26+I27 -> 6692.252 | J28: =J26+J27 -> 9714.7295 | K28: =K26+K27 -> 11949.69 | L28: =L26+L27 -> 6777.652 | M28: =M26+M27 -> 6692.252 | ... W28: =W26+W27 -> 68.32 | X28: =SUM(D27:W28) -> 152363.64
C31: EQUIPAMIENTO TRANSPORTE TÁCTICO FUERZAS ESPECIALES | D31: VALOR UNITARIO | E31: 2021 | F31: VALOR TOTAL | G31: 2022 | H31: VALOR TOTAL | I31: 2023 | J31: VALOR TOTAL | K31: 2025 | L31: VALOR TOTAL | M31: CANTIDADES TOTALES FASE 1 Y 2 | N31: VALORES TOTALES FASE 1 Y 2
B32: 4.2.1. | C32: Carpa propósito general (5,3 x 7,1 mts.). | D32: ='TABLA GENERAL FASE 1 Y 2'!H180 -> 11022 | E32: ='TABLA GENERAL FASE 1 Y 2'!J180 -> 0 | F32: 0 | G32: ='TABLA GENERAL FASE 1 Y 2'!L180 -> 0 | H32: 0 | I32: ='TABLA GENERAL FASE 1 Y 2'!N180 -> 3 | J32: 33066 | K32: ='TABLA GENERAL FASE 1 Y 2'!P180 -> 2 | L32: 22044 | M32: 5 | N32: 55110
B33: a | C33: Costo anual de Insumos para mantenimiento preventivo (OLM) | D33: 0.002 | F33: =$D$32*$D$33*E32 -> 0 | H33: =$D$32*$D$33*G32 -> 0 | J33: =$D$32*$D$33*I32 -> 66.132 | L33: =$D$32*$D$33*K32 -> 44.088 | N33: |
B34: b | C34: Kit anual de repuestos (OLM) | D34: 0.005 | F34: =$D$32*$D$34*E32 -> 0 | H34: =$D$32*$D$34*G32 -> 0 | J34: =$D$32*$D$34*I32 -> 165.33 | L34: =$D$32*$D$34*K32 -> 110.22
B35: 4.2.3. | C35: Vehículo mediano de mando y control 4x4. | D35: ='TABLA GENERAL FASE 1 Y 2'!H182 -> 250260 | E35: ='TABLA GENERAL FASE 1 Y 2'!J182 -> 0 | F35: 0 | G35: ='TABLA GENERAL FASE 1 Y 2'!L182 -> 0 | H35: 0 | I35: ='TABLA GENERAL FASE 1 Y 2'!N183 -> 0 | J35: 0 | K35: ='TABLA GENERAL FASE 1 Y 2'!P182 -> 1 | L35: 250260 | M35: 1 | N35: 250260
B36: a | C36: Costo anual de Insumos para mantenimiento preventivo (OLM) | D36: 0.004 | F36: =$D$35*$D$36*E35 -> 0 | H36: =$D$35*$D$36*G35 -> 0 | J36: =$D$35*$D$36*I35 -> 0 | L36: =$D$35*$D$36*K35 -> 1001.04 | N36: |
B37: b | C37: Kit anual de repuestos (OLM) | D37: 0.004 | F37: =$D$35*$D$37*E35 -> 0 | H37: =$D$35*$D$37*G35 -> 0 | J37: =$D$35*$D$37*I35 -> 0 | L37: =$D$35*$D$37*K35 -> 1001.04
B38: c | C38: Mantenimiento programado 5 años | D38: 0.01 | F38: =$D$38*$D$35*E35 -> 0 | H38: =$D$38*$D$35*G35 -> 0 | J38: =$D$38*$D$35*I35 -> 0 | L38: =$D$38*$D$35*K35 -> 2502.6
B39: 4.2.4. | C39: Vehículo multipropósito Liviano 4x4. | D39: ='TABLA GENERAL FASE 1 Y 2'!H183 -> 75650 | E39: ='TABLA GENERAL FASE 1 Y 2'!J183 -> 0 | F39: 0 | G39: ='TABLA GENERAL FASE 1 Y 2'!L183 -> 0 | H39: 0 | I39: 0 | J39: 0 | K39: ='TABLA GENERAL FASE 1 Y 2'!P183 -> 1 | L39: 75650 | M39: 1 | N39: 75650
B40: a | C40: Costo anual de Insumos para mantenimiento preventivo (OLM) | D40: 0.004 | F40: =$D$39*$D$40*E39 -> 0 | H40: =$D$39*$D$40*G39 -> 0 | J40: =$D$39*$D$40*I39 -> 0 | L40: =$D$39*$D$40*K39 -> 302.6 | N40: |
B41: b | C41: Kit anual de repuestos (OLM) | D41: 0.004 | F41: =$D$39*$D$41*E39 -> 0 | H41: =$D$39*$D$41*G39 -> 0 | J41: =$D$39*$D$41*I39 -> 0 | L41: =$D$39*$D$41*K39 -> 302.6
B42: c | C42: Mantenimiento programado 5 años | D42: 0.01 | F42: =$D$39*$D$42*E39 -> 0 | H42: =$D$39*$D$42*G39 -> 0 | J42: =$D$39*$D$42*I39 -> 0 | L42: =$D$39*$D$42*K39 -> 756.5
B43: 4.2.5. | C43: Vehículo multipropósito Mediano 4x4. | D43: ='TABLA GENERAL FASE 1 Y 2'!H184 -> 181147 | E43: ='TABLA GENERAL FASE 1 Y 2'!J184 -> 0 | F43: 0 | G43: ='TABLA GENERAL FASE 1 Y 2'!L184 -> 0 | H43: 0 | I43: ='TABLA GENERAL FASE 1 Y 2'!N184 -> 1 | J43: 181147 | K43: ='TABLA GENERAL FASE 1 Y 2'!P184 -> 1 | L43: 181147 | M43: 2 | N43: 362294
B44: a | C44: Costo anual de Insumos para mantenimiento preventivo (OLM) | D44: 0.004 | F44: =$D$43*$D$44*E43 -> 0 | H44: =$D$43*$D$44*G43 -> 0 | J44: =$D$43*$D$44*I43 -> 724.588 | L44: =$D$43*$D$44*K43 -> 724.588 | N44: |
B45: b | C45: Kit anual de repuestos (OLM) | D45: 0.004 | F45: =$D$43*$D$45*E43 -> 0 | H45: =$D$43*$D$45*G43 -> 0 | J45: =$D$43*$D$45*I43 -> 724.588 | L45: =$D$43*$D$45*K43 -> 724.588
B46: c | C46: Mantenimiento programado 5 años | D46: 0.01 | F46: =$D$43*$D$46*E43 -> 0 | H46: =$D$43*$D$46*G43 -> 0 | J46: =$D$43*$D$46*I43 -> 1811.47 | L46: =$D$43*$D$46*K43 -> 1811.47
B47: 4.2.6. | C47: Vehículo multipropósito Pesado 4x4. | D47: ='TABLA GENERAL FASE 1 Y 2'!H185 -> 247000 | E47: ='TABLA GENERAL FASE 1 Y 2'!J185 -> 0 | F47: 0 | G47: ='TABLA GENERAL FASE 1 Y 2'!L185 -> 0 | H47: 0 | I47: ='TABLA GENERAL FASE 1 Y 2'!N185 -> 0 | J47: 0 | K47: ='TABLA GENERAL FASE 1 Y 2'!P185 -> 2 | L47: 741000 | M47: 3 | N47: 741000
B48: a | C48: Costo anual de Insumos para mantenimiento preventivo (OLM) | D48: 0.004 | F48: =$D$47*$D$48*E47 -> 0 | H48: =$D$47*$D$48*G47 -> 0 | J48: =$D$47*$D$48*I47 -> 0 | L48: =$D$47*$D$48*K47 -> 1976 | N48: |
B49: b | C49: Kit anual de repuestos (OLM) | D49: 0.004 | F49: =$D$47*$D$49*E47 -> 0 | H49: =$D$47*$D$49*G47 -> 0 | J49: =$D$47*$D$49*I47 -> 0 | L49: =$D$47*$D$49*K47 -> 1976
B50: c | C50: Mantenimiento programado 5 años | D50: 0.01 | F50: =$D$47*$D$50*E47 -> 0 | H50: =$D$47*$D$50*G47 -> 0 | J50: =$D$47*$D$50*I47 -> 0 | L50: =$D$47*$D$50*K47 -> 4940
B51: 4.2.7. | C51: Tráiler 1/4 Ton. | D51: ='TABLA GENERAL FASE 1 Y 2'!H186 -> 12740 | E51: ='TABLA GENERAL FASE 1 Y 2'!J186 -> 0 | F51: 0 | G51: ='TABLA GENERAL FASE 1 Y 2'!L186 -> 0 | H51: 0 | I51: ='TABLA GENERAL FASE 1 Y 2'!N186 -> 0 | J51: 0 | K51: ='TABLA GENERAL FASE 1 Y 2'!P186 -> 1 | L51: 12740 | M51: 1 | N51: 12740
B52: a | C52: Costo anual de Insumos para mantenimiento preventivo (OLM) | D52: 0.004 | F52: =$D$51*$D$52*E51 -> 0 | H52: =$D$51*$D$52*G51 -> 0 | J52: =$D$51*$D$52*I51 -> 0 | L52: =$D$51*$D$52*K51 -> 50.96 | N52: |
B53: b | C53: Kit anual de repuestos (OLM) | D53: 0.004 | F53: =$D$51*$D$53*E51 -> 0 | H53: =$D$51*$D$53*G51 -> 0 | J53: =$D$51*$D$53*I51 -> 0 | L53: =$D$51*$D$53*K51 -> 50.96
B54: c | C54: Mantenimiento programado 5 años | D54: 0.01 | F54: =$D$51*$D$54*E51 -> 0 | H54: =$D$51*$D$54*G51 -> 0 | J54: =$D$51*$D$54*I51 -> 0 | L54: =$D$51*$D$54*K51 -> 127.4
B55: 4.2.8. | C55: Tráiler aljibe 1.500 Lts. | D55: ='TABLA GENERAL FASE 1 Y 2'!H187 -> 24190 | E55: ='TABLA GENERAL FASE 1 Y 2'!J187 -> 0 | F55: 0 | G55: 0 | H55: 0 | I55: 0 | J55: 0 | K55: 1 | L55: 24190 | M55: 1 | N55: 24190
B56: a | C56: Costo anual de Insumos para mantenimiento preventivo (OLM) | D56: 0.004 | F56: =$D$55*$D$56*E55 -> 0 | H56: =$D$55*$D$56*G55 -> 0 | J56: =$D$55*$D$56*I55 -> 0 | L56: =$D$55*$D$56*K55 -> 96.76 | N56: |
B57: b | C57: Kit anual de repuestos (OLM) | D57: 0.004 | F57: =$D$55*$D$57*E55 -> 0 | H57: =$D$55*$D$57*G55 -> 0 | J57: =$D$55*$D$57*I55 -> 0 | L57: =$D$55*$D$57*K55 -> 96.76
B58: c | C58: Mantenimiento programado 5 años | D58: 0.01 | F58: =$D$55*$D$58*E55 -> 0 | H58: =$D$55*$D$58*G55 -> 0 | J58: =$D$55*$D$58*I55 -> 0 | L58: =$D$55*$D$58*K55 -> 241.9
B59: 4.2.9. | C59: Tráiler estación de rancho. | D59: ='TABLA GENERAL FASE 1 Y 2'!H188 -> 61950 | E59: ='TABLA GENERAL FASE 1 Y 2'!J188 -> 0 | F59: 0 | G59: ='TABLA GENERAL FASE 1 Y 2'!L188 -> 0 | H59: 0 | I59: ='TABLA GENERAL FASE 1 Y 2'!N188 -> 0 | J59: 0 | K59: ='TABLA GENERAL FASE 1 Y 2'!P188 -> 1 | L59: 61950 | M59: 1 | N59: 61950
B60: a | C60: Costo anual de Insumos para mantenimiento preventivo (OLM) | D60: 0.004 | F60: =$D$59*$D$60*E59 -> 0 | H60: =$D$59*$D$60*G59 -> 0 | J60: =$D$59*$D$60*I59 -> 0 | L60: =$D$59*$D$60*K59 -> 247.8 | N60: |
B61: b | C61: Kit anual de repuestos (OLM) | D61: 0.004 | F61: =$D$59*$D$61*E59 -> 0 | H61: =$D$59*$D$61*G59 -> 0 | J61: =$D$59*$D$61*I59 -> 0 | L61: =$D$59*$D$61*K59 -> 247.8
B62: c | C62: Mantenimiento programado 5 años | D62: 0.01 | F62: =$D$59*$D$62*E59 -> 0 | H62: =$D$59*$D$62*G59 -> 0 | J62: =$D$59*$D$62*I59 -> 0 | L62: =$D$59*$D$62*K59 -> 619.5
B63: 4.2.10. | C63: Tráiler de carga 1.5 Ton. | D63: ='TABLA GENERAL FASE 1 Y 2'!H189 -> 22080 | E63: ='TABLA GENERAL FASE 1 Y 2'!J189 -> 0 | F63: 0 | G63: ='TABLA GENERAL FASE 1 Y 2'!L189 -> 0 | H63: 0 | I63: ='TABLA GENERAL FASE 1 Y 2'!N189 -> 0 | J63: 0 | K63: ='TABLA GENERAL FASE 1 Y 2'!P189 -> 2 | L63: 45638 | M63: 2 | N63: 45638
B64: a | C64: Costo anual de Insumos para mantenimiento preventivo (OLM) | D64: 0.004 | F64: =$D$63*$D$64*E63 -> 0 | H64: =$D$63*$D$64*G63 -> 0 | J64: =$D$63*$D$64*I63 -> 0 | L64: =$D$63*$D$64*K63 -> 176.64 | N64: |
B65: b | C65: Kit anual de repuestos (OLM) | D65: 0.004 | F65: =$D$63*$D$65*E63 -> 0 | H65: =$D$63*$D$65*G63 -> 0 | J65: =$D$63*$D$65*I63 -> 0 | L65: =$D$63*$D$65*K63 -> 176.64
B66: c | C66: Mantenimiento programado 5 años | D66: 0.01 | F66: =$D$63*$D$66*E63 -> 0 | H66: =$D$63*$D$66*G63 -> 0 | J66: =$D$63*$D$66*I63 -> 0 | L66: =$D$63*$D$66*K63 -> 441.6
B67: 4.2.11. | C67: Tráiler congelador / mantenedor de alimentos. | D67: ='TABLA GENERAL FASE 1 Y 2'!H190 -> 16630 | E67: ='TABLA GENERAL FASE 1 Y 2'!J190 -> 0 | F67: 0 | G67: ='TABLA GENERAL FASE 1 Y 2'!L190 -> 0 | H67: 0 | I67: ='TABLA GENERAL FASE 1 Y 2'!N190 -> 0 | J67: 0 | K67: ='TABLA GENERAL FASE 1 Y 2'!P190 -> 1 | L67: 22080 | M67: 1 | N67: 22080
B68: a | C68: Costo anual de Insumos para mantenimiento preventivo (OLM) | D68: 0.004 | F68: =$D$67*$D$68*E67 -> 0 | H68: =$D$67*$D$68*G67 -> 0 | J68: =$D$67*$D$68*I67 -> 0 | L68: =$D$67*$D$68*K67 -> 66.52 | N68: |
B69: b | C69: Kit anual de repuestos (OLM) | D69: 0.004 | F69: =$D$67*$D$69*E67 -> 0 | H69: =$D$67*$D$69*G67 -> 0 | J69: =$D$67*$D$69*I67 -> 0 | L69: =$D$67*$D$69*K67 -> 66.52
B70: c | C70: Mantenimiento programado 5 años | D70: 0.01 | F70: =$D$67*$D$70*E67 -> 0 | H70: =$D$67*$D$70*G67 -> 0 | J70: =$D$67*$D$70*I67 -> 0 | L70: =$D$67*$D$70*K67 -> 166.3
B71: 4.2.12. | C71: Vehículo de transporte de Carga 10 Ton. | D71: ='TABLA GENERAL FASE 1 Y 2'!H191 -> 72745 | E71: ='TABLA GENERAL FASE 1 Y 2'!J191 -> 0 | F71: 0 | G71: ='TABLA GENERAL FASE 1 Y 2'!L191 -> 0 | H71: 0 | I71: ='TABLA GENERAL FASE 1 Y 2'!N191 -> 0 | J71: 0 | K71: ='TABLA GENERAL FASE 1 Y 2'!P191 -> 1 | L71: 72745 | M71: 1 | N71: 72745
B72: a | C72: Costo anual de Insumos para mantenimiento preventivo (OLM) | D72: 0.004 | F72: =$D$71*$D$72*E71 -> 0 | H72: =$D$71*$D$72*G71 -> 0 | J72: =$D$71*$D$72*I71 -> 0 | L72: =$D$71*$D$72*K71 -> 290.98 | N72: |
B73: b | C73: Kit anual de repuestos (OLM) | D73: 0.004 | F73: =$D$71*$D$73*E71 -> 0 | H73: =$D$71*$D$73*G71 -> 0 | J73: =$D$71*$D$73*I71 -> 0 | L73: =$D$71*$D$73*K71 -> 290.98
B74: c | C74: Mantenimiento programado 5 años | D74: 0.01 | F74: =$D$71*$D$74*E71 -> 0 | H74: =$D$71*$D$74*G71 -> 0 | J74: =$D$71*$D$74*I71 -> 0 | L74: =$D$71*$D$74*K71 -> 727.45
D75: 2021 | E75: 1 | F75: =+F73+F72+F69+F65+F64+F61+F60+F57+F56+F53+F52+F49+F48+F45+F44+F41+F40+F37+F36+F34+F33 -> 0 | G75: 2022 | H75: =+H73+H72+H69+H65+H64+H61+H60+H57+H56+H53+H52+H49+H48+H45+H44+H41+H40+H37+H36+H34+H33 -> 0 | I75: 2023 | J75: =+J73+J72+J69+J65+J64+J61+J60+J57+J56+J53+J52+J49+J48+J45+J44+J41+J40+J37+J36+J34+J33 -> 1680.638 | K75: 2025 | L75: =+L73+L72+L69+L65+L64+L61+L60+L57+L56+L53+L52+L49+L48+L45+L44+L41+L40+L37+L36+L34+L33 -> 9955.564
E76: 2 | F76: =+F74+F70+F66+F62+F58+F54+F50+F46+F42+F38 -> 0 | H76: =+H74+H70+H66+H62+H58+H54+H50+H46+H42+H38 -> 0 | J76: =+J74+J70+J66+J62+J58+J54+J50+J46+J42+J38 -> 1811.47 | L76: =+L74+L70+L66+L62+L58+L54+L50+L46+L42+L38 -> 12334.72
D79: 2021 | E79: 2022 | F79: 2023 | G79: 2024 | H79: 2025 | I79: 2026 | J79: 2027 | K79: 2028 | L79: 2029 | M79: 2030 | N79: 2031 | O79: 2032 | P79: 2033 | Q79: 2034 | R79: 2035 | S79: 2036 | T79: 2037 | U79: 2038 | V79: 2039 | W79: 2040
D80: Año 0 | E80: Año 1 | F80: Año 2 | G80: Años 3 | H80: Año 4 | I80: Año 5 | J80: Años 6 | K80: Año 7 | L80: Año 8 | M80: Años 9 | N80: Año 10 | O80: Año 11 | P80: Año 12 | Q80: Años 13 | R80: Año 14 | S80: Año 15 | T80: Años 16 | U80: Año 17 | V80: Año 18 | W80: Años 19
B81: 1 | C81: Mantenimiento anual | G81: =J75 -> 1680.638 | H81: =G81 -> 1680.638 | I81: =$J$75+$L$75 -> 11636.202 | J81: =$J$75+$L$75 -> 11636.202 | K81: =$J$75+$L$75 -> 11636.202 | L81: =$J$75+$L$75 -> 11636.202 | M81: =$J$75+$L$75 -> 11636.202 | N81: =$J$75+$L$75 -> 11636.202 | O81: =$J$75+$L$75 -> 11636.202 | P81: =$J$75+$L$75 -> 11636.202 | ... W81: =$J$75+$L$75 -> 11636.202
B82: 2 | C82: mantenimiento programado (inspectivo y correctivo) | K82: =J76 -> 1811.47 | M82: =L76 -> 12334.72 | P82: =J76 -> 1811.47 | R82: =L76 -> 12334.72 | U82: =J76 -> 1811.47 | W82: =L76 -> 12334.72 | X82: TOTAL
C83: totales | D83: =D81+D82 -> 0 | E83: =E81+E82 -> 0 | F83: =F81+F82 -> 0 | G83: =G81+G82 -> 1680.638 | H83: =H81+H82 -> 1680.638 | I83: =I81+I82 -> 11636.202 | J83: =J81+J82 -> 11636.202 | K83: =K81+K82 -> 13447.672 | ... W83: =W81+W82 -> 23970.922 | X83: =SUM(D82:W83) -> 262781.45
C86: EQUIPAMIENTO TRANSPORTE TÁCTICO FUERZAS ESPECIALES | D86: VALOR UNITARIO | E86: 2021 | F86: VALOR TOTAL | G86: 2022 | H86: VALOR TOTAL | I86: 2023 | J86: VALOR TOTAL | K86: 2025 | L86: VALOR TOTAL | M86: CANTIDADES TOTALES FASE 1 Y 2 | N86: VALORES TOTALES FASE 1 Y 2
B87: 4.3.2. | C87: Carpa de sanidad inflable 2 cuerpos. | D87: ='TABLA GENERAL FASE 1 Y 2'!H193 -> 18224 | E87: ='TABLA GENERAL FASE 1 Y 2'!J193 -> 0 | F87: 0 | G87: ='TABLA GENERAL FASE 1 Y 2'!L193 -> 0 | H87: 0 | I87: ='TABLA GENERAL FASE 1 Y 2'!N194 -> 0 | J87: 0 | K87: ='TABLA GENERAL FASE 1 Y 2'!P193 -> 1 | L87: 12296 | M87: 1 | N87: 12296
B88: a | C88: Costo anual de Insumos para mantenimiento preventivo (OLM) | D88: 0.004 | F88: =$D$88*$D$87*E87 -> 0 | H88: =$D$88*$D$87*G87 -> 0 | J88: =$D$88*$D$87*I87 -> 0 | L88: =$D$88*$D$87*K87 -> 72.896 | N88: |
B89: b | C89: Kit anual de repuestos (OLM) | D89: 0.004 | F89: =$D$87*$D$88*E87 -> 0 | H89: =$D$87*$D$88*G87 -> 0 | J89: =$D$87*$D$88*I87 -> 0 | L89: =$D$87*$D$88*K87 -> 72.896
B90: 4.3.3. | C90: Kit para implementación de atención hasta 1 paciente crítico. | D90: ='TABLA GENERAL FASE 1 Y 2'!H194 -> 47215 | E90: ='TABLA GENERAL FASE 1 Y 2'!J194 -> 0 | F90: 0 | G90: ='TABLA GENERAL FASE 1 Y 2'!L194 -> 0 | H90: 0 | I90: ='TABLA GENERAL FASE 1 Y 2'!N194 -> 0 | J90: 0 | K90: ='TABLA GENERAL FASE 1 Y 2'!P194 -> 1 | L90: 47215 | M90: 1 | N90: 47215
B91: a | C91: Costo anual de Insumos para mantenimiento preventivo (OLM) | D91: 0.004 | F91: =$D$90*$D$91*E90 -> 0 | H91: =$D$90*$D$91*G90 -> 0 | J91: =$D$90*$D$91*I90 -> 0 | L91: =$D$90*$D$91*K90 -> 188.86 | N91: |
B92: b | C92: Kit anual de repuestos (OLM) | D92: 0.004 | F92: =$D$90*$D$92*E90 -> 0 | H92: =$D$90*$D$92*G90 -> 0 | J92: =$D$90*$D$92*I90 -> 0 | L92: =$D$90*$D$92*K90 -> 188.86
B93: 4.3.4. | C93: Ambulancia de apoyo vital avanzado. | D93: ='TABLA GENERAL FASE 1 Y 2'!H195 -> 108900 | E93: ='TABLA GENERAL FASE 1 Y 2'!J195 -> 0 | F93: 0 | G93: ='TABLA GENERAL FASE 1 Y 2'!L195 -> 0 | H93: 0 | I93: ='TABLA GENERAL FASE 1 Y 2'!N195 -> 0 | J93: 108900 | K93: ='TABLA GENERAL FASE 1 Y 2'!P195 -> 1 | L93: 108900 | M93: 2 | N93: 217800
B94: a | C94: Costo anual de Insumos para mantenimiento preventivo (OLM) | D94: 0.004 | F94: =$D$93*$D$94*E93 -> 0 | H94: =$D$93*$D$94*G93 -> 0 | J94: =$D$93*$D$94*I93 -> 0 | L94: =$D$93*$D$94*K93 -> 435.6 | N94: |
B95: b | C95: Kit anual de repuestos (OLM) | D95: 0.004 | F95: =$D$93*$D$95*E93 -> 0 | H95: =$D$93*$D$95*G93 -> 0 | J95: =$D$93*$D$95*I94 -> 0 | L95: =$D$93*$D$95*K93 -> 435.6
B96: c | C96: Mantenimiento programado 5 años | D96: 0.01 | F96: =$D$93*$D$96*E93 -> 0 | H96: =$D$93*$D$96*G93 -> 0 | J96: =$D$93*$D$96*I93 -> 0 | L96: =$D$93*$D$96*K93 -> 1089
B97: 4.3.5. | C97: Equipo de reanimación y soporte vital avanzado para ambulancia. | D97: ='TABLA GENERAL FASE 1 Y 2'!H196 -> 48964 | E97: ='TABLA GENERAL FASE 1 Y 2'!J196 -> 0 | F97: 0 | G97: ='TABLA GENERAL FASE 1 Y 2'!L196 -> 0 | H97: 0 | I97: ='TABLA GENERAL FASE 1 Y 2'!N196 -> 0 | J97: 48964 | K97: ='TABLA GENERAL FASE 1 Y 2'!P196 -> 1 | L97: 97928 | M97: 3 | N97: 146892
B98: a | C98: Costo anual de Insumos para mantenimiento preventivo (OLM) | D98: 0.004 | F98: =$D$97*$D$98*E97 -> 0 | H98: =$D$97*$D$98*G97 -> 0 | J98: =$D$97*$D$98*I97 -> 0 | L98: =$D$97*$D$98*K97 -> 195.856 | N98: |
B99: b | C99: Kit anual de repuestos (OLM) | D99: 0.004 | F99: =$D$97*$D$99*E97 -> 0 | H99: =$D$97*$D$99*G97 -> 0 | J99: =$D$97*$D$99*I97 -> 0 | L99: =$D$97*$D$99*K97 -> 195.856
B100: 4.3.6. | C100: Equipo electrógeno diesel. | D100: ='TABLA GENERAL FASE 1 Y 2'!H197 -> 2692.3 | E100: ='TABLA GENERAL FASE 1 Y 2'!J197 -> 0 | F100: 0 | G100: ='TABLA GENERAL FASE 1 Y 2'!L197 -> 0 | H100: 0 | I100: ='TABLA GENERAL FASE 1 Y 2'!N197 -> 0 | J100: 0 | K100: ='TABLA GENERAL FASE 1 Y 2'!P197 -> 1 | L100: 2858 | M100: 1 | N100: 2858
B101: a | C101: Costo anual de Insumos para mantenimiento preventivo (OLM) | D101: 0.004 | F101: =$D$100*$D$101*E100 -> 0 | H101: =$D$100*$D$101*G100 -> 0 | J101: =$D$100*$D$101*I100 -> 0 | L101: =$D$100*$D$101*K100 -> 10.7692 | N101: |
B102: b | C102: Kit anual de repuestos (OLM) | D102: 0.004 | F102: =$D$100*$D$102*E100 -> 0 | H102: =$D$100*$D$102*G100 -> 0 | J102: =$D$100*$D$102*I100 -> 0 | L102: =$D$100*$D$102*K100 -> 10.7692
B103: c | C103: Mantenimiento programado 5 años | D103: 0.01 | F103: =$D$100*$D$103*E100 -> 0 | H103: =$D$100*$D$103*G100 -> 0 | J103: =$D$100*$D$103*I100 -> 0 | L103: =$D$100*$D$103*K100 -> 26.923
D104: 2021 | E104: 1 | F104: =F102+F101+F99+F98+F95+F94+F92+F91++F89+F88 -> 0 | G104: 2022 | H104: =H102+H101+H99+H98+H95+H94+H92+H91++H89+H88 -> 0 | I104: 2023 | J104: =J102+J101+J99+J98+J95+J94+J92+J91++J89+J88 -> 0 | K104: 2025 | L104: =L102+L101+L99+L98+L95+L94+L92+L91++L89+L88 -> 1807.9624
E105: 2 | F105: =F103+F96 -> 0 | H105: =H103+H96 -> 0 | J105: =J103+J96 -> 0 | L105: =L103+L96 -> 1115.923
D108: 2021 | E108: 2022 | F108: 2023 | G108: 2024 | H108: 2025 | I108: 2026 | J108: 2027 | K108: 2028 | L108: 2029 | M108: 2030 | N108: 2031 | O108: 2032 | P108: 2033 | Q108: 2034 | R108: 2035 | S108: 2036 | T108: 2037 | U108: 2038 | V108: 2039 | W108: 2040
D109: Año 0 | E109: Año 1 | F109: Año 2 | G109: Años 3 | H109: Año 4 | I109: Año 5 | J109: Años 6 | K109: Año 7 | L109: Año 8 | M109: Años 9 | N109: Año 10 | O109: Año 11 | P109: Año 12 | Q109: Años 13 | R109: Año 14 | S109: Año 15 | T109: Años 16 | U109: Año 17 | V109: Año 18 | W109: Años 19
C110: Mantenimiento anual | F110: =H104 -> 0 | G110: =J104 -> 0 | H110: =G110 -> 0 | I110: =$J$104+$L$104 -> 1807.9624 | J110: =$J$104+$L$104 -> 1807.9624 | K110: =$J$104+$L$104 -> 1807.9624 | L110: =$J$104+$L$104 -> 1807.9624 | M110: =$J$104+$L$104 -> 1807.9624 | N110: =$J$104+$L$104 -> 1807.9624 | O110: =$J$104+$L$104 -> 1807.9624 | P110: =$J$104+$L$104 -> 1807.9624 | ... W110: =$J$104+$L$104 -> 1807.9624
C111: mantenimiento programado (inspectivo y correctivo) | K111: =J105 -> 0 | L111: =L105 -> 1115.923 | P111: =J105 -> 0 | Q111: =L105 -> 1115.923 | U111: =P111 -> 0 | V111: =Q111 -> 1115.923
C112: totales | F112: =F110+F111 -> 0 | G112: =G110+G111 -> 0 | H112: =H110+H111 -> 0 | I112: =I110+I111 -> 1807.9624 | J112: =J110+J111 -> 1807.9624 | K112: =K110+K111 -> 1807.9624 | L112: =L110+L111 -> 2923.8854 | M112: =M110+M111 -> 1807.9624 | ... W112: =W110+W111 -> 1807.9624

Sheet (5) CCV Obt. Info.
C4: OBTENCIÓN DE INFORMACIÓN | D4: VALOR UNITARIO | E4: 2021 | F4: VALOR TOTAL | G4: 2022 | H4: VALOR TOTAL | I4: 2023 | J4: VALOR TOTAL | K4: 2025 | L4: VALOR TOTAL | M4: CANTIDADES TOTALES FASE 1 Y 2 | N4: VALORES TOTALES FASE 1 Y 2
B5: 5.1 | C5: Cámara termal multifuncional (1 para 9 unidades de FF.EE.). | D5: ='TABLA GENERAL FASE 1 Y 2'!H202 -> 90850 | E5: ='TABLA GENERAL FASE 1 Y 2'!J202 -> 3 | F5: =E5*D5 -> 272550 | G5: ='TABLA GENERAL FASE 1 Y 2'!L202 -> 2 | H5: =G5*D5 -> 181700 | I5: ='TABLA GENERAL FASE 1 Y 2'!N202 -> 0 | J5: =I5*D5 -> 0 | K5: ='TABLA GENERAL FASE 1 Y 2'!P202 -> 0 | L5: 8540 | M5: 1 | N5: 8540
B6: a | C6: Costo anual de Insumos para mantenimiento preventivo (OLM) | D6: 0.0004 | F6: =$D$6*$D$5*E5 -> 109.02 | H6: =$D$6*$D$5*G5 -> 72.68 | J6: =$D$6*$D$5*I5 -> 0 | L6: =$D$6*$D$5*K5 -> 0
B7: b | C7: Kit anual de repuestos (OLM) | D7: 0.0002 | F7: =$D$7*$D$5*E5 -> 54.51 | H7: =$D$7*$D$5*G5 -> 36.34 | J7: =$D$7*$D$5*I5 -> 0 | L7: =$D$7*$D$5*K5 -> 0
B8: c | C8: Cambio de bateria 5 años | D8: =0.018 -> 0.018 | F8: =D5*E5*D8 -> 4905.9 | H8: =$D$8*$D$5*G5 -> 3270.6 | J8: =$D$8*$D$5*I5 -> 0 | L8: =$D$8*$D$5*K5 -> 0
B9: 5.2 | C9: Cámara fotográfica de a lo menos 18 Mega Pixeles, con ISO de 100 a 12800. | D9: ='TABLA GENERAL FASE 1 Y 2'!H203 -> 4932 | E9: ='TABLA GENERAL FASE 1 Y 2'!J203 -> 3 | F9: =E9*D9 -> 14796 | G9: ='TABLA GENERAL FASE 1 Y 2'!L203 -> 4 | H9: =G9*D9 -> 19728 | I9: ='TABLA GENERAL FASE 1 Y 2'!N203 -> 0 | J9: =I9*D9 -> 0 | K9: ='TABLA GENERAL FASE 1 Y 2'!P203 -> 0 | L9: =K9*D9 -> 0 | M9: 2 | N9: 204572
B10: a | C10: Costo anual de Insumos para mantenimiento preventivo (OLM) | D10: 0.004 | F10: =$D$10*$D$9*E9 -> 59.184 | H10: =$D$10*$D$9*G9 -> 78.912 | J10: =$D$10*$D$9*I9 -> 0 | L10: =$D$10*$D$9*K9 -> 0
B11: b | C11: Kit anual de repuestos (OLM) | D11: 0.004 | F11: =$D$11*$D$9*E9 -> 59.184 | H11: =$D$11*$D$9*G9 -> 78.912 | J11: =$D$11*$D$9*I9 -> 0 | L11: =$D$11*$D$9*K9 -> 0
B12: 5.3 | C12: Baterías de repuesto cámara fotográfica. | D12: ='TABLA GENERAL FASE 1 Y 2'!H204 -> 92 | E12: ='TABLA GENERAL FASE 1 Y 2'!J204 -> 6 | F12: =E12*D12 -> 552 | G12: ='TABLA GENERAL FASE 1 Y 2'!L204 -> 8 | H12: =G12*F12 -> 4416 | I12: ='TABLA GENERAL FASE 1 Y 2'!N204 -> 0 | J12: =I12*H12 -> 0 | K12: ='TABLA GENERAL FASE 1 Y 2'!P204 -> 0 | L12: =K12*J12 -> 0 | M12: 2 | N12: 57062
B13: b | C13: Cambio batería cada 3 años | D13: 0.004 | F13: =$D$13*$D$12*E12 -> 2.208 | H13: =$D$13*$D$12*G12 -> 2.944 | J13: =$D$13*$D$12*I12 -> 0 | L13: =$D$13*$D$12*K12 -> 0
B14: 5.4 | C14: Disparador remoto cámara fotográfica. | D14: ='TABLA GENERAL FASE 1 Y 2'!H205 -> 65 | E14: ='TABLA GENERAL FASE 1 Y 2'!J205 -> 3 | F14: =$E$14*D14 -> 195 | G14: ='(1) CCV C41'!C7+'(1) CCV C41'!C10+'(2) CCV Equip. Militar'!E23+'(2) CCV Equip. Militar'!E53+'(3) CCV Infiltración'!E32+'(3) CCV Infiltración'!E53+'(4) CCV Logística'!F28+'(4) CCV Logística'!F83+'(5) CCV Obt. Info.'!F112 -> 78685.87 | H14: =$E$14*F14 -> 585 | I14: ='TABLA GENERAL FASE 1 Y 2'!N205 -> 0 | J14: =$E$14*H14 -> 1755 | K14: ='TABLA GENERAL FASE 1 Y 2'!P205 -> 0 | L14: =$E$14*J14 -> 5265 | M14: 4 | N14: 244828
B15: a | C15: Costo anual de Insumos para mantenimiento preventivo (OLM) | D15: 0.001 | F15: =$D$15*$D$14*E14 -> 0.195 | H15: =$D$15*$D$14*G14 -> 5114.5815 | J15: =$D$15*$D$14*I14 -> 0 | L15: =$D$15*$D$14*K14 -> 0
D16: 2021 | E16: 1 | F16: =F15+F13+F11+F10+F7+F6 -> 284.301 | G16: 2022 | H16: =H15+H13+H11+H10+H7+H6 -> 5384.3696 | I16: 2023 | J16: =J15+J13+J11+J10+J7+J6 -> 0 | K16: 2025 | L16: =L15+L13+L11+L10+L7+L6 -> 0
E17: 2 | F17: =F8 -> 4905.9 | H17: =H8 -> 3270.6 | J17: =J8 -> 0 | L17: =L8 -> 0
E18: 3 | F18: =F15 -> 0.195 | H18: =H15 -> 5114.5815 | J18: =J15 -> 0 | L18: =L15 -> 0
C20: 5.0 OBTENCIÓN DE INFORMACIÓN | D20: 2021 | E20: 2022 | F20: 2023 | G20: 2024 | H20: 2025 | I20: 2026 | J20: 2027 | K20: 2028 | L20: 2029 | M20: 2030 | N20: 2031 | O20: 2032 | P20: 2033 | Q20: 2034 | R20: 2035 | S20: 2036 | T20: 2037 | U20: 2038 | V20: 2039 | W20: 2040
D21: Año 0 | E21: Año 1 | F21: Año 2 | G21: Años 3 | H21: Año 4 | I21: Año 5 | J21: Años 6 | K21: Año 7 | L21: Año 8 | M21: Años 9 | N21: Año 10 | O21: Año 11 | P21: Año 12 | Q21: Años 13 | R21: Año 14 | S21: Año 15 | T21: Años 16 | U21: Año 17 | V21: Año 18 | W21: Años 19
C22: Mantenimiento anual | E22: =F16 -> 284.301 | F22: =F16+H16 -> 5668.6706 | G22: =J16+H16+F16 -> 5668.6706 | H22: =G22 -> 5668.6706 | I22: =$F$16+$H$16+$J$16+$L$16 -> 5668.6706 | J22: =$F$16+$H$16+$J$16+$L$16 -> 5668.6706 | K22: =$F$16+$H$16+$J$16+$L$16 -> 5668.6706 | L22: =$F$16+$H$16+$J$16+$L$16 -> 5668.6706 | M22: =$F$16+$H$16+$J$16+$L$16 -> 5668.6706 | N22: =$F$16+$H$16+$J$16+$L$16 -> 5668.6706 | O22: =$F$16+$H$16+$J$16+$L$16 -> 5668.6706 | P22: =$F$16+$H$16+$J$16+$L$16 -> 5668.6706 | ... W22: =$F$16+$H$16+$J$16+$L$16 -> 5668.6706
C23: cambio baterias camara multi. (5años) | I23: =$F$17 -> 4905.9 | J23: =$H$17 -> 3270.6 | K23: =$J$17 -> 0 | N23: =$F$17 -> 4905.9 | O23: =$H$17 -> 3270.6 | P23: =$J$17 -> 0 | S23: =$F$17 -> 4905.9 | T23: =$H$17 -> 3270.6 | U23: =$J$17 -> 0
C24: Cambio baterias cámaras fotogrpaficas 3 años | G24: =F18 -> 0.195 | H24: =H18 -> 5114.5815 | I24: =J18 -> 0 | J24: =F18 -> 0.195 | K24: =L18+H24 -> 5114.5815 | L24: =J18 -> 0 | M24: =J24 -> 0.195 | N24: =M24+L18 -> 0.195 | O24: =J18 -> 0 | P24: =M24 -> 0.195 | Q24: =N24+L18 -> 0.195 | R24: =J18 -> 0 | S24: =P24 -> 0.195 | T24: =Q24+L18 -> 0.195 | U24: =J18 -> 0 | V24: =S24 -> 0.195 | W24: =T24+L18 -> 0.195
C25: totales | F25: =SUM(F22:F24) -> 5668.6706 | G25: =SUM(G22:G24) -> 5668.8656 | H25: =SUM(H22:H24) -> 10783.252 | I25: =SUM(I22:I24) -> 10574.571 | J25: =SUM(J22:J24) -> 8939.4656 | K25: =SUM(K22:K24) -> 10783.252 | L25: =SUM(L22:L24) -> 5668.6706 | M25: =SUM(M22:M24) -> 5668.8656 | ... W25: =SUM(W22:W24) -> 5668.8656

Sheet (6) CCV Det. Efect.
C4: EQUIPAMIENTO TRANSPORTE TÁCTICO FUERZAS ESPECIALES | D4: VALOR UNITARIO | E4: 2021 | F4: VALOR TOTAL | G4: 2022 | H4: VALOR TOTAL | I4: 2023 | J4: VALOR TOTAL | K4: 2025 | L4: VALOR TOTAL | M4: CANTIDADES TOTALES FASE 1 Y 2 | N4: VALORES TOTALES FASE 1 Y 2
B5: 6.0 | C5: Binocular 8x30 reticulado (4 por Unidad). | D5: ='TABLA GENERAL FASE 1 Y 2'!H216 -> 1000 | E5: ='TABLA GENERAL FASE 1 Y 2'!J216 -> 0 | F5: =E5*D5 -> 0 | G5: ='TABLA GENERAL FASE 1 Y 2'!L216 -> 0 | H5: =G5*D5 -> 0 | I5: ='TABLA GENERAL FASE 1 Y 2'!N216 -> 0 | J5: =I5*D5 -> 0 | K5: ='TABLA GENERAL FASE 1 Y 2'!P216 -> 5 | L5: =K5*D5 -> 5000 | M5: =K5+I5+G5+E5 -> 5 | N5: =L5+J5+H5+F5 -> 5000
B6: a | C6: Costo anual de Insumos para mantenimiento preventivo (OLM) | D6: 0.001 | F6: =$D$6*$D$5*E5 -> 0 | H6: =$D$6*$D$5*G5 -> 0 | J6: =$D$6*$D$5*I5 -> 0 | L6: =$D$6*$D$5*K5 -> 5
B7: b | C7: Kit anual de repuestos (OLM) | D7: 0.001 | F7: =$D$7*$D$5*E5 -> 0 | H7: =$D$7*$D$5*G5 -> 0 | J7: =$D$7*$D$5*I5 -> 0 | L7: =$D$7*$D$5*K5 -> 5
D8: 2021 | E8: 1 | F8: =F6+F7 -> 0 | G8: 2022 | H8: =H6+H7 -> 0 | I8: 2023 | J8: =J6+J7 -> 0 | K8: 2025 | L8: =L6+L7 -> 10
D12: 2021 | E12: 2022 | F12: 2023 | G12: 2024 | H12: 2025 | I12: 2026 | J12: 2027 | K12: 2028 | L12: 2029 | M12: 2030 | N12: 2031 | O12: 2032 | P12: 2033 | Q12: 2034 | R12: 2035 | S12: 2036 | T12: 2037 | U12: 2038 | V12: 2039 | W12: 2040 | X12: 2041 | Y12: 2042 | Z12: 2043 | AA12: 2044 | AB12: 2045 | AC12: 2046
D13: Año 0 | E13: Año 1 | F13: Año 2 | G13: Años 3 | H13: Año 4 | I13: Año 5 | J13: Años 6 | K13: Año 7 | L13: Año 8 | M13: Años 9 | N13: Año 10 | O13: Año 11 | P13: Año 12 | Q13: Años 13 | R13: Año 14 | S13: Año 15 | T13: Años 16 | U13: Año 17 | V13: Año 18 | W13: Años 19 | X13: Años 20 | Y13: Años 21 | Z13: Años 22 | AA13: Años 23 | AB13: Años 24 | AC13: Años 25
C14: Mantenimiento anual | I14: =$L$8 -> 10 | J14: =$L$8 -> 10 | K14: =$L$8 -> 10 | L14: =$L$8 -> 10 | M14: =$L$8 -> 10 | N14: =$L$8 -> 10 | O14: =$L$8 -> 10 | P14: =$L$8 -> 10 | ... AC14: =$L$8 -> 10
C15: totales | F15: =SUM(F14:F14) -> 0 | G15: =SUM(G14:G14) -> 0 | H15: =SUM(H14:H14) -> 0 | I15: =SUM(I14:I14) -> 10 | J15: =SUM(J14:J14) -> 10 | K15: =SUM(K14:K14) -> 10 | L15: =SUM(L14:L14) -> 10 | M15: =SUM(M14:M14) -> 10 | ... AC15: =SUM(AC14:AC14) -> 10

Sheet (7) CCV At. Precis.
C4: EQUIPAMIENTO TRANSPORTE TÁCTICO FUERZAS ESPECIALES | D4: VALOR UNITARIO | E4: 2021 | F4: VALOR TOTAL | G4: 2022 | H4: VALOR TOTAL | I4: 2023 | J4: VALOR TOTAL | K4: 2025 | L4: VALOR TOTAL | M4: CANTIDADES TOTALES FASE 1 Y 2 | N4: VALORES TOTALES FASE 1 Y 2
B5: 7.1 | C5: Mira telescópica p/ fusil de precisión 5-25x56. | D5: ='TABLA GENERAL FASE 1 Y 2'!H221 -> 2856 | E5: ='TABLA GENERAL FASE 1 Y 2'!J221 -> 0 | F5: =E5*D5 -> 0 | G5: ='TABLA GENERAL FASE 1 Y 2'!L221 -> 4 | H5: =G5*D5 -> 11424 | I5: ='TABLA GENERAL FASE 1 Y 2'!N221 -> 0 | J5: =I5*G5 -> 0 | K5: ='TABLA GENERAL FASE 1 Y 2'!P221 -> 0 | L5: =K5*D5 -> 0 | M5: =K5+I5+G5+E5 -> 4 | N5: =L5+J5+H5+F5 -> 11424
B6: a | C6: Costo anual de Insumos para mantenimiento preventivo (OLM) | D6: 0.005 | F6: =$D$6*$D$5*E5 -> 0 | H6: =$D$6*$D$5*G5 -> 57.12 | J6: =$D$6*$D$5*I5 -> 0 | L6: =$D$6*$D$5*K5 -> 0
B7: b | C7: Kit anual de repuestos (OLM) | D7: 0.005 | F7: =$D$7*$D$5*E5 -> 0 | H7: =$D$7*$D$5*G5 -> 57.12 | J7: =$D$7*$D$5*I5 -> 0 | L7: =$D$7*$D$5*K5 -> 0
B8: c | C8: Manteniemiento mayor programado C/ 5 años | D8: =0.015 -> 0.015 | F8: =D5*E5*D8 -> 0 | H8: =$D$8*$D$5*G5 -> 171.36 | J8: =$D$8*$D$5*I5 -> 0 | L8: =$D$8*$D$5*K5 -> 0
B9: 7.4 | C9: Mira nocturna in-line para fusil de precisión .50". | D9: ='TABLA GENERAL FASE 1 Y 2'!H224 -> 9040 | E9: ='TABLA GENERAL FASE 1 Y 2'!J224 -> 0 | F9: =E9*D9 -> 0 | G9: ='TABLA GENERAL FASE 1 Y 2'!L224 -> 5 | H9: =G9*D9 -> 45200 | I9: ='TABLA GENERAL FASE 1 Y 2'!N224 -> 0 | J9: =I9*G9 -> 0 | K9: ='TABLA GENERAL FASE 1 Y 2'!P224 -> 0 | L9: =K9*D9 -> 0 | M9: =K9+I9+G9+E9 -> 5 | N9: =L9+J9+H9+F9 -> 45200
B10: a | C10: Costo anual de Insumos para mantenimiento preventivo (OLM) | D10: 0.005 | F10: =$D$10*$D$9*E9 -> 0 | H10: =$D$10*$D$9*G9 -> 226 | J10: =$D$10*$D$9*I9 -> 0 | L10: =$D$10*$D$9*K9 -> 0
B11: b | C11: Kit anual de repuestos (OLM) | D11: 0.005 | F11: =$D$11*$D$9*E9 -> 0 | H11: =$D$11*$D$9*G9 -> 226 | J11: =$D$11*$D$9*I9 -> 0 | L11: =$D$11*$D$9*K9 -> 0
B12: c | C12: Manteniemiento mayor programado C/ 5 años | D12: =0.015 -> 0.015 | F12: =$D$9*$E$9*D12 -> 0 | H12: =$D$9*$E$9*F12 -> 0 | J12: =$D$9*$E$9*H12 -> 0 | L12: =$D$9*$K$9*D12 -> 0
B13: 7.7 | C13: Fusil de precisión .50" Anti material. | D13: ='TABLA GENERAL FASE 1 Y 2'!H227 -> 12000 | E13: ='TABLA GENERAL FASE 1 Y 2'!J227 -> 0 | F13: =E13*D13 -> 0 | G13: ='TABLA GENERAL FASE 1 Y 2'!L227 -> 1 | H13: =G13*D13 -> 12000 | I13: ='TABLA GENERAL FASE 1 Y 2'!N227 -> 0 | J13: =I13*G13 -> 0 | K13: ='TABLA GENERAL FASE 1 Y 2'!P227 -> 0 | L13: =K13*D13 -> 0 | M13: =K13+I13+G13+E13 -> 1 | N13: =L13+J13+H13+F13 -> 12000
B14: a | C14: Costo anual de Insumos para mantenimiento preventivo (OLM) | D14: 0.01 | F14: =$D$14*$D$13*E13 -> 0 | H14: =$D$14*$D$13*G13 -> 120 | J14: =$D$14*$D$13*I13 -> 0 | L14: =$D$14*$D$13*K13 -> 0
B15: b | C15: Kit anual de repuestos (OLM) | D15: 0.01 | F15: =$D$15*$D$13*E13 -> 0 | H15: =$D$15*$D$13*G13 -> 120 | J15: =$D$15*$D$13*I13 -> 0 | L15: =$D$15*$D$13*K13 -> 0
B16: c | C16: Manteniemiento mayor programado C/ 5 años | D16: =0.15 -> 0.15 | F16: =D13*$E$13*$D$16 -> 0 | H16: =G13*$E$13*$D$16 -> 0 | J16: =I13*$E$13*$D$16 -> 0 | L16: =K13*$D$13*$D$16 -> 0
B17: 7.10 | C17: Mira térmica in-line para fusil de precisión .50". | D17: ='TABLA GENERAL FASE 1 Y 2'!H230 -> 1300 | E17: ='TABLA GENERAL FASE 1 Y 2'!J230 -> 4 | F17: =E17*D17 -> 5200 | G17: ='TABLA GENERAL FASE 1 Y 2'!L230 -> 0 | H17: =G17*D17 -> 0 | I17: ='TABLA GENERAL FASE 1 Y 2'!N230 -> 0 | J17: =I17*G17 -> 0 | K17: ='TABLA GENERAL FASE 1 Y 2'!P230 -> 0 | L17: =K17*D17 -> 0 | M17: =K17+I17+G17+E17 -> 4 | N17: =L17+J17+H17+F17 -> 5200
B18: a | C18: Costo anual de Insumos para mantenimiento preventivo (OLM) | D18: 0.005 | F18: =$D$19*$D$17*E17 -> 26 | H18: =$D$19*$D$17*G17 -> 0 | J18: =$D$19*$D$17*I17 -> 0 | L18: =$D$19*$D$17*K17 -> 0
B19: b | C19: Kit anual de repuestos (OLM) | D19: 0.005 | F19: =$D$19*$D$17*E17 -> 26 | H19: =$D$19*$D$17*G17 -> 0 | J19: =$D$19*$D$17*I17 -> 0 | L19: =$D$19*$D$17*K17 -> 0
B20: c | C20: Manteniemiento mayor programado C/ 5 años | D20: =0.015 -> 0.015 | F20: =$D$20*E17*$D$17 -> 78 | H20: =$D$20*G17*$D$17 -> 0 | J20: =$D$20*I17*$D$17 -> 0 | L20: =$D$20*K17*$D$17 -> 0
D21: 2021 | E21: 1 | F21: =F19+F18+F15+F14+F11+F10+F7+F6 -> 52 | G21: 2022 | H21: =H19+H18+H15+H14+H11+H10+H7+H6 -> 806.24 | I21: 2023 | J21: =J19+J18+J15+J14+J11+J10+J7+J6 -> 0 | K21: 2025 | L21: =L19+L18+L15+L14+L11+L10+L7+L6 -> 0
E22: 2 | F22: =F20+F16+F12+F8 -> 78 | H22: =H20+H16+H12+H8 -> 171.36 | J22: =J20+J16+J12+J8 -> 0 | L22: =L20+L16+L12+L8 -> 0
D24: 2021 | E24: 2022 | F24: 2023 | G24: 2024 | H24: 2025 | I24: 2026 | J24: 2027 | K24: 2028 | L24: 2029 | M24: 2030 | N24: 2031 | O24: 2032 | P24: 2033 | Q24: 2034 | R24: 2035 | S24: 2036 | T24: 2037 | U24: 2038 | V24: 2039 | W24: 2040
D25: Año 0 | E25: Año 1 | F25: Año 2 | G25: Años 3 | H25: Año 4 | I25: Año 5 | J25: Años 6 | K25: Año 7 | L25: Año 8 | M25: Años 9 | N25: Año 10 | O25: Año 11 | P25: Año 12 | Q25: Años 13 | R25: Año 14 | S25: Año 15 | T25: Años 16 | U25: Año 17 | V25: Año 18 | W25: Años 19
C26: Mantenimiento anual | I26: =$L$21 -> 0 | J26: =$L$21 -> 0 | K26: =$L$21 -> 0 | L26: =$L$21 -> 0 | M26: =$L$21 -> 0 | N26: =$L$21 -> 0 | O26: =$L$21 -> 0 | P26: =$L$21 -> 0 | ... W26: =$L$21 -> 0
C27: Manteniemiento mayor programado C/ 5 años | M27: =L22 -> 0 | R27: =L22 -> 0 | W27: =L22 -> 0
C28: totales | F28: =SUM(F26:F27) -> 0 | G28: =SUM(G26:G27) -> 0 | H28: =SUM(H26:H27) -> 0 | I28: =SUM(I26:I27) -> 0 | J28: =SUM(J26:J27) -> 0 | K28: =SUM(K26:K27) -> 0 | L28: =SUM(L26:L27) -> 0 | M28: =SUM(M26:M27) -> 0 | ... W28: =SUM(W26:W27) -> 0

Sheet (8)CCV OPER. DE BUCEO
C4: EQUIPAMIENTO TRANSPORTE TÁCTICO FUERZAS ESPECIALES | D4: VALOR UNITARIO | E4: 2021 | F4: VALOR TOTAL | G4: 2022 | H4: VALOR TOTAL | I4: 2023 | J4: VALOR TOTAL | K4: 2025 | L4: VALOR TOTAL | M4: CANTIDADES TOTALES FASE 1 Y 2 | N4: VALORES TOTALES FASE 1 Y 2
B5: 8.1 | C5: ROV (Vehículo operado a distancia). | D5: ='TABLA GENERAL FASE 1 Y 2'!H237 -> 68118 | E5: ='TABLA GENERAL FASE 1 Y 2'!J237 -> 0 | F5: =E5*D5 -> 0 | G5: ='TABLA GENERAL FASE 1 Y 2'!L237 -> 0 | H5: =G5*D5 -> 0 | I5: ='TABLA GENERAL FASE 1 Y 2'!N237 -> 2 | J5: =I5*D5 -> 136236 | K5: ='TABLA GENERAL FASE 1 Y 2'!P237 -> 0 | L5: =K5*D5 -> 0 | M5: =K5+I5+G5+E5 -> 2 | N5: =L5+J5+H5+F5 -> 136236
B6: a | C6: Costo anual de Insumos para mantenimiento preventivo (OLM) | D6: 0.02 | F6: =$D$6*$D$5*E5 -> 0 | H6: =$D$6*$D$5*G5 -> 0 | J6: =$D$6*$D$5*I5 -> 2724.72 | L6: =$D$6*$D$5*K5 -> 0
B7: b | C7: Kit anual de repuestos (OLM) | D7: 0.012 | F7: =$D$7*$D$5*E5 -> 0 | H7: =$D$7*$D$5*G5 -> 0 | J7: =$D$7*$D$5*I5 -> 1634.832 | L7: =$D$7*$D$5*K5 -> 0
B8: c | C8: Manteniemiento mayor programado C/ 5 años | D8: =0.06 -> 0.06 | F8: =D5*E5*D8 -> 0 | H8: =$D$8*$D$5*G5 -> 0 | J8: =$D$8*$D$5*I5 -> 8174.16 | L8: =$D$8*$D$5*K5 -> 0
B9: 8.2 | C9: Equipo de buceo profundo para contraminado. | D9: ='TABLA GENERAL FASE 1 Y 2'!H238 -> 24460 | E9: ='TABLA GENERAL FASE 1 Y 2'!J238 -> 4 | F9: =E9*D9 -> 97840 | G9: ='TABLA GENERAL FASE 1 Y 2'!L238 -> 0 | H9: =G9*D9 -> 0 | I9: ='TABLA GENERAL FASE 1 Y 2'!N238 -> 0 | J9: =I9*D9 -> 0 | K9: ='TABLA GENERAL FASE 1 Y 2'!P238 -> 1 | L9: =K9*D9 -> 24460 | M9: =K9+I9+G9+E9 -> 5 | N9: =L9+J9+H9+F9 -> 122300
B10: a | C10: Costo anual de Insumos para mantenimiento preventivo (OLM) | D10: 0.009 | F10: =$D$10*$D$9*E9 -> 880.56 | H10: =$D$10*$D$9*G9 -> 0 | J10: =$D$10*$D$9*I9 -> 0 | L10: =$D$10*$D$9*K9 -> 220.14
B11: b | C11: Kit anual de repuestos (OLM) | D11: 0.005 | F11: =$D$11*$D$9*E9 -> 489.2 | H11: =$D$11*$D$9*G9 -> 0 | J11: =$D$11*$D$9*I9 -> 0 | L11: =$D$11*$D$9*K9 -> 122.3
B12: c | C12: Manteniemiento mayor programado C/ 5 años | D12: =0.15 -> 0.15 | F12: =$D$9*$E$9*D12 -> 14676 | H12: =$D$9*$E$9*D12 -> 14676 | J12: =$D$9*$I$9*D12 -> 0 | L12: =$D$9*$K$9*D12 -> 3669
B13: 8.3 | C13: Maleta de herramientas EOD no magnéticas. | D13: ='TABLA GENERAL FASE 1 Y 2'!H239 -> 2493 | E13: ='TABLA GENERAL FASE 1 Y 2'!J239 -> 1 | F13: =E13*D13 -> 2493 | G13: ='TABLA GENERAL FASE 1 Y 2'!L239 -> 0 | H13: =G13*D13 -> 0 | I13: ='TABLA GENERAL FASE 1 Y 2'!N239 -> 0 | J13: =I13*D13 -> 0 | K13: ='TABLA GENERAL FASE 1 Y 2'!P239 -> 1 | L13: =K13*D13 -> 2493 | M13: =K13+I13+G13+E13 -> 2 | N13: =L13+J13+H13+F13 -> 4986
B14: a | C14: Costo anual de Insumos para mantenimiento preventivo (OLM) | D14: 0.01 | F14: =$D$14*$D$13*E13 -> 24.93 | H14: =$D$14*$D$13*G13 -> 0 | J14: =$D$14*$D$13*I13 -> 0 | L14: =$D$14*$D$13*K13 -> 24.93
B15: b | C15: Kit anual de repuestos (OLM) | D15: 0.01 | F15: =$D$15*$D$13*E13 -> 24.93 | H15: =$D$15*$D$13*G13 -> 0 | J15: =$D$15*$D$13*I13 -> 0 | L15: =$D$15*$D$13*K13 -> 24.93
B16: c | C16: Manteniemiento mayor programado C/ 5 años | D16: =0.15 -> 0.15 | F16: =D13*$E$13*$D$16 -> 373.95 | H16: =G13*$E$13*$D$16 -> 0 | J16: =I13*$E$13*$D$16 -> 0 | L16: =K13*$D$13*$D$16 -> 373.95
D17: 2021 | E17: 1 | F17: =F6+F7+F10+F11+F14+F15 -> 1419.62 | G17: 2022 | H17: =H6+H7+H10+H11+H14+H15 -> 0 | I17: 2023 | J17: =J6+J7+J10+J11+J14+J15 -> 4359.552 | K17: 2025 | L17: =L6+L7+L10+L11+L14+L15 -> 392.3
E18: 2 | F18: =F16+F12+F8 -> 15049.95 | H18: =H16+H12+H8 -> 14676 | J18: =J16+J12+J8 -> 8174.16 | L18: =L16+L12+L8 -> 4042.95
D20: 2021 | E20: 2022 | F20: 2023 | G20: 2024 | H20: 2025 | I20: 2026 | J20: 2027 | K20: 2028 | L20: 2029 | M20: 2030 | N20: 2031 | O20: 2032 | P20: 2033 | Q20: 2034 | R20: 2035 | S20: 2036 | T20: 2037 | U20: 2038 | V20: 2039 | W20: 2040
D21: Año 0 | E21: Año 1 | F21: Año 2 | G21: Años 3 | H21: Año 4 | I21: Año 5 | J21: Años 6 | K21: Año 7 | L21: Año 8 | M21: Años 9 | N21: Año 10 | O21: Año 11 | P21: Año 12 | Q21: Años 13 | R21: Año 14 | S21: Año 15 | T21: Años 16 | U21: Año 17 | V21: Año 18 | W21: Años 19
C22: Mantenimiento anual | E22: =F17 -> 1419.62 | F22: =F17+H16 -> 1419.62 | G22: =F17+H17+J17 -> 5779.172 | H22: =G22 -> 5779.172 | I22: =$F$17+$H$17+$J$17+$L$17 -> 6171.472 | J22: =$F$17+$H$17+$J$17+$L$17 -> 6171.472 | K22: =$F$17+$H$17+$J$17+$L$17 -> 6171.472 | L22: =$F$17+$H$17+$J$17+$L$17 -> 6171.472 | M22: =$F$17+$H$17+$J$17+$L$17 -> 6171.472 | N22: =$F$17+$H$17+$J$17+$L$17 -> 6171.472 | O22: =$F$17+$H$17+$J$17+$L$17 -> 6171.472 | P22: =$F$17+$H$17+$J$17+$L$17 -> 6171.472 | ... W22: =$F$17+$H$17+$J$17+$L$17 -> 6171.472
C23: Manteniemiento mayor programado C/ 5 años | I23: =$F$18 -> 15049.95 | J23: =$H$18 -> 14676 | K23: =$J$18 -> 8174.16 | M23: =$L$18 -> 4042.95 | N23: =$F$18 -> 15049.95 | O23: =$H$18 -> 14676 | P23: =$J$18 -> 8174.16 | R23: =$L$18 -> 4042.95 | S23: =$F$18 -> 15049.95 | T23: =$H$18 -> 14676 | U23: =$J$18 -> 8174.16 | W23: =$L$18 -> 4042.95
C24: totales | D24: =SUM(D22:D23) -> 0 | E24: =SUM(E22:E23) -> 1419.62 | F24: =SUM(F22:F23) -> 1419.62 | G24: =SUM(G22:G23) -> 5779.172 | H24: =SUM(H22:H23) -> 5779.172 | I24: =SUM(I22:I23) -> 21221.422 | J24: =SUM(J22:J23) -> 20847.472 | K24: =SUM(K22:K23) -> 14345.632 | ... W24: =SUM(W22:W23) -> 10214.422

Sheet (9) CCV OPER. REBÚSQUEDA
C4: EQUIPAMIENTO TRANSPORTE TÁCTICO FUERZAS ESPECIALES | D4: VALOR UNITARIO | E4: 2021 | F4: VALOR TOTAL | G4: 2022 | H4: VALOR TOTAL | I4: 2023 | J4: VALOR TOTAL | K4: 2025 | L4: VALOR TOTAL | M4: CANTIDADES TOTALES FASE 1 Y 2 | N4: VALORES TOTALES FASE 1 Y 2
B5: 9.0 | C5: Sonar de rebusqueda lateral remolcado | D5: ='TABLA GENERAL FASE 1 Y 2'!H244 -> 172012 | E5: ='TABLA GENERAL FASE 1 Y 2'!J244 -> 0 | F5: =E5*D5 -> 0 | G5: ='TABLA GENERAL FASE 1 Y 2'!L244 -> 0 | H5: =G5*D5 -> 0 | I5: ='TABLA GENERAL FASE 1 Y 2'!N244 -> 0 | J5: =I5*D5 -> 0 | K5: ='TABLA GENERAL FASE 1 Y 2'!P244 -> 1 | L5: =K5*D5 -> 172012 | M5: =K5+I5+G5+E5 -> 1 | N5: =L5+J5+H5+F5 -> 172012
B6: a | C6: Costo anual de Insumos para mantenimiento preventivo (OLM) | D6: 0.016 | F6: =$D$6*$D$5*E5 -> 0 | H6: =$D$6*$D$5*G5 -> 0 | J6: =$D$6*$D$5*I5 -> 0 | L6: =$D$6*$D$5*K5 -> 2752.192
B7: b | C7: Kit anual de repuestos (OLM) | D7: 0.012 | F7: =$D$7*$D$5*E5 -> 0 | H7: =$D$7*$D$5*G5 -> 0 | J7: =$D$7*$D$5*I5 -> 0 | L7: =$D$7*$D$5*K5 -> 2064.144
B8: c | C8: Manteniemiento mayor programado C/ 5 años | D8: =0.05 -> 0.05 | F8: =D5*E5*D8 -> 0 | H8: =$D$8*$D$5*G5 -> 0 | J8: =$D$8*$D$5*I5 -> 0 | L8: =$D$8*$D$5*K5 -> 8600.6
D9: 2021 | E9: 1 | F9: =F6+F7 -> 0 | G9: 2022 | H9: =H6+H7 -> 0 | I9: 2023 | J9: =J6+J7 -> 0 | K9: 2025 | L9: =L6+L7 -> 4816.336
E10: 2 | F10: =F8 -> 0 | H10: =H8 -> 0 | J10: =J8 -> 0 | L10: =L8 -> 8600.6
D12: 2021 | E12: 2022 | F12: 2023 | G12: 2024 | H12: 2025 | I12: 2026 | J12: 2027 | K12: 2028 | L12: 2029 | M12: 2030 | N12: 2031 | O12: 2032 | P12: 2033 | Q12: 2034 | R12: 2035 | S12: 2036 | T12: 2037 | U12: 2038 | V12: 2039 | W12: 2040
D13: Año 0 | E13: Año 1 | F13: Año 2 | G13: Años 3 | H13: Año 4 | I13: Año 5 | J13: Años 6 | K13: Año 7 | L13: Año 8 | M13: Años 9 | N13: Año 10 | O13: Año 11 | P13: Año 12 | Q13: Años 13 | R13: Año 14 | S13: Año 15 | T13: Años 16 | U13: Año 17 | V13: Año 18 | W13: Años 19
C14: Mantenimiento anual | I14: =$L$9 -> 4816.336 | J14: =$L$9 -> 4816.336 | K14: =$L$9 -> 4816.336 | L14: =$L$9 -> 4816.336 | M14: =$L$9 -> 4816.336 | N14: =$L$9 -> 4816.336 | O14: =$L$9 -> 4816.336 | P14: =$L$9 -> 4816.336 | ... W14: =$L$9 -> 4816.336
C15: Manteniemiento mayor programado C/ 5 años | M15: =$L$10 -> 8600.6 | R15: =$L$10 -> 8600.6 | W15: =$L$10 -> 8600.6
C16: totales | D16: =SUM(D14:D15) -> 0 | E16: =SUM(E14:E15) -> 0 | F16: =SUM(F14:F15) -> 0 | G16: =SUM(G14:G15) -> 0 | H16: =SUM(H14:H15) -> 0 | I16: =SUM(I14:I15) -> 4816.336 | J16: =SUM(J14:J15) -> 4816.336 | K16: =SUM(K14:K15) -> 4816.336 | ... W16: =SUM(W14:W15) -> 13416.936

Sheet (10) CCV AP. BOMB. Y FAN
C4: Apoyo Bobardeo y FAN | D4: VALOR UNITARIO | E4: 2021 | F4: VALOR TOTAL | G4: 2022 | H4: VALOR TOTAL | I4: 2023 | J4: VALOR TOTAL | K4: 2025 | L4: VALOR TOTAL | M4: CANTIDADES TOTALES FASE 1 Y 2 | N4: VALORES TOTALES FASE 1 Y 2
B5: 10.0 | C5: Visor integrado localización objetivos alta precisión. | D5: ='TABLA GENERAL FASE 1 Y 2'!H249 -> 90850 | E5: ='TABLA GENERAL FASE 1 Y 2'!J249 -> 0 | F5: =E5*D5 -> 0 | G5: ='TABLA GENERAL FASE 1 Y 2'!L249 -> 0 | H5: =G5*D5 -> 0 | I5: ='TABLA GENERAL FASE 1 Y 2'!N249 -> 0 | J5: =I5*D5 -> 0 | K5: ='TABLA GENERAL FASE 1 Y 2'!P249 -> 1 | L5: =K5*D5 -> 90850 | M5: =K5+I5+G5+E5 -> 1 | N5: =L5+J5+H5+F5 -> 90850
B6: a | C6: Costo anual de Insumos para mantenimiento preventivo (OLM) | D6: 0.016 | F6: =$D$6*$D$5*E5 -> 0 | H6: =$D$6*$D$5*G5 -> 0 | J6: =$D$6*$D$5*I5 -> 0 | L6: =$D$6*$D$5*K5 -> 1453.6
B7: b | C7: Kit anual de repuestos (OLM) | D7: 0.012 | F7: =$D$7*$D$5*E5 -> 0 | H7: =$D$7*$D$5*G5 -> 0 | J7: =$D$7*$D$5*I5 -> 0 | L7: =$D$7*$D$5*K5 -> 1090.2
B8: c | C8: Manteniemiento mayor programado C/ 5 años | D8: =0.05 -> 0.05 | F8: =D5*E5*D8 -> 0 | H8: =$D$8*$D$5*G5 -> 0 | J8: =$D$8*$D$5*I5 -> 0 | L8: =$D$8*$D$5*K5 -> 4542.5
D9: 2021 | E9: 1 | F9: =F6+F7 -> 0 | G9: 2022 | H9: =H6+H7 -> 0 | I9: 2023 | J9: =J6+J7 -> 0 | K9: 2025 | L9: =L6+L7 -> 2543.8
E10: 2 | F10: =F8 -> 0 | H10: =H8 -> 0 | J10: =J8 -> 0 | L10: =L8 -> 4542.5
D12: 2021 | E12: 2022 | F12: 2023 | G12: 2024 | H12: 2025 | I12: 2026 | J12: 2027 | K12: 2028 | L12: 2029 | M12: 2030 | N12: 2031 | O12: 2032 | P12: 2033 | Q12: 2034 | R12: 2035 | S12: 2036 | T12: 2037 | U12: 2038 | V12: 2039 | W12: 2040 | X12: 2041
D13: Año 0 | E13: Año 1 | F13: Año 2 | G13: Años 3 | H13: Año 4 | I13: Año 5 | J13: Años 6 | K13: Año 7 | L13: Año 8 | M13: Años 9 | N13: Año 10 | O13: Año 11 | P13: Año 12 | Q13: Años 13 | R13: Año 14 | S13: Año 15 | T13: Años 16 | U13: Año 17 | V13: Año 18 | W13: Años 19 | X13: Año 20
C14: Mantenimiento anual | I14: =$L$9 -> 2543.8 | J14: =$L$9 -> 2543.8 | K14: =$L$9 -> 2543.8 | L14: =$L$9 -> 2543.8 | M14: =$L$9 -> 2543.8 | N14: =$L$9 -> 2543.8 | O14: =$L$9 -> 2543.8 | P14: =$L$9 -> 2543.8 | ... X14: =$L$9 -> 2543.8
C15: Manteniemiento mayor programado C/ 5 años | N15: =$L$10 -> 4542.5 | S15: =$L$10 -> 4542.5 | X15: =$L$10 -> 4542.5
C16: totales | D16: =SUM(D14:D15) -> 0 | E16: =SUM(E14:E15) -> 0 | F16: =SUM(F14:F15) -> 0 | G16: =SUM(G14:G15) -> 0 | H16: =SUM(H14:H15) -> 0 | I16: =SUM(I14:I15) -> 2543.8 | J16: =SUM(J14:J15) -> 2543.8 | K16: =SUM(K14:K15) -> 2543.8 | ... X16: =SUM(X14:X15) -> 7086.3

Sheet (11) CCV VIS. Y ABORDAJE
C4: 11.1. EQUIPAMIENTO INFILTRACIÓN SUBMARINA | D4: VALOR UNITARIO | E4: 2021 | F4: VALOR TOTAL | G4: 2022 | H4: VALOR TOTAL | I4: 2023 | J4: VALOR TOTAL | K4: 2025 | L4: VALOR TOTAL | M4: CANTIDADES TOTALES FASE 1 Y 2 | N4: VALORES TOTALES FASE 1 Y 2
B5: 11.1.1 | C5: Arnés para izado y arriado de scooter (DPV), permite inserción helicóptero o buque. | D5: ='TABLA GENERAL FASE 1 Y 2'!H254 -> 570 | E5: ='TABLA GENERAL FASE 1 Y 2'!J254 -> 0 | F5: =E5*D5 -> 0 | G5: ='TABLA GENERAL FASE 1 Y 2'!L254 -> 0 | H5: =G5*D5 -> 0 | I5: ='TABLA GENERAL FASE 1 Y 2'!N254 -> 0 | J5: =I5*D5 -> 0 | K5: ='TABLA GENERAL FASE 1 Y 2'!P254 -> 6 | L5: =K5*D5 -> 3420 | M5: =K5+I5+G5+E5 -> 6 | N5: =L5+J5+H5+F5 -> 3420
B6: a | C6: Costo anual de Insumos para mantenimiento preventivo (OLM) | D6: 0.016 | F6: =$D$6*$D$5*E5 -> 0 | H6: =$D$6*$D$5*G5 -> 0 | J6: =$D$6*$D$5*I5 -> 0 | L6: =$D$6*$D$5*K5 -> 54.72
B7: b | C7: Kit anual de repuestos (OLM) | D7: 0.012 | F7: =$D$7*$D$5*E5 -> 0 | H7: =$D$7*$D$5*G5 -> 0 | J7: =$D$7*$D$5*I5 -> 0 | L7: =$D$7*$D$5*K5 -> 41.04
B8: c | C8: Manteniemiento mayor programado C/ 5 años | D8: =0.05 -> 0.05 | F8: =D5*E5*D8 -> 0 | H8: =$D$8*$D$5*G5 -> 0 | J8: =$D$8*$D$5*I5 -> 0 | L8: =$D$8*$D$5*K5 -> 171
B9: 11.1.2 | C9: Consola de navegación para scooter, con profundímetro, reloj y GPS. | D9: ='TABLA GENERAL FASE 1 Y 2'!H255 -> 3967.46 | E9: ='TABLA GENERAL FASE 1 Y 2'!J255 -> 0 | F9: =E9*D9 -> 0 | G9: ='TABLA GENERAL FASE 1 Y 2'!L255 -> 0 | H9: =G9*D9 -> 0 | I9: ='TABLA GENERAL FASE 1 Y 2'!N255 -> 0 | J9: =I9*D9 -> 0 | K9: ='TABLA GENERAL FASE 1 Y 2'!P255 -> 4 | L9: =K9*D9 -> 15869.84 | M9: =K9+I9+G9+E9 -> 4 | N9: =L9+J9+H9+F9 -> 15869.84
B10: a | C10: Costo anual de Insumos para mantenimiento preventivo (OLM) | D10: 0.02 | F10: =$D$6*$D$5*E9 -> 0 | H10: =$D$6*$D$5*G9 -> 0 | J10: =$D$6*$D$5*I9 -> 0 | L10: =$D$10*$D$9*K9 -> 317.3968
B11: b | C11: Kit anual de repuestos (OLM) | D11: 0.012 | F11: =$D$7*$D$5*E9 -> 0 | H11: =$D$7*$D$5*G9 -> 0 | J11: =$D$7*$D$5*I9 -> 0 | L11: =$D$11*$D$9*K9 -> 190.43808
B12: c | C12: Manteniemiento mayor programado C/ 5 años | D12: =0.05 -> 0.05 | F12: =D9*E9*D12 -> 0 | H12: =$D$8*$D$5*G9 -> 0 | J12: =$D$8*$D$5*I9 -> 0 | L12: =$D$12*$D$9*K9 -> 793.492
B13: 11.1.4 | C13: Scooter con autonomía mínima de 6 millas. | D13: ='TABLA GENERAL FASE 1 Y 2'!H257 -> 42800 | E13: ='TABLA GENERAL FASE 1 Y 2'!J257 -> 0 | F13: =E13*D13 -> 0 | G13: ='TABLA GENERAL FASE 1 Y 2'!L257 -> 0 | H13: =G13*D13 -> 0 | I13: ='TABLA GENERAL FASE 1 Y 2'!N257 -> 0 | J13: =I13*E13 -> 0 | K13: ='TABLA GENERAL FASE 1 Y 2'!P257 -> 4 | L13: =K13*D13 -> 171200 | M13: =K13+I13+G13+E13 -> 4 | N13: =L13+J13+H13+F13 -> 171200
B14: a | C14: Costo anual de Insumos para mantenimiento preventivo (OLM) | D14: 0.01 | F14: =$D$6*$D$5*E13 -> 0 | H14: =$D$6*$D$5*G13 -> 0 | J14: =$D$6*$D$5*I13 -> 0 | L14: =$D$14*$D$13*K13 -> 1712
B15: b | C15: Kit anual de repuestos (OLM) | D15: 0.011 | F15: =$D$7*$D$5*E13 -> 0 | H15: =$D$7*$D$5*G13 -> 0 | J15: =$D$7*$D$5*I13 -> 0 | L15: =$D$15*$D$13*K13 -> 1883.2
B16: c | C16: Manteniemiento mayor programado C/ 5 años | D16: =0.04 -> 0.04 | F16: =D13*E13*D16 -> 0 | H16: =$D$8*$D$5*G13 -> 0 | J16: =$D$8*$D$5*I13 -> 0 | L16: =$D$16*$D$13*K13 -> 6848
D17: 2021 | E17: 1 | F17: =F6+F7 -> 0 | G17: 2022 | H17: =H6+H7 -> 0 | I17: 2023 | J17: =J6+J7 -> 0 | K17: 2025 | L17: =L15+L14+L11+L10+L7+L6 -> 4198.7949
E18: 2 | F18: =F8 -> 0 | H18: =H8 -> 0 | J18: =J8 -> 0 | L18: =L8+L17+L12 -> 5163.2869
D20: 2021 | E20: 2022 | F20: 2023 | G20: 2024 | H20: 2025 | I20: 2026 | J20: 2027 | K20: 2028 | L20: 2029 | M20: 2030 | N20: 2031 | O20: 2032 | P20: 2033 | Q20: 2034 | R20: 2035 | S20: 2036 | T20: 2037 | U20: 2038 | V20: 2039 | W20: 2040 | X20: 2041
D21: Año 0 | E21: Año 1 | F21: Año 2 | G21: Años 3 | H21: Año 4 | I21: Año 5 | J21: Años 6 | K21: Año 7 | L21: Año 8 | M21: Años 9 | N21: Año 10 | O21: Año 11 | P21: Año 12 | Q21: Años 13 | R21: Año 14 | S21: Año 15 | T21: Años 16 | U21: Año 17 | V21: Año 18 | W21: Años 19 | X21: Año 20
C22: Mantenimiento anual | I22: =$L$17 -> 4198.7949 | J22: =$L$17 -> 4198.7949 | K22: =$L$17 -> 4198.7949 | L22: =$L$17 -> 4198.7949 | M22: =$L$17 -> 4198.7949 | N22: =$L$17 -> 4198.7949 | O22: =$L$17 -> 4198.7949 | P22: =$L$17 -> 4198.7949 | ... X22: =$L$17 -> 4198.7949
C23: Manteniemiento mayor programado C/ 5 años | N23: =L18 -> 5163.2869 | S23: =L18 -> 5163.2869 | X23: =L18 -> 5163.2869
C24: totales | D24: =SUM(D22:D23) -> 0 | E24: =SUM(E22:E23) -> 0 | F24: =SUM(F22:F23) -> 0 | G24: =SUM(G22:G23) -> 0 | H24: =SUM(H22:H23) -> 0 | I24: =SUM(I22:I23) -> 4198.7949 | J24: =SUM(J22:J23) -> 4198.7949 | K24: =SUM(K22:K23) -> 4198.7949 | ... X24: =SUM(X22:X23) -> 9362.0818

Sheet (12) CCV AP. OPER. CONTAMINADO
C4: 11.1. EQUIPAMIENTO INFILTRACIÓN SUBMARINA | D4: VALOR UNITARIO | E4: 2021 | F4: VALOR TOTAL | G4: 2022 | H4: VALOR TOTAL | I4: 2023 | J4: VALOR TOTAL | K4: 2025 | L4: VALOR TOTAL | M4: CANTIDADES TOTALES FASE 1 Y 2 | N4: VALORES TOTALES FASE 1 Y 2
B5: 12.1 | C5: Software para navegación y levantamiento submarino. | D5: ='TABLA GENERAL FASE 1 Y 2'!H262 -> 1600 | E5: ='TABLA GENERAL FASE 1 Y 2'!J262 -> 0 | F5: =E5*D5 -> 0 | G5: ='TABLA GENERAL FASE 1 Y 2'!L262 -> 0 | H5: =G5*D5 -> 0 | I5: ='TABLA GENERAL FASE 1 Y 2'!N262 -> 0 | J5: =I5*E5 -> 0 | K5: ='TABLA GENERAL FASE 1 Y 2'!P262 -> 1 | L5: =K5*D5 -> 1600 | M5: =K5+I5+G5+E5 -> 1 | N5: =L5+J5+H5+F5 -> 1600
B6: a | C6: Costo anual de Insumos para mantenimiento preventivo (OLM) | D6: 0 | F6: =$D$6*$D$5*E5 -> 0 | H6: =$D$6*$D$5*G5 -> 0 | J6: =$D$6*$D$5*I5 -> 0 | L6: =$D$6*$D$5*K5 -> 0
B7: b | C7: Kit anual de repuestos (OLM) | D7: 0 | F7: =$D$7*$D$5*E5 -> 0 | H7: =$D$7*$D$5*G5 -> 0 | J7: =$D$7*$D$5*I5 -> 0 | L7: =$D$7*$D$5*K5 -> 0
B8: c | C8: Manteniemiento mayor programado C/ 5 años | D8: =0.1 -> 0.1 | F8: =D5*E5*D8 -> 0 | H8: =$D$8*$D$5*G5 -> 0 | J8: =$D$8*$D$5*I5 -> 0 | L8: =$D$8*$D$5*K5 -> 160
B9: 12.2 | C9: Generador portátil. | D9: ='TABLA GENERAL FASE 1 Y 2'!H263 -> 3058 | E9: ='TABLA GENERAL FASE 1 Y 2'!J263 -> 1 | F9: =E9*D9 -> 3058 | G9: ='TABLA GENERAL FASE 1 Y 2'!L263 -> 0 | H9: =G9*D9 -> 0 | I9: ='TABLA GENERAL FASE 1 Y 2'!N263 -> 0 | J9: =I9*E9 -> 0 | K9: ='TABLA GENERAL FASE 1 Y 2'!P263 -> 0 | L9: =K9*D9 -> 0 | M9: =K9+I9+G9+E9 -> 1 | N9: =L9+J9+H9+F9 -> 3058
B10: a | C10: Costo anual de Insumos para mantenimiento preventivo (OLM) | D10: 0.02 | F10: =$D$10*$D$9*E9 -> 61.16 | H10: =$D$10*$D$9*G9 -> 0 | J10: =$D$10*$D$9*I9 -> 0 | L10: =$D$10*$D$9*K9 -> 0
B11: b | C11: Kit anual de repuestos (OLM) | D11: 0.012 | F11: =$D$11*$D$9*E9 -> 36.696 | H11: =$D$11*$D$9*G9 -> 0 | J11: =$D$11*$D$9*I9 -> 0 | L11: =$D$11*$D$9*K9 -> 0
B12: c | C12: Manteniemiento mayor programado C/ 5 años | D12: =0.05 -> 0.05 | F12: =$D$9*E9*$D$12 -> 152.9 | H12: =$D$9*G9*$D$12 -> 0 | J12: =$D$9*I9*$D$12 -> 0 | L12: =$D$9*K9*$D$12 -> 0
B13: 12.3 | C13: Sistema de comunicaciones submarinas. | D13: ='TABLA GENERAL FASE 1 Y 2'!H264 -> 2880 | E13: ='TABLA GENERAL FASE 1 Y 2'!J264 -> 4 | F13: =E13*D13 -> 11520 | G13: ='TABLA GENERAL FASE 1 Y 2'!L264 -> 0 | H13: =G13*D13 -> 0 | I13: ='TABLA GENERAL FASE 1 Y 2'!N264 -> 0 | J13: =I13*E13 -> 0 | K13: ='TABLA GENERAL FASE 1 Y 2'!P264 -> 0 | L13: =K13*D13 -> 0 | M13: =K13+I13+G13+E13 -> 4 | N13: =L13+J13+H13+F13 -> 11520
B14: a | C14: Costo anual de Insumos para mantenimiento preventivo (OLM) | D14: 0.01 | F14: =$D$14*$D$13*E13 -> 115.2 | H14: =$D$14*$D$13*G13 -> 0 | J14: =$D$14*$D$13*I13 -> 0 | L14: =$D$14*$D$13*K13 -> 0
B15: b | C15: Kit anual de repuestos (OLM) | D15: 0.011 | F15: =$D$15*$D$13*E13 -> 126.72 | H15: =$D$15*$D$13*G13 -> 0 | J15: =$D$15*$D$13*I13 -> 0 | L15: =$D$15*$D$13*K13 -> 0
B16: c | C16: Manteniemiento mayor programado C/ 5 años | D16: =0.04 -> 0.04 | F16: =D13*E13*$D$16 -> 460.8 | H16: =F13*G13*$D$16 -> 0 | J16: =H13*I13*$D$16 -> 0 | L16: =J13*K13*$D$16 -> 0
B17: 12.4 | C17: Consola equipo submarino. | D17: ='TABLA GENERAL FASE 1 Y 2'!H265 -> 1990 | E17: ='TABLA GENERAL FASE 1 Y 2'!J265 -> 0 | F17: =E17*D17 -> 0 | G17: ='TABLA GENERAL FASE 1 Y 2'!L265 -> 0 | H17: =G17*D17 -> 0 | I17: ='TABLA GENERAL FASE 1 Y 2'!N265 -> 0 | J17: =I17*E17 -> 0 | K17: ='TABLA GENERAL FASE 1 Y 2'!P265 -> 1 | L17: =K17*D17 -> 1990 | M17: =K17+I17+G17+E17 -> 1 | N17: =L17+J17+H17+F17 -> 1990
B18: a | C18: Costo anual de Insumos para mantenimiento preventivo (OLM) | D18: 0.01 | F18: =$D$18*$D$17*E17 -> 0 | H18: =$D$18*$D$17*G17 -> 0 | J18: =$D$18*$D$17*I17 -> 0 | L18: =$D$18*$D$17*K17 -> 19.9
B19: b | C19: Kit anual de repuestos (OLM) | D19: 0.04 | F19: =$D$19*$D$17*E17 -> 0 | H19: =$D$19*$D$17*G17 -> 0 | J19: =$D$19*$D$17*I17 -> 0 | L19: =$D$19*$D$17*K17 -> 79.6
B20: c | C20: Manteniemiento mayor programado C/ 5 años | D20: =0.04 -> 0.04 | F20: =$D$17*E17*$D$20 -> 0 | H20: =$D$17*G17*$D$20 -> 0 | J20: =$D$17*I17*$D$20 -> 0 | L20: =$D$17*K17*$D$20 -> 79.6
B21: 12.5 | C21: Underwater information system UWIS. | D21: ='TABLA GENERAL FASE 1 Y 2'!H266 -> 43500 | E21: ='TABLA GENERAL FASE 1 Y 2'!J266 -> 1 | F21: =E21*D21 -> 43500 | G21: ='TABLA GENERAL FASE 1 Y 2'!L266 -> 0 | H21: =G21*D21 -> 0 | I21: ='TABLA GENERAL FASE 1 Y 2'!N266 -> 0 | J21: =I21*E21 -> 0 | K21: ='TABLA GENERAL FASE 1 Y 2'!P266 -> 0 | L21: =K21*D21 -> 0 | M21: =K21+I21+G21+E21 -> 1 | N21: =L21+J21+H21+F21 -> 43500
B22: a | C22: Costo anual de Insumos para mantenimiento preventivo (OLM) | D22: 0.01 | F22: =$D$21*$D$22*E21 -> 435 | H22: =$D$21*$D$22*G21 -> 0 | J22: =$D$21*$D$22*I21 -> 0 | L22: =$D$21*$D$22*K21 -> 0
B23: b | C23: Kit anual de repuestos (OLM) | D23: 0.011 | F23: =$D$23*$D$21*E21 -> 478.5 | H23: =$D$23*$D$21*G21 -> 0 | J23: =$D$23*$D$21*I21 -> 0 | L23: =$D$23*$D$21*K21 -> 0
B24: c | C24: Manteniemiento mayor programado C/ 5 años | D24: =0.04 -> 0.04 | F24: =$D$21*E21*$D$24 -> 1740 | H24: =$D$21*G21*$D$24 -> 0 | J24: =$D$21*I21*$D$24 -> 0 | L24: =$D$21*K21*$D$24 -> 0
D25: 2021 | E25: 1 | F25: =F23+F22+F19+F18+F15+F14+F11+F10+F7+F6 -> 1253.276 | G25: 2022 | H25: =H23+H22+H19+H18+H15+H14+H11+H10+H7+H6 -> 0 | I25: 2023 | J25: =J23+J22+J19+J18+J15+J14+J11+J10+J7+J6 -> 0 | K25: 2025 | L25: =L23+L22+L19+L18+L15+L14+L11+L10+L7+L6 -> 99.5
E26: 2 | F26: =F24+F20+F16+F12+F8 -> 2353.7 | H26: =H24+H20+H16+H12+H8 -> 0 | J26: =J24+J20+J16+J12+J8 -> 0 | L26: =L24+L20+L16+L12+L8 -> 239.6
D30: 2021 | E30: 2022 | F30: 2023 | G30: 2024 | H30: 2025 | I30: 2026 | J30: 2027 | K30: 2028 | L30: 2029 | M30: 2030 | N30: 2031 | O30: 2032 | P30: 2033 | Q30: 2034 | R30: 2035 | S30: 2036 | T30: 2037 | U30: 2038 | V30: 2039 | W30: 2040 | X30: 2041 | Y30: 2042 | Z30: 2043 | AA30: 2044 | AB30: 2045 | AC30: 2046
D31: Año 0 | E31: Año 1 | F31: Año 2 | G31: Años 3 | H31: Año 4 | I31: Año 5 | J31: Años 6 | K31: Año 7 | L31: Año 8 | M31: Años 9 | N31: Año 10 | O31: Año 11 | P31: Año 12 | Q31: Años 13 | R31: Año 14 | S31: Año 15 | T31: Años 16 | U31: Año 17 | V31: Año 18 | W31: Años 19 | X31: Año 20 | Y31: Año 21 | Z31: Año 22 | AA31: Años 23 | AB31: Año 24 | AC31: año 25
C32: Mantenimiento anual | E32: =$F$25 -> 1253.276 | F32: =$F$25 -> 1253.276 | G32: =$F$25 -> 1253.276 | H32: =$F$25 -> 1253.276 | I32: =H32+$L$25 -> 1352.776 | J32: =I32+$L$25 -> 1452.276 | K32: =J32+$L$25 -> 1551.776 | L32: =K32+$L$25 -> 1651.276 | M32: =L32+$L$25 -> 1750.776 | N32: =M32+$L$25 -> 1850.276 | O32: =N32+$L$25 -> 1949.776 | P32: =O32+$L$25 -> 2049.276 | ... X32: =W32+$L$25 -> 2845.276 | Y32: =$L$25 -> 99.5 | Z32: =$L$25 -> 99.5 | AA32: =$L$25 -> 99.5 | AB32: =$L$25 -> 99.5 | AC32: =$L$25 -> 99.5
C33: Manteniemiento mayor programado C/ 5 años | I33: =$F$26 -> 2353.7 | M33: =$L$26 -> 239.6 | N33: =I33 -> 2353.7 | R33: =M33 -> 239.6 | S33: =N33 -> 2353.7 | W33: =R33 -> 239.6 | AB33: =W33 -> 239.6
C34: totales | D34: =SUM(D32:D33) -> 0 | E34: =SUM(E32:E33) -> 1253.276 | F34: =SUM(F32:F33) -> 1253.276 | G34: =SUM(G32:G33) -> 1253.276 | H34: =SUM(H32:H33) -> 1253.276 | I34: =SUM(I32:I33) -> 3706.476 | J34: =SUM(J32:J33) -> 1452.276 | K34: =SUM(K32:K33) -> 1551.776 | ... AC34: =SUM(AC32:AC33) -> 99.5

Sheet TABLA GENERAL FASE 1 Y 2 (2)
B1: Comando, Control C4I
J2: FASE 1 | P2: FASE 2 | U2: FASE 1 | X2: FASE 2
J3: FASE 1 | P3: FASE 2 | R3: FASE 1 Y 2 | U3: FASE 1 | X3: FASE 2 | Y3: FASE 1 Y 2
A4: CAPACIDAD | F4: EQUIPAMIENTO | G4: BRECHA cantidad | H4: VALOR UNITARIO | I4: VALOR TOTAL (USD) | J4: 2021 | K4: VALOR TOTAL | L4: 2022 | M4: VALOR TOTAL | N4: 2023 | O4: VALOR TOTAL | P4: 2025 | Q4: VALOR TOTAL | R4: CANTIDADES TOTALES FASE 1 Y 2 | S4: VALORES TOTALES FASE 1 Y 2 | U4: 2021 | V4: 2022 | W4: 2023 | X4: 2025 | Y4: CANTIDADES TOTALES FASE 1 Y 2
A5: Comando, Control C4I | B5: 1. SISTEMA COMANDO, CONTROL, COMUNICACIONES Y COMPUTACIÓN (C4I) | C5: 1.1. MANDO Y CONTROL | D5: 1.1.1. EQUIPAMIENTO PUESTO DE MANDO | E5: 1.1.1.1. | F5: Carpa inflable 42 mt2 (7X5,6mts), faja unión, puerta exclusa, liner interior. | G5: 2 | H5: ='TABLA GENERAL'!D3 -> 35321 | I5: 70642 | J5: 0 | K5: =J5*H5 -> 0 | L5: 1 | M5: =L5*H5 -> 35321 | N5: 0 | O5: =N5*H5 -> 0 | P5: 0 | Q5: =P5*H5 -> 0 | R5: =P5+N5+L5+J5 -> 1 | S5: =Q5+O5+M5+K5 -> 35321 | U5: =+J5/G5 -> 0 | V5: =+L5/G5 -> 0.5 | W5: =+N5/G5 -> 0 | X5: =+P5/G5 -> 0 | Y5: =+R5/G5 -> 0.5
E6: 1.1.1.2. | F6: Redes mimetismo carpa. | G6: 2 | H6: ='TABLA GENERAL'!D4 -> 17579 | I6: 35158 | J6: 0 | K6: =J6*H6 -> 0 | L6: 1 | M6: =L6*H6 -> 17579 | N6: 0 | O6: =N6*H6 -> 0 | P6: 0 | Q6: =P6*H6 -> 0 | R6: =P6+N6+L6+J6 -> 1 | S6: =Q6+O6+M6+K6 -> 17579 | U6: =+J6/G6 -> 0 | V6: =+L6/G6 -> 0.5 | W6: =+N6/G6 -> 0 | X6: =+P6/G6 -> 0 | Y6: =+R6/G6 -> 0.5
E7: 1.1.1.3. | F7: Trailer para carpa y accesorios 3,5 ton. | G7: 2 | H7: ='TABLA GENERAL'!D5 -> 24779 | I7: 49558 | J7: 0 | K7: =J7*H7 -> 0 | L7: 1 | M7: =L7*H7 -> 24779 | N7: 0 | O7: =N7*H7 -> 0 | P7: 0 | Q7: =P7*H7 -> 0 | R7: =P7+N7+L7+J7 -> 1 | S7: =Q7+O7+M7+K7 -> 24779 | U7: =+J7/G7 -> 0 | V7: =+L7/G7 -> 0.5 | W7: =+N7/G7 -> 0 | X7: =+P7/G7 -> 0 | Y7: =+R7/G7 -> 0.5
E8: 1.1.1.4. | F8: Mobiliario para carpas, sillas, piso. | G8: 2 | H8: ='TABLA GENERAL'!D6 -> 22458 | I8: 44916 | J8: 0 | K8: =J8*H8 -> 0 | L8: 1 | M8: =L8*H8 -> 22458 | N8: 0 | O8: =N8*H8 -> 0 | P8: 0 | Q8: =P8*H8 -> 0 | R8: =P8+N8+L8+J8 -> 1 | S8: =Q8+O8+M8+K8 -> 22458 | U8: =+J8/G8 -> 0 | V8: =+L8/G8 -> 0.5 | W8: =+N8/G8 -> 0 | X8: =+P8/G8 -> 0 | Y8: =+R8/G8 -> 0.5
E9: 1.1.1.5. | F9: Sist. Eléctrico, banco baterías, generador 8,5 kva, Iluminación exterior, inst. eléctrica. | G9: 2 | H9: ='TABLA GENERAL'!D7 -> 63048 | I9: 126096 | J9: 0 | K9: =J9*H9 -> 0 | L9: 1 | M9: =L9*H9 -> 63048 | N9: 0 | O9: =N9*H9 -> 0 | P9: 0 | Q9: =P9*H9 -> 0 | R9: =P9+N9+L9+J9 -> 1 | S9: =Q9+O9+M9+K9 -> 63048 | U9: =+J9/G9 -> 0 | V9: =+L9/G9 -> 0.5 | W9: =+N9/G9 -> 0 | X9: =+P9/G9 -> 0 | Y9: =+R9/G9 -> 0.5
E10: 1.1.1.6. | F10: Climatización generador eléctrico 22 kva Trifásico, trayler 1,5 ton. | G10: 2 | H10: ='TABLA GENERAL'!D8 -> 81814 | I10: 163628 | J10: 0 | K10: =J10*H10 -> 0 | L10: 1 | M10: =L10*H10 -> 81814 | N10: 0 | O10: =N10*H10 -> 0 | P10: 0 | Q10: =P10*H10 -> 0 | R10: =P10+N10+L10+J10 -> 1 | S10: =Q10+O10+M10+K10 -> 81814 | U10: =+J10/G10 -> 0 | V10: =+L10/G10 -> 0.5 | W10: =+N10/G10 -> 0 | X10: =+P10/G10 -> 0 | Y10: =+R10/G10 -> 0.5
E11: 1.1.1.7. | F11: Teléfonos IP. | G11: 16 | H11: ='TABLA GENERAL'!D9 -> 141 | I11: 2256 | J11: 10 | K11: =J11*H11 -> 1410 | L11: 0 | M11: =L11*H11 -> 0 | N11: 0 | O11: =N11*H11 -> 0 | P11: 0 | Q11: =P11*H11 -> 0 | R11: =P11+N11+L11+J11 -> 10 | S11: =Q11+O11+M11+K11 -> 1410 | U11: =+J11/G11 -> 0.625 | V11: =+L11/G11 -> 0 | W11: =+N11/G11 -> 0 | X11: =+P11/G11 -> 0 | Y11: =+R11/G11 -> 0.625
E12: 1.1.1.8. | F12: Laptop rugerizado puesto mando. | G12: 16 | H12: ='TABLA GENERAL'!D10 -> 6243 | I12: 99888 | J12: 10 | K12: =J12*H12 -> 62430 | L12: 2 | M12: =L12*H12 -> 12486 | N12: 0 | O12: =N12*H12 -> 0 | P12: 0 | Q12: =P12*H12 -> 0 | R12: =P12+N12+L12+J12 -> 12 | S12: =Q12+O12+M12+K12 -> 74916 | U12: =+J12/G12 -> 0.625 | V12: =+L12/G12 -> 0.125 | W12: =+N12/G12 -> 0 | X12: =+P12/G12 -> 0 | Y12: =+R12/G12 -> 0.75
E13: 1.1.1.9. | F13: Laptop rugerizado unidades pedestres. | G13: 10 | H13: ='TABLA GENERAL'!D11 -> 6877 | I13: 68770 | J13: 10 | K13: =J13*H13 -> 68770 | L13: 0 | M13: =L13*H13 -> 0 | N13: 0 | O13: =N13*H13 -> 0 | P13: 0 | Q13: =P13*H13 -> 0 | R13: =P13+N13+L13+J13 -> 10 | S13: =Q13+O13+M13+K13 -> 68770 | U13: =+J13/G13 -> 1 | V13: =+L13/G13 -> 0 | W13: =+N13/G13 -> 0 | X13: =+P13/G13 -> 0 | Y13: =+R13/G13 -> 1
E14: 1.1.1.10. | F14: Sistema VCO. | G14: 2 | H14: ='TABLA GENERAL'!D16 -> 27035 | I14: 54070 | J14: 1 | K14: =J14*H14 -> 27035 | L14: 0 | M14: =L14*H14 -> 0 | N14: 0 | O14: =N14*H14 -> 0 | P14: 0 | Q14: =P14*H14 -> 0 | R14: =P14+N14+L14+J14 -> 1 | S14: =Q14+O14+M14+K14 -> 27035 | U14: =+J14/G14 -> 0.5 | V14: =+L14/G14 -> 0 | W14: =+N14/G14 -> 0 | X14: =+P14/G14 -> 0 | Y14: =+R14/G14 -> 0.5
E15: 1.1.1.11. | F15: Carrete eléctricos 25 mts. | G15: 4 | H15: ='TABLA GENERAL'!D17 -> 421 | I15: 1684 | J15: 1 | K15: =J15*H15 -> 421 | L15: 0 | M15: =L15*H15 -> 0 | N15: 0 | O15: =N15*H15 -> 0 | P15: 0 | Q15: =P15*H15 -> 0 | R15: =P15+N15+L15+J15 -> 1 | S15: =Q15+O15+M15+K15 -> 421 | U15: =+J15/G15 -> 0.25 | V15: =+L15/G15 -> 0 | W15: =+N15/G15 -> 0 | X15: =+P15/G15 -> 0 | Y15: =+R15/G15 -> 0.25
D16: 1.1.2. EQUIPAMIENTO SOFTWARE MANDO Y CONTROL | E16: 1.1.2.1, | F16: M&c nivel operacional (nivel pm). | G16: 2 | H16: ='TABLA GENERAL'!D19 -> 27984 | I16: 55968 | J16: 0 | K16: =J16*H16 -> 0 | L16: 1 | M16: =L16*H16 -> 27984 | N16: 0 | O16: =N16*H16 -> 0 | P16: 0 | Q16: =P16*H16 -> 0 | R16: =P16+N16+L16+J16 -> 1 | S16: =Q16+O16+M16+K16 -> 27984 | U16: =+J16/G16 -> 0 | V16: =+L16/G16 -> 0.5 | W16: =+N16/G16 -> 0 | X16: =+P16/G16 -> 0 | Y16: =+R16/G16 -> 0.5
E17: 1.1.2.2. | F17: M&c nivel táctico (unidades tácticas). | G17: 14 | H17: ='TABLA GENERAL'!D20 -> 1655 | I17: 23170 | J17: 14 | K17: =J17*H17 -> 23170 | L17: 0 | M17: =L17*H17 -> 0 | N17: 0 | O17: =N17*H17 -> 0 | P17: 0 | Q17: =P17*H17 -> 0 | R17: =P17+N17+L17+J17 -> 14 | S17: =Q17+O17+M17+K17 -> 23170 | U17: =+J17/G17 -> 1 | V17: =+L17/G17 -> 0 | W17: =+N17/G17 -> 0 | X17: =+P17/G17 -> 0 | Y17: =+R17/G17 -> 1
E18: 1.1.2.3. | F18: Caja de integración transportable rugged. | G18: 2 | H18: ='TABLA GENERAL'!D21 -> 11477 | I18: 22954 | J18: 1 | K18: =J18*H18 -> 11477 | L18: 0 | M18: =L18*H18 -> 0 | N18: 0 | O18: =N18*H18 -> 0 | P18: 0 | Q18: =P18*H18 -> 0 | R18: =P18+N18+L18+J18 -> 1 | S18: =Q18+O18+M18+K18 -> 11477 | U18: =+J18/G18 -> 0.5 | V18: =+L18/G18 -> 0 | W18: =+N18/G18 -> 0 | X18: =+P18/G18 -> 0 | Y18: =+R18/G18 -> 0.5
E19: 1.1.2.4. | F19: Software de cálculo de propagación. | G19: 1 | H19: ='TABLA GENERAL'!D22 -> 44356 | I19: 44356 | J19: 0 | K19: =J19*H19 -> 0 | L19: 1 | M19: =L19*H19 -> 44356 | N19: 0 | O19: =N19*H19 -> 0 | P19: 0 | Q19: =P19*H19 -> 0 | R19: =P19+N19+L19+J19 -> 1 | S19: =Q19+O19+M19+K19 -> 44356 | U19: =+J19/G19 -> 0 | V19: =+L19/G19 -> 1 | W19: =+N19/G19 -> 0 | X19: =+P19/G19 -> 0 | Y19: =+R19/G19 -> 1
E20: 1.1.2.5, | F20: Antivirus. | G20: 36 | H20: ='TABLA GENERAL'!D23 -> 107 | I20: 3852 | J20: 10 | K20: =J20*H20 -> 1070 | L20: 2 | M20: =L20*H20 -> 214 | N20: 0 | O20: =N20*H20 -> 0 | P20: 0 | Q20: =P20*H20 -> 0 | R20: =P20+N20+L20+J20 -> 12 | S20: =Q20+O20+M20+K20 -> 1284 | U20: =+J20/G20 -> 0.27777778 | V20: =+L20/G20 -> 0.055555556 | W20: =+N20/G20 -> 0 | X20: =+P20/G20 -> 0 | Y20: =+R20/G20 -> 0.33333333
E21: 1.1.2.6. | F21: Software chateo táctico (tacchat). | G21: 13 | H21: ='TABLA GENERAL'!D24 -> 1484 | I21: 19292 | J21: 10 | K21: =J21*H21 -> 14840 | L21: 0 | M21: =L21*H21 -> 0 | N21: 0 | O21: =N21*H21 -> 0 | P21: 0 | Q21: =P21*H21 -> 0 | R21: =P21+N21+L21+J21 -> 10 | S21: =Q21+O21+M21+K21 -> 14840 | U21: =+J21/G21 -> 0.76923077 | V21: =+L21/G21 -> 0 | W21: =+N21/G21 -> 0 | X21: =+P21/G21 -> 0 | Y21: =+R21/G21 -> 0.76923077
E22: 1.1.2.6. | F22: Tráiler - cargo con generador. | G22: 2 | H22: ='TABLA GENERAL'!D25 -> 312143 | I22: 624286 | J22: 1 | K22: =J22*H22 -> 312143 | L22: 1 | M22: =L22*H22 -> 312143 | N22: 0 | O22: =N22*H22 -> 0 | P22: 0 | Q22: =P22*H22 -> 0 | R22: =P22+N22+L22+J22 -> 2 | S22: =Q22+O22+M22+K22 -> 624286 | U22: =+J22/G22 -> 0.5 | V22: =+L22/G22 -> 0.5 | W22: =+N22/G22 -> 0 | X22: =+P22/G22 -> 0 | Y22: =+R22/G22 -> 1
C23: 1.2. TELECOMUNICACIONES | D23: 1.2.1. TRANSCEPTOR VHF - UHF | E23: 1.2.1.1. | F23: Trans. VHF-UHF Vehicular 50 w desmontable a portátil, caja rugged. | G23: 1 | H23: ='TABLA GENERAL'!D27 -> 68138 | I23: 68138 | J23: 1 | K23: =J23*H23 -> 68138 | L23: 0 | M23: =L23*H23 -> 0 | N23: 0 | O23: =N23*H23 -> 0 | P23: 0 | Q23: =P23*H23 -> 0 | R23: =P23+N23+L23+J23 -> 1 | S23: =Q23+O23+M23+K23 -> 68138 | U23: =+J23/G23 -> 1 | V23: =+L23/G23 -> 0 | W23: =+N23/G23 -> 0 | X23: =+P23/G23 -> 0 | Y23: =+R23/G23 -> 1
E24: 1.2.1.2. | F24: Trans. VHF-UHF Vehicular 50 w desmontable a portátil. | G24: 11 | H24: ='TABLA GENERAL'!D28 -> 47779 | I24: 525569 | J24: 2 | K24: =J24*H24 -> 95558 | L24: 7 | M24: =L24*H24 -> 334453 | N24: 0 | O24: =N24*H24 -> 0 | P24: 0 | Q24: =P24*H24 -> 0 | R24: =P24+N24+L24+J24 -> 9 | S24: =Q24+O24+M24+K24 -> 430011 | U24: =+J24/G24 -> 0.18181818 | V24: =+L24/G24 -> 0.63636364 | W24: =+N24/G24 -> 0 | X24: =+P24/G24 -> 0 | Y24: =+R24/G24 -> 0.81818182
E25: 1.2.1.3. | F25: Trans. VHF-UHF Vehicular 50 w. | G25: 4 | H25: ='TABLA GENERAL'!D29 -> 40845 | I25: 163380 | J25: 0 | K25: =J25*H25 -> 0 | L25: 4 | M25: =L25*H25 -> 163380 | N25: 0 | O25: =N25*H25 -> 0 | P25: 0 | Q25: =P25*H25 -> 0 | R25: =P25+N25+L25+J25 -> 4 | S25: =Q25+O25+M25+K25 -> 163380 | U25: =+J25/G25 -> 0 | V25: =+L25/G25 -> 1 | W25: =+N25/G25 -> 0 | X25: =+P25/G25 -> 0 | Y25: =+R25/G25 -> 1
E26: 1.2.1.4. | F26: Trans. VHF-UHF Portatil hand held 10 w con capacidad de video. | G26: 152 | H26: ='TABLA GENERAL'!D30 -> 16636 | I26: 2528672 | J26: 13 | K26: =J26*H26 -> 216268 | L26: 0 | M26: =L26*H26 -> 0 | N26: 0 | O26: =N26*H26 -> 0 | P26: 0 | Q26: =P26*H26 -> 0 | R26: =P26+N26+L26+J26 -> 13 | S26: =Q26+O26+M26+K26 -> 216268 | U26: =+J26/G26 -> 0.085526316 | V26: =+L26/G26 -> 0 | W26: =+N26/G26 -> 0 | X26: =+P26/G26 -> 0 | Y26: =+R26/G26 -> 0.085526316
D27: 1.2.2. VIDEO TÁCTICO | E27: 1.2.2.1. | F27: Procesador de video táctico con batería x2. | G27: 10 | H27: ='TABLA GENERAL'!D32 -> 5231 | I27: 52310 | J27: 10 | K27: =J27*H27 -> 52310 | L27: 0 | M27: =L27*H27 -> 0 | N27: 0 | O27: =N27*H27 -> 0 | P27: 0 | Q27: =P27*H27 -> 0 | R27: =P27+N27+L27+J27 -> 10 | S27: =Q27+O27+M27+K27 -> 52310 | U27: =+J27/G27 -> 1 | V27: =+L27/G27 -> 0 | W27: =+N27/G27 -> 0 | X27: =+P27/G27 -> 0 | Y27: =+R27/G27 -> 1
E28: 1.2.2.2. | F28: Software de video táctico. | G28: 13 | H28: ='TABLA GENERAL'!D33 -> 3641 | I28: 47333 | J28: 3 | K28: =J28*H28 -> 10923 | L28: 0 | M28: =L28*H28 -> 0 | N28: 0 | O28: =N28*H28 -> 0 | P28: 0 | Q28: =P28*H28 -> 0 | R28: =P28+N28+L28+J28 -> 3 | S28: =Q28+O28+M28+K28 -> 10923 | U28: =+J28/G28 -> 0.23076923 | V28: =+L28/G28 -> 0 | W28: =+N28/G28 -> 0 | X28: =+P28/G28 -> 0 | Y28: =+R28/G28 -> 0.23076923
D29: 1.2.3. TRANSCEPTOR HF | E29: 1.2.3.1. | F29: HF vehicular 150w. | G29: 2 | H29: 123893 | I29: 247786 | J29: 1 | K29: =J29*H29 -> 123893 | L29: 0 | M29: =L29*H29 -> 0 | N29: 0 | O29: =N29*H29 -> 0 | P29: 0 | Q29: =P29*H29 -> 0 | R29: =P29+N29+L29+J29 -> 1 | S29: =Q29+O29+M29+K29 -> 123893 | U29: =+J29/G29 -> 0.5 | V29: =+L29/G29 -> 0 | W29: =+N29/G29 -> 0 | X29: =+P29/G29 -> 0 | Y29: =+R29/G29 -> 0.5
E30: 1.2.3.2. | F30: Hf manpack. | G30: 10 | H30: ='TABLA GENERAL'!D36 -> 57181 | I30: 571810 | J30: 5 | K30: =J30*H30 -> 285905 | L30: 0 | M30: =L30*H30 -> 0 | N30: 0 | O30: =N30*H30 -> 0 | P30: 0 | Q30: =P30*H30 -> 0 | R30: =P30+N30+L30+J30 -> 5 | S30: =Q30+O30+M30+K30 -> 285905 | U30: =+J30/G30 -> 0.5 | V30: =+L30/G30 -> 0 | W30: =+N30/G30 -> 0 | X30: =+P30/G30 -> 0 | Y30: =+R30/G30 -> 0.5
D31: 1.2.4. SATCOM | E31: 1.2.4.1 | F31: Terminal transportable ku/x. | G31: 2 | H31: ='TABLA GENERAL'!D39 -> 29368 | I31: 58736 | J31: 1 | K31: =J31*H31 -> 29368 | L31: 0 | M31: =L31*H31 -> 0 | N31: 0 | O31: =N31*H31 -> 0 | P31: 0 | Q31: =P31*H31 -> 0 | R31: =P31+N31+L31+J31 -> 1 | S31: =Q31+O31+M31+K31 -> 29368 | U31: =+J31/G31 -> 0.5 | V31: =+L31/G31 -> 0 | W31: =+N31/G31 -> 0 | X31: =+P31/G31 -> 0 | Y31: =+R31/G31 -> 0.5
E32: 1.2.4.2 | F32: Terminal portátil ku/x. | G32: 1 | H32: ='TABLA GENERAL'!D40 -> 26082 | I32: 26082 | J32: 1 | K32: =J32*H32 -> 26082 | L32: 0 | M32: =L32*H32 -> 0 | N32: 0 | O32: =N32*H32 -> 0 | P32: 0 | Q32: =P32*H32 -> 0 | R32: =P32+N32+L32+J32 -> 1 | S32: =Q32+O32+M32+K32 -> 26082 | U32: =+J32/G32 -> 1 | V32: =+L32/G32 -> 0 | W32: =+N32/G32 -> 0 | X32: =+P32/G32 -> 0 | Y32: =+R32/G32 -> 1
E33: 1.2.4.3. | F33: Terminal portátil militar data fonÍa. | G33: 10 | H33: ='TABLA GENERAL'!D41 -> 44012 | I33: 440120 | J33: 1 | K33: =J33*H33 -> 44012 | L33: 2 | M33: =L33*H33 -> 88024 | N33: 0 | O33: =N33*H33 -> 0 | P33: 0 | Q33: =P33*H33 -> 0 | R33: =P33+N33+L33+J33 -> 3 | S33: =Q33+O33+M33+K33 -> 132036 | U33: =+J33/G33 -> 0.1 | V33: =+L33/G33 -> 0.2 | W33: =+N33/G33 -> 0 | X33: =+P33/G33 -> 0 | Y33: =+R33/G33 -> 0.3
C34: 1.3. INTEGRACIÓN E ILS | E34: 1.3.1. | F34: Servidor raqueable. | G34: 2 | H34: ='TABLA GENERAL'!D42 -> 25629 | I34: 51258 | J34: 0 | K34: =J34*H34 -> 0 | L34: 1 | M34: =L34*H34 -> 25629 | N34: 0 | O34: =N34*H34 -> 0 | P34: 0 | Q34: =P34*H34 -> 0 | R34: =P34+N34+L34+J34 -> 1 | S34: =Q34+O34+M34+K34 -> 25629 | U34: =+J34/G34 -> 0 | V34: =+L34/G34 -> 0.5 | W34: =+N34/G34 -> 0 | X34: =+P34/G34 -> 0 | Y34: =+R34/G34 -> 0.5
E35: 1.3.2. | F35: Splitter gps. | G35: 3 | H35: ='TABLA GENERAL'!D45 -> 2744 | I35: 8232 | J35: 1 | K35: =J35*H35 -> 2744 | L35: 0 | M35: =L35*H35 -> 0 | N35: 0 | O35: =N35*H35 -> 0 | P35: 0 | Q35: =P35*H35 -> 0 | R35: =P35+N35+L35+J35 -> 1 | S35: =Q35+O35+M35+K35 -> 2744 | U35: =+J35/G35 -> 0.33333333 | V35: =+L35/G35 -> 0 | W35: =+N35/G35 -> 0 | X35: =+P35/G35 -> 0 | Y35: =+R35/G35 -> 0.33333333
E36: 1.3.3. | F36: Sistema de explotación de audio remoto. | G36: 2 | H36: ='TABLA GENERAL'!D46 -> 71054 | I36: 142108 | J36: 0 | K36: =J36*H36 -> 0 | L36: 1 | M36: =L36*H36 -> 71054 | N36: 0 | O36: =N36*H36 -> 0 | P36: 0 | Q36: =P36*H36 -> 0 | R36: =P36+N36+L36+J36 -> 1 | S36: =Q36+O36+M36+K36 -> 71054 | U36: =+J36/G36 -> 0 | V36: =+L36/G36 -> 0.5 | W36: =+N36/G36 -> 0 | X36: =+P36/G36 -> 0 | Y36: =+R36/G36 -> 0.5
E37: 1.3.4. | F37: Integrador automático redes dos vías y públicas | G37: 2 | H37: ='TABLA GENERAL'!D47 -> 80516 | I37: 161032 | J37: 0 | K37: =J37*H37 -> 0 | L37: 1 | M37: =L37*H37 -> 80516 | N37: 0 | O37: =N37*H37 -> 0 | P37: 0 | Q37: =P37*H37 -> 0 | R37: =P37+N37+L37+J37 -> 1 | S37: =Q37+O37+M37+K37 -> 80516 | U37: =+J37/G37 -> 0 | V37: =+L37/G37 -> 0.5 | W37: =+N37/G37 -> 0 | X37: =+P37/G37 -> 0 | Y37: =+R37/G37 -> 0.5
E38: 1.3.5. | F38: Integración C4I e ILS. | G38: 1 | H38: ='TABLA GENERAL'!D48 -> 670956 | I38: 670956 | J38: =0.25+0.1 -> 0.35 | K38: =J38*H38 -> 234834.6 | L38: 0.3 | M38: =L38*H38 -> 201286.8 | N38: 0.2 | O38: =N38*H38 -> 134191.2 | P38: 0.15 | Q38: =P38*H38 -> 100643.4 | R38: =P38+N38+L38+J38 -> 1 | S38: =Q38+O38+M38+K38 -> 670956 | U38: =+J38/G38 -> 0.35 | V38: =+L38/G38 -> 0.3 | W38: =+N38/G38 -> 0.2 | X38: =+P38/G38 -> 0.15 | Y38: =+R38/G38 -> 1
F39: TOTAL C4I | I39: =SUM(I5:I38) -> 7274066 | K39: =SUM(K5:K38) -> 1712801.6 | M39: =SUM(M5:M38) -> 1606524.8 | O39: =SUM(O5:O38) -> 134191.2 | Q39: =SUM(Q5:Q38) -> 100643.4 | S39: =Q39+O39+M39+K39 -> 3554161 | T39: =Q39+O39+M39+K39 -> 3554161 | U39: =AVERAGE(U5:U38) -> 0.34789575 | V39: =AVERAGE(V5:V38) -> 0.25932115 | W39: =AVERAGE(W5:W38) -> 0.0058823529 | X39: =AVERAGE(X5:X38) -> 0.0044117647 | Y39: =AVERAGE(Y5:Y38) -> 0.61751102
U40: =+K39/I39 -> 0.23546688 | V40: =+M39/I39 -> 0.22085651 | W40: =+O39/I39 -> 0.018447894 | X40: =+Q39/I39 -> 0.013835921 | Y40: =+S39/I39 -> 0.4886072
F42: Equipamiento Militar | R42: FASE 1 Y 2 | Y42: FASE 1 Y 2
A43: CAPACIDAD | B43: 2.0. Equipamiento Militar | F43: EQUIPAMIENTO | G43: BRECHA cantidad | H43: VALOR UNITARIO | I43: VALOR TOTAL (USD) | J43: 2021 | K43: VALOR TOTAL | L43: 2022 | M43: VALOR TOTAL | N43: 2023 | O43: VALOR TOTAL | P43: 2025 | Q43: VALOR TOTAL | R43: CANTIDADES TOTALES FASE 1 Y 2 | S43: VALORES TOTALES FASE 1 Y 2 | U43: 2021 | V43: 2022 | W43: 2023 | X43: 2025 | Y43: CANTIDADES TOTALES FASE 1 Y 2
C44: 2.1. EQUIPAMIENTO INDIVIDUAL FUERZAS ESPECIALES | E44: 2.1.1. | F44: Supresor de ruido de fusil de asalto calibre 5,56 (solo para 6 unidades). | G44: 42 | H44: ='TABLA GENERAL'!D56 -> 739 | I44: =G44*H44 -> 31038 | J44: 0 | K44: =J44*H44 -> 0 | L44: 0 | M44: =L44*H44 -> 0 | N44: 14 | O44: =N44*H44 -> 10346 | P44: 14 | Q44: =P44*H44 -> 10346 | R44: =P44+N44+L44+J44 -> 28 | S44: =Q44+O44+M44+K44 -> 20692 | U44: =+J44/G44 -> 0 | V44: =+L44/G44 -> 0 | W44: =+N44/G44 -> 0.33333333 | X44: =+P44/G44 -> 0.33333333 | Y44: =+R44/G44 -> 0.66666667
E45: 2.1.2. | F45: Designador IR. | G45: 84 | H45: ='TABLA GENERAL'!D57 -> 2300 | I45: =G45*H45 -> 193200 | J45: 12 | K45: =J45*H45 -> 27600 | L45: 12 | M45: =L45*H45 -> 27600 | N45: 12 | O45: =N45*H45 -> 27600 | P45: 12 | Q45: =P45*H45 -> 27600 | R45: =P45+N45+L45+J45 -> 48 | S45: =Q45+O45+M45+K45 -> 110400 | U45: =+J45/G45 -> 0.14285714 | V45: =+L45/G45 -> 0.14285714 | W45: =+N45/G45 -> 0.14285714 | X45: =+P45/G45 -> 0.14285714 | Y45: =+R45/G45 -> 0.57142857
E46: 2.1.3. | F46: Mira holográfica híbrida (inc. Mira óptica). | G46: 125 | H46: ='TABLA GENERAL'!D58 -> 1690 | I46: =G46*H46 -> 211250 | J46: 14 | K46: =J46*H46 -> 23660 | L46: 12 | M46: =L46*H46 -> 20280 | N46: 12 | O46: =N46*H46 -> 20280 | P46: 10 | Q46: =P46*H46 -> 16900 | R46: =P46+N46+L46+J46 -> 48 | S46: =Q46+O46+M46+K46 -> 81120 | U46: =+J46/G46 -> 0.112 | V46: =+L46/G46 -> 0.096 | W46: =+N46/G46 -> 0.096 | X46: =+P46/G46 -> 0.08 | Y46: =+R46/G46 -> 0.384
E47: 2.1.4. | F47: Visor nocturno binocular. | G47: 140 | H47: ='TABLA GENERAL'!D59 -> 13300 | I47: =G47*H47 -> 1862000 | J47: 12 | K47: =J47*H47 -> 159600 | L47: 12 | M47: =L47*H47 -> 159600 | N47: 12 | O47: =N47*H47 -> 159600 | P47: 24 | Q47: =P47*H47 -> 319200 | R47: =P47+N47+L47+J47 -> 60 | S47: =Q47+O47+M47+K47 -> 798000 | U47: =+J47/G47 -> 0.085714286 | V47: =+L47/G47 -> 0.085714286 | W47: =+N47/G47 -> 0.085714286 | X47: =+P47/G47 -> 0.17142857 | Y47: =+R47/G47 -> 0.42857143
E48: 2.1.5. | F48: Tenida anti IR Fibro Tex (4 por unidad de FF.EE.). | G48: 42 | H48: ='TABLA GENERAL'!D60 -> 314 | I48: =G48*H48 -> 13188 | J48: 0 | K48: =J48*H48 -> 0 | L48: 0 | M48: =L48*H48 -> 0 | N48: 0 | O48: =N48*H48 -> 0 | P48: 14 | Q48: =P48*H48 -> 4396 | R48: =P48+N48+L48+J48 -> 14 | S48: =Q48+O48+M48+K48 -> 4396 | U48: =+J48/G48 -> 0 | V48: =+L48/G48 -> 0 | W48: =+N48/G48 -> 0 | X48: =+P48/G48 -> 0.33333333 | Y48: =+R48/G48 -> 0.33333333
E49: 2.1.6. | F49: Brújula militar tipo M1 (4 por Unidad). | G49: 70 | H49: ='TABLA GENERAL'!D61 -> 139.67 | I49: =G49*H49 -> 9776.9 | J49: 0 | K49: =J49*H49 -> 0 | L49: 0 | M49: =L49*H49 -> 0 | N49: 0 | O49: =N49*H49 -> 0 | P49: 10 | Q49: =P49*H49 -> 1396.7 | R49: =P49+N49+L49+J49 -> 10 | S49: =Q49+O49+M49+K49 -> 1396.7 | U49: =+J49/G49 -> 0 | V49: =+L49/G49 -> 0 | W49: =+N49/G49 -> 0 | X49: =+P49/G49 -> 0.14285714 | Y49: =+R49/G49 -> 0.14285714
E50: 2.1.7. | F50: Carpa bipersonal (6 por Unidad de FF.EE. mas PPMM y PALE). | G50: 165 | H50: ='TABLA GENERAL'!D62 -> 315 | I50: =G50*H50 -> 51975 | J50: 0 | K50: =J50*H50 -> 0 | L50: 0 | M50: =L50*H50 -> 0 | N50: 0 | O50: =N50*H50 -> 0 | P50: 56 | Q50: =P50*H50 -> 17640 | R50: =P50+N50+L50+J50 -> 56 | S50: =Q50+O50+M50+K50 -> 17640 | U50: =+J50/G50 -> 0 | V50: =+L50/G50 -> 0 | W50: =+N50/G50 -> 0 | X50: =+P50/G50 -> 0.33939394 | Y50: =+R50/G50 -> 0.33939394
E51: 2.1.8. | F51: GPS (cuatro por Unidad más 2 x PPMM y 2 x PALE). | G51: 6 | H51: ='TABLA GENERAL'!D63 -> 250 | I51: =G51*H51 -> 1500 | J51: 0 | K51: =J51*H51 -> 0 | L51: 0 | M51: =L51*H51 -> 0 | N51: 0 | O51: =N51*H51 -> 0 | P51: 6 | Q51: =P51*H51 -> 1500 | R51: =P51+N51+L51+J51 -> 6 | S51: =Q51+O51+M51+K51 -> 1500 | U51: =+J51/G51 -> 0 | V51: =+L51/G51 -> 0 | W51: =+N51/G51 -> 0 | X51: =+P51/G51 -> 1 | Y51: =+R51/G51 -> 1
E52: 2.1.9. | F52: Porta fajas de 100 tiros cal 5,56. | G52: 4 | H52: ='TABLA GENERAL'!D66 -> 34 | I52: =G52*H52 -> 136 | J52: 0 | K52: =J52*H52 -> 0 | L52: 0 | M52: =L52*H52 -> 0 | N52: 0 | O52: =N52*H52 -> 0 | P52: 4 | Q52: =P52*H52 -> 136 | R52: =P52+N52+L52+J52 -> 4 | S52: =Q52+O52+M52+K52 -> 136 | U52: =+J52/G52 -> 0 | V52: =+L52/G52 -> 0 | W52: =+N52/G52 -> 0 | X52: =+P52/G52 -> 1 | Y52: =+R52/G52 -> 1
E53: 2.1.10. | F53: Mira óptica 1-6x retículo cal 7,62 mm (1 por Unidad de FF.EE.). | G53: 10 | H53: ='TABLA GENERAL'!D67 -> 2800 | I53: =G53*H53 -> 28000 | J53: 0 | K53: =J53*H53 -> 0 | L53: 0 | M53: =L53*H53 -> 0 | N53: 0 | O53: =N53*H53 -> 0 | P53: 8 | Q53: =P53*H53 -> 22400 | R53: =P53+N53+L53+J53 -> 8 | S53: =Q53+O53+M53+K53 -> 22400 | U53: =+J53/G53 -> 0 | V53: =+L53/G53 -> 0 | W53: =+N53/G53 -> 0 | X53: =+P53/G53 -> 0.8 | Y53: =+R53/G53 -> 0.8
E54: 2.1.11. | F54: kit repuestos ametralladora. | G54: 20 | H54: ='TABLA GENERAL'!D68 -> 2500 | I54: =G54*H54 -> 50000 | J54: 0 | K54: =J54*H54 -> 0 | L54: 0 | M54: =L54*H54 -> 0 | N54: 0 | O54: =N54*H54 -> 0 | P54: 8 | Q54: =P54*H54 -> 20000 | R54: =P54+N54+L54+J54 -> 8 | S54: =Q54+O54+M54+K54 -> 20000 | U54: =+J54/G54 -> 0 | V54: =+L54/G54 -> 0 | W54: =+N54/G54 -> 0 | X54: =+P54/G54 -> 0.4 | Y54: =+R54/G54 -> 0.4
E55: 2.1.12. | F55: Kit para simunition ( 4 unidades). | G55: 56 | H55: ='TABLA GENERAL'!D69 -> 712 | I55: =G55*H55 -> 39872 | J55: 12 | K55: =J55*H55 -> 8544 | L55: 0 | M55: =L55*H55 -> 0 | N55: 0 | O55: =N55*H55 -> 0 | P55: 42 | Q55: =P55*H55 -> 29904 | R55: =P55+N55+L55+J55 -> 54 | S55: =Q55+O55+M55+K55 -> 38448 | U55: =+J55/G55 -> 0.21428571 | V55: =+L55/G55 -> 0 | W55: =+N55/G55 -> 0 | X55: =+P55/G55 -> 0.75 | Y55: =+R55/G55 -> 0.96428571
E56: 2.1.13. | F56: Visor nocturno 4 tubos (Tipo GPNVG-18) (para 2 unidades). | G56: 28 | H56: ='TABLA GENERAL'!D70 -> 52896 | I56: =G56*H56 -> 1481088 | J56: 0 | K56: =J56*H56 -> 0 | L56: 0 | M56: =L56*H56 -> 0 | N56: 0 | O56: =N56*H56 -> 0 | P56: 0 | Q56: =P56*H56 -> 0 | R56: =P56+N56+L56+J56 -> 0 | S56: =Q56+O56+M56+K56 -> 0 | U56: =+J56/G56 -> 0 | V56: =+L56/G56 -> 0 | W56: =+N56/G56 -> 0 | X56: =+P56/G56 -> 0 | Y56: =+R56/G56 -> 0
C57: 2.2. EQUIPO ESPECIAL FUERZAS ESPECIALES | E57: 2.2.1. | F57: KIT de brechado mecánico. (para 2 unidades). | G57: 10 | H57: ='TABLA GENERAL'!D71 -> 2156 | I57: =G57*H57 -> 21560 | J57: 0 | K57: =J57*H57 -> 0 | L57: 0 | M57: =L57*H57 -> 0 | N57: 0 | O57: =N57*H57 -> 0 | P57: 2 | Q57: =P57*H57 -> 4312 | R57: =P57+N57+L57+J57 -> 2 | S57: =Q57+O57+M57+K57 -> 4312 | U57: =+J57/G57 -> 0 | V57: =+L57/G57 -> 0 | W57: =+N57/G57 -> 0 | X57: =+P57/G57 -> 0.2 | Y57: =+R57/G57 -> 0.2
E58: 2.2.2. | F58: Raquetas de marcha para nieve talón flexible. | G58: 26 | H58: ='TABLA GENERAL'!D72 -> 340.34 | I58: =G58*H58 -> 8848.84 | J58: 0 | K58: =J58*H58 -> 0 | L58: 0 | M58: =L58*H58 -> 0 | N58: 0 | O58: =N58*H58 -> 0 | P58: 14 | Q58: =P58*H58 -> 4764.76 | R58: =P58+N58+L58+J58 -> 14 | S58: =Q58+O58+M58+K58 -> 4764.76 | U58: =+J58/G58 -> 0 | V58: =+L58/G58 -> 0 | W58: =+N58/G58 -> 0 | X58: =+P58/G58 -> 0.53846154 | Y58: =+R58/G58 -> 0.53846154
E59: 2.2.3. | F59: Polainas para marcha. | G59: 56 | H59: ='TABLA GENERAL'!D73 -> 119.36 | I59: =G59*H59 -> 6684.16 | J59: 0 | K59: =J59*H59 -> 0 | L59: 0 | M59: =L59*H59 -> 0 | N59: 0 | O59: =N59*H59 -> 0 | P59: 28 | Q59: =P59*H59 -> 3342.08 | R59: =P59+N59+L59+J59 -> 28 | S59: =Q59+O59+M59+K59 -> 3342.08 | U59: =+J59/G59 -> 0 | V59: =+L59/G59 -> 0 | W59: =+N59/G59 -> 0 | X59: =+P59/G59 -> 0.5 | Y59: =+R59/G59 -> 0.5
E60: 2.2.4. | F60: Guante para clima frío. | G60: 8 | H60: ='TABLA GENERAL'!D74 -> 35.51 | I60: =G60*H60 -> 284.08 | J60: 0 | K60: =J60*H60 -> 0 | L60: 0 | M60: =L60*H60 -> 0 | N60: 0 | O60: =N60*H60 -> 0 | P60: 8 | Q60: =P60*H60 -> 284.08 | R60: =P60+N60+L60+J60 -> 8 | S60: =Q60+O60+M60+K60 -> 284.08 | U60: =+J60/G60 -> 0 | V60: =+L60/G60 -> 0 | W60: =+N60/G60 -> 0 | X60: =+P60/G60 -> 1 | Y60: =+R60/G60 -> 1
E61: 2.2.5. | F61: Bota de marcha para clima frío. | G61: 24 | H61: ='TABLA GENERAL'!D75 -> 313 | I61: =G61*H61 -> 7512 | J61: 0 | K61: =J61*H61 -> 0 | L61: 0 | M61: =L61*H61 -> 0 | N61: 0 | O61: =N61*H61 -> 0 | P61: 14 | Q61: =P61*H61 -> 4382 | R61: =P61+N61+L61+J61 -> 14 | S61: =Q61+O61+M61+K61 -> 4382 | U61: =+J61/G61 -> 0 | V61: =+L61/G61 -> 0 | W61: =+N61/G61 -> 0 | X61: =+P61/G61 -> 0.58333333 | Y61: =+R61/G61 -> 0.58333333
E62: 2.2.6. | F62: Parka y pantalón Gore-Tex. | G62: 24 | H62: ='TABLA GENERAL'!D76 -> 198.21 | I62: =G62*H62 -> 4757.04 | J62: 0 | K62: =J62*H62 -> 0 | L62: 0 | M62: =L62*H62 -> 0 | N62: 0 | O62: =N62*H62 -> 0 | P62: 14 | Q62: =P62*H62 -> 2774.94 | R62: =P62+N62+L62+J62 -> 14 | S62: =Q62+O62+M62+K62 -> 2774.94 | U62: =+J62/G62 -> 0 | V62: =+L62/G62 -> 0 | W62: =+N62/G62 -> 0 | X62: =+P62/G62 -> 0.58333333 | Y62: =+R62/G62 -> 0.58333333
E63: 2.2.7. | F63: Carpa alta montaña. (para dos personas) | G63: 28 | H63: ='TABLA GENERAL'!D77 -> 660.47 | I63: =G63*H63 -> 18493.16 | J63: 0 | K63: =J63*H63 -> 0 | L63: 0 | M63: =L63*H63 -> 0 | N63: 0 | O63: =N63*H63 -> 0 | P63: 14 | Q63: =P63*H63 -> 9246.58 | R63: =P63+N63+L63+J63 -> 14 | S63: =Q63+O63+M63+K63 -> 9246.58 | U63: =+J63/G63 -> 0 | V63: =+L63/G63 -> 0 | W63: =+N63/G63 -> 0 | X63: =+P63/G63 -> 0.5 | Y63: =+R63/G63 -> 0.5
E64: 2.2.8. | F64: Balaclava. | G64: 56 | H64: ='TABLA GENERAL'!D78 -> 27.57 | I64: =G64*H64 -> 1543.92 | J64: 0 | K64: =J64*H64 -> 0 | L64: 0 | M64: =L64*H64 -> 0 | N64: 0 | O64: =N64*H64 -> 0 | P64: 28 | Q64: =P64*H64 -> 771.96 | R64: =P64+N64+L64+J64 -> 28 | S64: =Q64+O64+M64+K64 -> 771.96 | U64: =+J64/G64 -> 0 | V64: =+L64/G64 -> 0 | W64: =+N64/G64 -> 0 | X64: =+P64/G64 -> 0.5 | Y64: =+R64/G64 -> 0.5
E65: 2.2.9. | F65: Cuerdas estáticas (50 mts). | G65: 12 | H65: ='TABLA GENERAL'!D79 -> 153.30308 | I65: =G65*H65 -> 1839.6369 | J65: 0 | K65: =J65*H65 -> 0 | L65: 0 | M65: =L65*H65 -> 0 | N65: 0 | O65: =N65*H65 -> 0 | P65: 10 | Q65: =P65*H65 -> 1533.0308 | R65: =P65+N65+L65+J65 -> 10 | S65: =Q65+O65+M65+K65 -> 1533.0308 | U65: =+J65/G65 -> 0 | V65: =+L65/G65 -> 0 | W65: =+N65/G65 -> 0 | X65: =+P65/G65 -> 0.83333333 | Y65: =+R65/G65 -> 0.83333333
E66: 2.2.10. | F66: Cuerdas dinámicas (50 mts). | G66: 8 | H66: ='TABLA GENERAL'!D80 -> 153.30308 | I66: =G66*H66 -> 1226.4246 | J66: 0 | K66: =J66*H66 -> 0 | L66: 0 | M66: =L66*H66 -> 0 | N66: 0 | O66: =N66*H66 -> 0 | P66: 8 | Q66: =P66*H66 -> 1226.4246 | R66: =P66+N66+L66+J66 -> 8 | S66: =Q66+O66+M66+K66 -> 1226.4246 | U66: =+J66/G66 -> 0 | V66: =+L66/G66 -> 0 | W66: =+N66/G66 -> 0 | X66: =+P66/G66 -> 1 | Y66: =+R66/G66 -> 1
E67: 2.2.11. | F67: Camilla de rescate de altura. | G67: 4 | H67: ='TABLA GENERAL'!D81 -> 3218 | I67: =G67*H67 -> 12872 | J67: 0 | K67: =J67*H67 -> 0 | L67: 0 | M67: =L67*H67 -> 0 | N67: 0 | O67: =N67*H67 -> 0 | P67: 2 | Q67: =P67*H67 -> 6436 | R67: =P67+N67+L67+J67 -> 2 | S67: =Q67+O67+M67+K67 -> 6436 | U67: =+J67/G67 -> 0 | V67: =+L67/G67 -> 0 | W67: =+N67/G67 -> 0 | X67: =+P67/G67 -> 0.5 | Y67: =+R67/G67 -> 0.5
E68: 2.2.12. | F68: Pala para nieve. | G68: 56 | H68: ='TABLA GENERAL'!D82 -> 64.36 | I68: =G68*H68 -> 3604.16 | J68: 0 | K68: =J68*H68 -> 0 | L68: 0 | M68: =L68*H68 -> 0 | N68: 0 | O68: =N68*H68 -> 0 | P68: 28 | Q68: =P68*H68 -> 1802.08 | R68: =P68+N68+L68+J68 -> 28 | S68: =Q68+O68+M68+K68 -> 1802.08 | U68: =+J68/G68 -> 0 | V68: =+L68/G68 -> 0 | W68: =+N68/G68 -> 0 | X68: =+P68/G68 -> 0.5 | Y68: =+R68/G68 -> 0.5
E69: 2.2.13. | F69: Cordín (50 mts). | G69: 320 | H69: ='TABLA GENERAL'!D85 -> 153.30308 | I69: =G69*H69 -> 49056.985 | J69: 0 | K69: =J69*H69 -> 0 | L69: 0 | M69: =L69*H69 -> 0 | N69: 0 | O69: =N69*H69 -> 0 | P69: 28 | Q69: =P69*H69 -> 4292.4862 | R69: =P69+N69+L69+J69 -> 28 | S69: =Q69+O69+M69+K69 -> 4292.4862 | U69: =+J69/G69 -> 0 | V69: =+L69/G69 -> 0 | W69: =+N69/G69 -> 0 | X69: =+P69/G69 -> 0.0875 | Y69: =+R69/G69 -> 0.0875
E70: 2.2.14. | F70: Pantalón de abrigo 1ra. Capa. | G70: 56 | H70: ='TABLA GENERAL'!D86 -> 12.99 | I70: =G70*H70 -> 727.44 | J70: 0 | K70: =J70*H70 -> 0 | L70: 0 | M70: =L70*H70 -> 0 | N70: 0 | O70: =N70*H70 -> 0 | P70: 28 | Q70: =P70*H70 -> 363.72 | R70: =P70+N70+L70+J70 -> 28 | S70: =Q70+O70+M70+K70 -> 363.72 | U70: =+J70/G70 -> 0 | V70: =+L70/G70 -> 0 | W70: =+N70/G70 -> 0 | X70: =+P70/G70 -> 0.5 | Y70: =+R70/G70 -> 0.5
E71: 2.2.15. | F71: Camisa manga larga 1ra. Capa. | G71: 56 | H71: ='TABLA GENERAL'!D87 -> 10.47 | I71: =G71*H71 -> 586.32 | J71: 0 | K71: =J71*H71 -> 0 | L71: 0 | M71: =L71*H71 -> 0 | N71: 0 | O71: =N71*H71 -> 0 | P71: 28 | Q71: =P71*H71 -> 293.16 | R71: =P71+N71+L71+J71 -> 28 | S71: =Q71+O71+M71+K71 -> 293.16 | U71: =+J71/G71 -> 0 | V71: =+L71/G71 -> 0 | W71: =+N71/G71 -> 0 | X71: =+P71/G71 -> 0.5 | Y71: =+R71/G71 -> 0.5
E72: 2.2.16. | F72: Chaqueta intermedia 2da. Capa. | G72: 56 | H72: ='TABLA GENERAL'!D87 -> 10.47 | I72: =G72*H72 -> 586.32 | J72: 0 | K72: =J72*H72 -> 0 | L72: 0 | M72: =L72*H72 -> 0 | N72: 0 | O72: =N72*H72 -> 0 | P72: 28 | Q72: =P72*H72 -> 293.16 | R72: =P72+N72+L72+J72 -> 28 | S72: =Q72+O72+M72+K72 -> 293.16 | U72: =+J72/G72 -> 0 | V72: =+L72/G72 -> 0 | W72: =+N72/G72 -> 0 | X72: =+P72/G72 -> 0.5 | Y72: =+R72/G72 -> 0.5
E73: 2.2.17. | F73: Arnés simple. | G73: 28 | H73: ='TABLA GENERAL'!D89 -> 89.6 | I73: =G73*H73 -> 2508.8 | J73: 0 | K73: =J73*H73 -> 0 | L73: 0 | M73: =L73*H73 -> 0 | N73: 0 | O73: =N73*H73 -> 0 | P73: 28 | Q73: =P73*H73 -> 2508.8 | R73: =P73+N73+L73+J73 -> 28 | S73: =Q73+O73+M73+K73 -> 2508.8 | U73: =+J73/G73 -> 0 | V73: =+L73/G73 -> 0 | W73: =+N73/G73 -> 0 | X73: =+P73/G73 -> 1 | Y73: =+R73/G73 -> 1
E74: 2.2.18. | F74: Arnés de rescate. | G74: 12 | H74: ='TABLA GENERAL'!D89 -> 89.6 | I74: =G74*H74 -> 1075.2 | J74: 0 | K74: =J74*H74 -> 0 | L74: 0 | M74: =L74*H74 -> 0 | N74: 0 | O74: =N74*H74 -> 0 | P74: 12 | Q74: =P74*H74 -> 1075.2 | R74: =P74+N74+L74+J74 -> 12 | S74: =Q74+O74+M74+K74 -> 1075.2 | U74: =+J74/G74 -> 0 | V74: =+L74/G74 -> 0 | W74: =+N74/G74 -> 0 | X74: =+P74/G74 -> 1 | Y74: =+R74/G74 -> 1
E75: 2.2.19. | F75: Casco de escalada. | G75: 28 | H75: ='TABLA GENERAL'!D91 -> 126.72 | I75: =G75*H75 -> 3548.16 | J75: 0 | K75: =J75*H75 -> 0 | L75: 0 | M75: =L75*H75 -> 0 | N75: 0 | O75: =N75*H75 -> 0 | P75: 28 | Q75: =P75*H75 -> 3548.16 | R75: =P75+N75+L75+J75 -> 28 | S75: =Q75+O75+M75+K75 -> 3548.16 | U75: =+J75/G75 -> 0 | V75: =+L75/G75 -> 0 | W75: =+N75/G75 -> 0 | X75: =+P75/G75 -> 1 | Y75: =+R75/G75 -> 1
E76: 2.2.20. | F76: Botas de doble finalidad. | G76: 28 | H76: ='TABLA GENERAL'!D92 -> 288 | I76: =G76*H76 -> 8064 | J76: 0 | K76: =J76*H76 -> 0 | L76: 0 | M76: =L76*H76 -> 0 | N76: 0 | O76: =N76*H76 -> 0 | P76: 28 | Q76: =P76*H76 -> 8064 | R76: =P76+N76+L76+J76 -> 28 | S76: =Q76+O76+M76+K76 -> 8064 | U76: =+J76/G76 -> 0 | V76: =+L76/G76 -> 0 | W76: =+N76/G76 -> 0 | X76: =+P76/G76 -> 1 | Y76: =+R76/G76 -> 1
E77: 2.2.21. | F77: Placas PIU. | G77: 28 | H77: ='TABLA GENERAL'!D93 -> 14 | I77: =G77*H77 -> 392 | J77: 0 | K77: =J77*H77 -> 0 | L77: 0 | M77: =L77*H77 -> 0 | N77: 0 | O77: =N77*H77 -> 0 | P77: 28 | Q77: =P77*H77 -> 392 | R77: =P77+N77+L77+J77 -> 28 | S77: =Q77+O77+M77+K77 -> 392 | U77: =+J77/G77 -> 0 | V77: =+L77/G77 -> 0 | W77: =+N77/G77 -> 0 | X77: =+P77/G77 -> 1 | Y77: =+R77/G77 -> 1
E78: 2.2.22. | F78: Descensor en 8. | G78: 28 | H78: ='TABLA GENERAL'!D94 -> 23.93 | I78: =G78*H78 -> 670.04 | J78: 0 | K78: =J78*H78 -> 0 | L78: 0 | M78: =L78*H78 -> 0 | N78: 0 | O78: =N78*H78 -> 0 | P78: 28 | Q78: =P78*H78 -> 670.04 | R78: =P78+N78+L78+J78 -> 28 | S78: =Q78+O78+M78+K78 -> 670.04 | U78: =+J78/G78 -> 0 | V78: =+L78/G78 -> 0 | W78: =+N78/G78 -> 0 | X78: =+P78/G78 -> 1 | Y78: =+R78/G78 -> 1
E79: 2.2.23. | F79: Ascendedor. | G79: 28 | H79: ='TABLA GENERAL'!D95 -> 72.76 | I79: =G79*H79 -> 2037.28 | J79: 0 | K79: =J79*H79 -> 0 | L79: 0 | M79: =L79*H79 -> 0 | N79: 0 | O79: =N79*H79 -> 0 | P79: 28 | Q79: =P79*H79 -> 2037.28 | R79: =P79+N79+L79+J79 -> 28 | S79: =Q79+O79+M79+K79 -> 2037.28 | U79: =+J79/G79 -> 0 | V79: =+L79/G79 -> 0 | W79: =+N79/G79 -> 0 | X79: =+P79/G79 -> 1 | Y79: =+R79/G79 -> 1
E80: 2.2.24. | F80: Descendedor simple. | G80: 28 | H80: ='TABLA GENERAL'!D96 -> 71.32 | I80: =G80*H80 -> 1996.96 | J80: 0 | K80: =J80*H80 -> 0 | L80: 0 | M80: =L80*H80 -> 0 | N80: 0 | O80: =N80*H80 -> 0 | P80: 28 | Q80: =P80*H80 -> 1996.96 | R80: =P80+N80+L80+J80 -> 28 | S80: =Q80+O80+M80+K80 -> 1996.96 | U80: =+J80/G80 -> 0 | V80: =+L80/G80 -> 0 | W80: =+N80/G80 -> 0 | X80: =+P80/G80 -> 1 | Y80: =+R80/G80 -> 1
E81: 2.2.25. | F81: Conjunto Pro Nuts. | G81: 20 | H81: ='TABLA GENERAL'!D97 -> 162 | I81: =G81*H81 -> 3240 | J81: 0 | K81: =J81*H81 -> 0 | L81: 0 | M81: =L81*H81 -> 0 | N81: 0 | O81: =N81*H81 -> 0 | P81: 10 | Q81: =P81*H81 -> 1620 | R81: =P81+N81+L81+J81 -> 10 | S81: =Q81+O81+M81+K81 -> 1620 | U81: =+J81/G81 -> 0 | V81: =+L81/G81 -> 0 | W81: =+N81/G81 -> 0 | X81: =+P81/G81 -> 0.5 | Y81: =+R81/G81 -> 0.5
E82: 2.2.26. | F82: Pack 5 Orbit. | G82: 28 | H82: ='TABLA GENERAL'!D98 -> 94 | I82: =G82*H82 -> 2632 | J82: 0 | K82: =J82*H82 -> 0 | L82: 0 | M82: =L82*H82 -> 0 | N82: 0 | O82: =N82*H82 -> 0 | P82: 28 | Q82: =P82*H82 -> 2632 | R82: =P82+N82+L82+J82 -> 28 | S82: =Q82+O82+M82+K82 -> 2632 | U82: =+J82/G82 -> 0 | V82: =+L82/G82 -> 0 | W82: =+N82/G82 -> 0 | X82: =+P82/G82 -> 1 | Y82: =+R82/G82 -> 1
E83: 2.2.27. | F83: Mosquetones con seguro. | G83: 112 | H83: ='TABLA GENERAL'!D99 -> 9 | I83: =G83*H83 -> 1008 | J83: 0 | K83: =J83*H83 -> 0 | L83: 0 | M83: =L83*H83 -> 0 | N83: 0 | O83: =N83*H83 -> 0 | P83: 28 | Q83: =P83*H83 -> 252 | R83: =P83+N83+L83+J83 -> 28 | S83: =Q83+O83+M83+K83 -> 252 | U83: =+J83/G83 -> 0 | V83: =+L83/G83 -> 0 | W83: =+N83/G83 -> 0 | X83: =+P83/G83 -> 0.25 | Y83: =+R83/G83 -> 0.25
E84: 2.2.28. | F84: Mosquetón sin seguro. | G84: 85 | H84: ='TABLA GENERAL'!D100 -> 13.49 | I84: =G84*H84 -> 1146.65 | J84: 0 | K84: =J84*H84 -> 0 | L84: 0 | M84: =L84*H84 -> 0 | N84: 0 | O84: =N84*H84 -> 0 | P84: 14 | Q84: =P84*H84 -> 188.86 | R84: =P84+N84+L84+J84 -> 14 | S84: =Q84+O84+M84+K84 -> 188.86 | U84: =+J84/G84 -> 0 | V84: =+L84/G84 -> 0 | W84: =+N84/G84 -> 0 | X84: =+P84/G84 -> 0.16470588 | Y84: =+R84/G84 -> 0.16470588
E85: 2.2.29. | F85: Poleas TAMDEM. | G85: 20 | H85: ='TABLA GENERAL'!D101 -> 60.12 | I85: =G85*H85 -> 1202.4 | J85: 0 | K85: =J85*H85 -> 0 | L85: 0 | M85: =L85*H85 -> 0 | N85: 0 | O85: =N85*H85 -> 0 | P85: 14 | Q85: =P85*H85 -> 841.68 | R85: =P85+N85+L85+J85 -> 14 | S85: =Q85+O85+M85+K85 -> 841.68 | U85: =+J85/G85 -> 0 | V85: =+L85/G85 -> 0 | W85: =+N85/G85 -> 0 | X85: =+P85/G85 -> 0.7 | Y85: =+R85/G85 -> 0.7
E86: 2.2.30. | F86: Estribos. | G86: 20 | H86: ='TABLA GENERAL'!D102 -> 43.2 | I86: =G86*H86 -> 864 | J86: 0 | K86: =J86*H86 -> 0 | L86: 0 | M86: =L86*H86 -> 0 | N86: 0 | O86: =N86*H86 -> 0 | P86: 14 | Q86: =P86*H86 -> 604.8 | R86: =P86+N86+L86+J86 -> 14 | S86: =Q86+O86+M86+K86 -> 604.8 | U86: =+J86/G86 -> 0 | V86: =+L86/G86 -> 0 | W86: =+N86/G86 -> 0 | X86: =+P86/G86 -> 0.7 | Y86: =+R86/G86 -> 0.7
... E92: 2.2.36. | F92: Tornillos para hielo. | G92: 28 | H92: ='TABLA GENERAL'!D108 -> 48.74 | I92: =G92*H92 -> 1364.72 | J92: 0 | K92: =J92*H92 -> 0 | L92: 0 | M92: =L92*H92 -> 0 | N92: 0 | O92: =N92*H92 -> 0 | P92: 14 | Q92: =P92*H92 -> 682.36 | R92: =P92+N92+L92+J92 -> 14 | S92: =Q92+O92+M92+K92 -> 682.36 | U92: =+J92/G92 -> 0 | V92: =+L92/G92 -> 0 | W92: =+N92/G92 -> 0 | X92: =+P92/G92 -> 0.5 | Y92: =+R92/G92 -> 0.5
A93: Equipamiento Militar | E93: 2.2.37. | F93: Piolet de hielo. | G93: 28 | H93: ='TABLA GENERAL'!D111 -> 243.21 | I93: =G93*H93 -> 6809.88 | J93: 0 | K93: =J93*H93 -> 0 | L93: 0 | M93: =L93*H93 -> 0 | N93: 0 | O93: =N93*H93 -> 0 | P93: 14 | Q93: =P93*H93 -> 3404.94 | R93: =P93+N93+L93+J93 -> 14 | S93: =Q93+O93+M93+K93 -> 3404.94 | U93: =+J93/G93 -> 0 | V93: =+L93/G93 -> 0 | W93: =+N93/G93 -> 0 | X93: =+P93/G93 -> 0.5 | Y93: =+R93/G93 -> 0.5
E94: 2.2.38. | F94: Crampones para hielo. | G94: 28 | H94: ='TABLA GENERAL'!D112 -> 183.74 | I94: =G94*H94 -> 5144.72 | J94: 0 | K94: =J94*H94 -> 0 | L94: 0 | M94: =L94*H94 -> 0 | N94: 0 | O94: =N94*H94 -> 0 | P94: 14 | Q94: =P94*H94 -> 2572.36 | R94: =P94+N94+L94+J94 -> 14 | S94: =Q94+O94+M94+K94 -> 2572.36 | U94: =+J94/G94 -> 0 | V94: =+L94/G94 -> 0 | W94: =+N94/G94 -> 0 | X94: =+P94/G94 -> 0.5 | Y94: =+R94/G94 -> 0.5
E95: 2.2.39. | F95: Cocinillas. | G95: 28 | H95: ='TABLA GENERAL'!D113 -> 144.34 | I95: =G95*H95 -> 4041.52 | J95: 0 | K95: =J95*H95 -> 0 | L95: 0 | M95: =L95*H95 -> 0 | N95: 0 | O95: =N95*H95 -> 0 | P95: 14 | Q95: =P95*H95 -> 2020.76 | R95: =P95+N95+L95+J95 -> 14 | S95: =Q95+O95+M95+K95 -> 2020.76 | U95: =+J95/G95 -> 0 | V95: =+L95/G95 -> 0 | W95: =+N95/G95 -> 0 | X95: =+P95/G95 -> 0.5 | Y95: =+R95/G95 -> 0.5
E96: 2.2.40. | F96: Camilla de rescate personal (dos por Unidad). | G96: 4 | H96: ='TABLA GENERAL'!D114 -> 3218 | I96: =G96*H96 -> 12872 | J96: 0 | K96: =J96*H96 -> 0 | L96: 0 | M96: =L96*H96 -> 0 | N96: 0 | O96: =N96*H96 -> 0 | P96: 4 | Q96: =P96*H96 -> 12872 | R96: =P96+N96+L96+J96 -> 4 | S96: =Q96+O96+M96+K96 -> 12872 | U96: =+J96/G96 -> 0 | V96: =+L96/G96 -> 0 | W96: =+N96/G96 -> 0 | X96: =+P96/G96 -> 1 | Y96: =+R96/G96 -> 1
E97: 2.2.41. | F97: Dispositivo de búsqueda. | G97: 28 | H97: ='TABLA GENERAL'!D115 -> 608.75 | I97: =G97*H97 -> 17045 | J97: 0 | K97: =J97*H97 -> 0 | L97: 0 | M97: =L97*H97 -> 0 | N97: 0 | O97: =N97*H97 -> 0 | P97: 14 | Q97: =P97*H97 -> 8522.5 | R97: =P97+N97+L97+J97 -> 14 | S97: =Q97+O97+M97+K97 -> 8522.5 | U97: =+J97/G97 -> 0 | V97: =+L97/G97 -> 0 | W97: =+N97/G97 -> 0 | X97: =+P97/G97 -> 0.5 | Y97: =+R97/G97 -> 0.5
E98: 2.2.42. | F98: Ski para travesía. | G98: 28 | H98: ='TABLA GENERAL'!D116 -> 954.84 | I98: =G98*H98 -> 26735.52 | J98: 0 | K98: =J98*H98 -> 0 | L98: 0 | M98: =L98*H98 -> 0 | N98: 0 | O98: =N98*H98 -> 0 | P98: 14 | Q98: =P98*H98 -> 13367.76 | R98: =P98+N98+L98+J98 -> 14 | S98: =Q98+O98+M98+K98 -> 13367.76 | U98: =+J98/G98 -> 0 | V98: =+L98/G98 -> 0 | W98: =+N98/G98 -> 0 | X98: =+P98/G98 -> 0.5 | Y98: =+R98/G98 -> 0.5
E99: 2.2.43. | F99: Fijación para ski de travesía. | G99: 28 | H99: ='TABLA GENERAL'!D117 -> 789.12 | I99: =G99*H99 -> 22095.36 | J99: 0 | K99: =J99*H99 -> 0 | L99: 0 | M99: =L99*H99 -> 0 | N99: 0 | O99: =N99*H99 -> 0 | P99: 14 | Q99: =P99*H99 -> 11047.68 | R99: =P99+N99+L99+J99 -> 14 | S99: =Q99+O99+M99+K99 -> 11047.68 | U99: =+J99/G99 -> 0 | V99: =+L99/G99 -> 0 | W99: =+N99/G99 -> 0 | X99: =+P99/G99 -> 0.5 | Y99: =+R99/G99 -> 0.5
E100: 2.2.44. | F100: Bastón para ski. | G100: 28 | H100: ='TABLA GENERAL'!D118 -> 77.3 | I100: =G100*H100 -> 2164.4 | J100: 0 | K100: =J100*H100 -> 0 | L100: 0 | M100: =L100*H100 -> 0 | N100: 0 | O100: =N100*H100 -> 0 | P100: 14 | Q100: =P100*H100 -> 1082.2 | R100: =P100+N100+L100+J100 -> 14 | S100: =Q100+O100+M100+K100 -> 1082.2 | U100: =+J100/G100 -> 0 | V100: =+L100/G100 -> 0 | W100: =+N100/G100 -> 0 | X100: =+P100/G100 -> 0.5 | Y100: =+R100/G100 -> 0.5
E101: 2.2.45. | F101: Pieles de randonee. | G101: 28 | H101: ='TABLA GENERAL'!D119 -> 192.94 | I101: =G101*H101 -> 5402.32 | J101: 0 | K101: =J101*H101 -> 0 | L101: 0 | M101: =L101*H101 -> 0 | N101: 0 | O101: =N101*H101 -> 0 | P101: 14 | Q101: =P101*H101 -> 2701.16 | R101: =P101+N101+L101+J101 -> 14 | S101: =Q101+O101+M101+K101 -> 2701.16 | U101: =+J101/G101 -> 0 | V101: =+L101/G101 -> 0 | W101: =+N101/G101 -> 0 | X101: =+P101/G101 -> 0.5 | Y101: =+R101/G101 -> 0.5
E102: 2.2.46. | F102: Buzo térmico. | G102: 28 | H102: ='TABLA GENERAL'!D120 -> 550 | I102: =G102*H102 -> 15400 | J102: 0 | K102: =J102*H102 -> 0 | L102: 0 | M102: =L102*H102 -> 0 | N102: 0 | O102: =N102*H102 -> 0 | P102: 14 | Q102: =P102*H102 -> 7700 | R102: =P102+N102+L102+J102 -> 14 | S102: =Q102+O102+M102+K102 -> 7700 | U102: =+J102/G102 -> 0 | V102: =+L102/G102 -> 0 | W102: =+N102/G102 -> 0 | X102: =+P102/G102 -> 0.5 | Y102: =+R102/G102 -> 0.5
B103: 2.0. Equipamiento Militar (continuación) | F103: EQUIPAMIENTO | G103: BRECHA cantidad | H103: VALOR UNITARIO | I103: VALOR TOTAL (USD) | J103: 2021 | K103: VALOR TOTAL | L103: 2022 | M103: VALOR TOTAL | N103: 2023 | O103: VALOR TOTAL | P103: 2025 | Q103: VALOR TOTAL | R103: CANTIDADES TOTALES FASE 1 Y 2 | S103: VALORES TOTALES FASE 1 Y 2 | U103: 2021 | V103: 2022 | W103: 2023 | X103: 2025 | Y103: CANTIDADES TOTALES FASE 1 Y 2
C104: 2.3. EQUIPAMIENTO PARACAIDISMO FUERZAS ESPECIALES | D104: 2.3.1. EQUIPAMIENTO PARAIDISMO LIBRE (H.A.H.O. Y H.A.L.O.) | E104: 2.3.1. | F104: Consola de oxígeno colectivo para 8 pd. | G104: 4 | H104: ='TABLA GENERAL'!D121 -> 15700 | I104: =G104*H104 -> 62800 | J104: 0 | K104: =J104*H104 -> 0 | L104: 0 | M104: =L104*H104 -> 0 | N104: 1 | O104: =N104*H104 -> 15700 | P104: 3 | Q104: =P104*H104 -> 47100 | R104: =P104+N104+L104+J104 -> 4 | S104: =Q104+O104+M104+K104 -> 62800 | U104: =+J104/G104 -> 0 | V104: =+L104/G104 -> 0 | W104: =+N104/G104 -> 0.25 | X104: =+P104/G104 -> 0.75 | Y104: =+R104/G104 -> 1
E105: 2.3.2. | F105: Sistema de carga botellas oxígeno personales. | G105: 4 | H105: ='TABLA GENERAL'!D122 -> 45800 | I105: =G105*H105 -> 183200 | J105: 0 | K105: =J105*H105 -> 0 | L105: 0 | M105: =L105*H105 -> 0 | N105: 1 | O105: =N105*H105 -> 45800 | P105: 1 | Q105: =P105*H105 -> 45800 | R105: =P105+N105+L105+J105 -> 2 | S105: =Q105+O105+M105+K105 -> 91600 | U105: =+J105/G105 -> 0 | V105: =+L105/G105 -> 0 | W105: =+N105/G105 -> 0.25 | X105: =+P105/G105 -> 0.25 | Y105: =+R105/G105 -> 0.5
E106: 2.3.3. | F106: Sistema de oxígeno personal. | G106: 28 | H106: ='TABLA GENERAL'!D123 -> 4090 | I106: =G106*H106 -> 114520 | J106: 0 | K106: =J106*H106 -> 0 | L106: 0 | M106: =L106*H106 -> 0 | N106: 9 | O106: =N106*H106 -> 36810 | P106: 10 | Q106: =P106*H106 -> 40900 | R106: =P106+N106+L106+J106 -> 19 | S106: =Q106+O106+M106+K106 -> 77710 | U106: =+J106/G106 -> 0 | V106: =+L106/G106 -> 0 | W106: =+N106/G106 -> 0.32142857 | X106: =+P106/G106 -> 0.35714286 | Y106: =+R106/G106 -> 0.67857143
...

Sheet FASE 1
B1: Comando, Control C4I
J2: FASE 1
J3: FASE 1
A4: CAPACIDAD | F4: EQUIPAMIENTO | G4: BRECHA cantidad | H4: VALOR UNITARIO | I4: VALOR TOTAL (USD) | J4: 2021 | K4: VALOR TOTAL | L4: 2022 | M4: VALOR TOTAL | N4: 2023 | O4: VALOR TOTAL | P4: TOTAL FASE 1 | Q4: VALOR TOTAL
A5: Comando, Control C4I | B5: 1. SISTEMA COMANDO, CONTROL, COMUNICACIONES Y COMPUTACIÓN (C4I) | C5: 1.1. MANDO Y CONTROL | D5: 1.1.1. EQUIPAMIENTO PUESTO DE MANDO | E5: 1.1.1.1. | F5: Carpa inflable 42 mt2 (7X5,6mts), faja unión, puerta exclusa, liner interior. | G5: 2 | H5: ='TABLA GENERAL'!D3 -> 35321 | I5: 70642 | J5: 0 | K5: =J5*H5 -> 0 | L5: 1 | M5: =L5*H5 -> 35321 | N5: 0 | O5: =N5*H5 -> 0 | P5: =+N5+L5+J5 -> 1 | Q5: =+P5*H5 -> 35321
E6: 1.1.1.2. | F6: Redes mimetismo carpa. | G6: 2 | H6: ='TABLA GENERAL'!D4 -> 17579 | I6: 35158 | J6: 0 | K6: =J6*H6 -> 0 | L6: 1 | M6: =L6*H6 -> 17579 | N6: 0 | O6: =N6*H6 -> 0 | P6: =+N6+L6+J6 -> 1 | Q6: =+P6*H6 -> 17579
E7: 1.1.1.3. | F7: Trailer para carpa y accesorios 3,5 ton. | G7: 2 | H7: ='TABLA GENERAL'!D5 -> 24779 | I7: 49558 | J7: 0 | K7: =J7*H7 -> 0 | L7: 1 | M7: =L7*H7 -> 24779 | N7: 0 | O7: =N7*H7 -> 0 | P7: =+N7+L7+J7 -> 1 | Q7: =+P7*H7 -> 24779
E8: 1.1.1.4. | F8: Mobiliario para carpas, sillas, piso. | G8: 2 | H8: ='TABLA GENERAL'!D6 -> 22458 | I8: 44916 | J8: 0 | K8: =J8*H8 -> 0 | L8: 1 | M8: =L8*H8 -> 22458 | N8: 0 | O8: =N8*H8 -> 0 | P8: =+N8+L8+J8 -> 1 | Q8: =+P8*H8 -> 22458
E9: 1.1.1.5. | F9: Sist. Eléctrico, banco baterías, generador 8,5 kva, Iluminación exterior, inst. eléctrica. | G9: 2 | H9: ='TABLA GENERAL'!D7 -> 63048 | I9: 126096 | J9: 0 | K9: =J9*H9 -> 0 | L9: 1 | M9: =L9*H9 -> 63048 | N9: 0 | O9: =N9*H9 -> 0 | P9: =+N9+L9+J9 -> 1 | Q9: =+P9*H9 -> 63048
E10: 1.1.1.6. | F10: Climatización generador eléctrico 22 kva Trifásico, trayler 1,5 ton. | G10: 2 | H10: ='TABLA GENERAL'!D8 -> 81814 | I10: 163628 | J10: 0 | K10: =J10*H10 -> 0 | L10: 1 | M10: =L10*H10 -> 81814 | N10: 0 | O10: =N10*H10 -> 0 | P10: =+N10+L10+J10 -> 1 | Q10: =+P10*H10 -> 81814
E11: 1.1.1.7. | F11: Teléfonos IP. | G11: 16 | H11: ='TABLA GENERAL'!D9 -> 141 | I11: 2256 | J11: 10 | K11: =J11*H11 -> 1410 | L11: 0 | M11: =L11*H11 -> 0 | N11: 0 | O11: =N11*H11 -> 0 | P11: =+N11+L11+J11 -> 10 | Q11: =+P11*H11 -> 1410
E12: 1.1.1.8. | F12: Laptop rugerizado puesto mando. | G12: 16 | H12: ='TABLA GENERAL'!D10 -> 6243 | I12: 99888 | J12: 10 | K12: =J12*H12 -> 62430 | L12: 2 | M12: =L12*H12 -> 12486 | N12: 0 | O12: =N12*H12 -> 0 | P12: =+N12+L12+J12 -> 12 | Q12: =+P12*H12 -> 74916
